Workbook

Sheet Due Date
A1: Due date of FY20 submission
C3: Due date of Unit Report on FY2020 | F3: Due date of BT-Package on FY2020 | H3: Due date of CEO Report on FY2020
H4: [BUS/BEU/KMJ/BCN/BHK/BSA/BAU/BIN]
C5: Reporting Period | D5: Due date of Unit Report | F5: Due date of BT-Package | H5: Due date of CEO Report
B6: 1st Month | C6: Apr, 2020 | D6: May 7, 2020 (Companies in Japan: May 11, 2020) | F6: May 8, 2020 (Companies in Japan: May 12, 2020) | H6: May 13, 2020 (KMJ: May 14, 2020 at 12:00)
B7: 2nd Month | C7: May, 2020 | D7: Jun 4, 2020 | F7: Jun 5, 2020 | H7: Jun 11, 2020
B8: 3rd Month | C8: Jun, 2020 | D8: Jul 6, 2020 (Companies in US: Jul 7, 2019) | F8: Jul 8, 2020 (Companies in US: Jul 10, 2020) | H8: Jul 14, 2020
B9: 4th Month | C9: Jul, 2020 | D9: Aug 6, 2020 (Companies in Japan: Aug 7, 2020) | F9: Aug 7, 2020 (BKJ & BEJ only: Aug 19, 2020) | H9: Aug 14, 2020 (KMJ: Aug 17, 2020)
B10: 5th Month | C10: Aug, 2020 | D10: Sep 4, 2020 | F10: Sep 7, 2020 (Companies in US: Sep 9, 2020) | H10: Sep 10, 2020 (Companies in US: Sep 11, 2020)
B11: 6th Month | C11: Sep, 2020 | D11: Oct 6, 2020 | F11: Oct 8, 2020 | H11: Oct 14, 2020
B12: 7th Month | C12: Oct, 2020 | D12: Nov 5, 2020 (Companies in Japan: Nov 6, 2020) | F12: Nov 9, 2020 | H12: Nov 12, 2020
B13: 8th Month | C13: Nov, 2020 | D13: Dec 4, 2020 | F13: Dec 7, 2020 | H13: Dec 10, 2020
B14: 9th Month | C14: Dec, 2020 | D14: Jan 7, 2021 | F14: Jan 11, 2021 (Companies in Japan: Jan 12, 2021) | H14: Jan 15, 2021
B15: 10th Month | C15: Jan, 2021 | D15: Feb 4, 2021 | F15: Feb 5, 2021 | H15: Feb 10, 2021
B16: 11th Month | C16: Feb, 2021 | D16: Mar 4, 2021 | F16: Mar 5, 2021 | H16: Mar 10, 2021
B17: 12th Month | C17: Mar, 2021 | D17: Apr 6, 2021 | F17: Apr 9, 2021* | H17: Apr 14, 2021*
F18: *if due date is changed, new schedule will be informed | H18: *if due date is changed, new schedule will be informed
B20: [BBR Only]
C21: Reporting Period | D21: Due date of Unit Report | F21: Due date of BT-Package
B22: 1st Month | C22: Apr, 2020 | D22: May 6, 2020 | F22: May 6, 2020
B23: 2nd Month | C23: May, 2020 | D23: Jun 1, 2020 | F23: Jun 1, 2020
B24: 3rd Month | C24: Jun, 2020 | D24: Jul 1, 2020 | F24: Jul 1, 2020
B25: 4th Month | C25: Jul, 2020 | D25: Aug 5, 2020 | F25: Aug 5, 2020
B26: 5th Month | C26: Aug, 2020 | D26: Sep 1, 2020 | F26: Sep 1, 2020
B27: 6th Month | C27: Sep, 2020 | D27: Oct 1, 2020 | F27: Oct 1, 2020
B28: 7th Month | C28: Oct, 2020 | D28: Nov 2, 2020 | F28: Nov 2, 2020
B29: 8th Month | C29: Nov, 2020 | D29: Dec 1, 2020 | F29: Dec 1, 2020
B30: 9th Month | C30: Dec, 2020 | D30: Jan 4, 2021 | F30: Jan 4, 2021
B31: 10th Month | C31: Jan, 2021 | D31: Feb 1, 2021 | F31: Feb 1, 2021
B32: 11th Month | C32: Feb, 2021 | D32: Mar 1, 2021 | F32: Mar 1, 2021
B33: 12th Month | C33: Mar, 2021 | D33: Apr 1, 2021 | F33: Apr 1, 2021

Sheet Cost Allocation
A1: Allocation Confirmation of SG&A, Employees
J2: Input fields
D4: (Unit:1000LC) | H4: ='PL,HC,INV'!P10 -> 43922 | I4: ='PL,HC,INV'!Q10 -> 43952 | J4: ='PL,HC,INV'!R10 -> 43983 | K4: ='PL,HC,INV'!S10 -> 44013 | L4: ='PL,HC,INV'!T10 -> 44044 | M4: ='PL,HC,INV'!U10 -> 44075 | N4: ='PL,HC,INV'!V10 -> 44105 | O4: ='PL,HC,INV'!W10 -> 44136 | ... W4: ='PL,HC,INV'!AE10 -> Q4 | X4: ='PL,HC,INV'!AH10 -> Yr.
B5: 1. Direct charge/Allocated cost of SG&A
D6: Office | E6: Variable Expenses | G6: Direct charge | H6: 874 | I6: -38 | J6: 3667 | K6: 2818 | L6: 6736 | M6: 5713 | N6: 5243 | O6: 8062 | P6: 23374 | Q6: 11826 | R6: 13485 | S6: 21163 | T6: =SUM(H6:S6) -> 102923 | U6: =SUM(K6:M6) -> 15267 | V6: =SUM(N6:P6) -> 36679 | W6: =SUM(Q6:S6) -> 46474 | X6: =SUM(T6:W6) -> 201343
G7: Allocation | H7: =H8-H6 -> 4044 | I7: =I8-I6 -> 6058 | J7: =J8-J6 -> 6431 | K7: =K8-K6 -> 4675 | L7: =L8-L6 -> 283 | M7: =M8-M6 -> 5397 | N7: =N8-N6 -> 9941 | O7: =O8-O6 -> 3674 | ... X7: =X8-X6 -> -67739
G8: Total | H8: ='PL,HC,INV'!P$104 -> 4918 | I8: ='PL,HC,INV'!Q$104 -> 6020 | J8: ='PL,HC,INV'!R$104 -> 10098 | K8: ='PL,HC,INV'!S$104 -> 7493 | L8: ='PL,HC,INV'!T$104 -> 7019 | M8: ='PL,HC,INV'!U$104 -> 11110 | N8: ='PL,HC,INV'!V$104 -> 15184 | O8: ='PL,HC,INV'!W$104 -> 11736 | ... S8: ='PL,HC,INV'!AA$104 -> 7807 | T8: =SUM(H8:J8) -> 21036 | U8: =SUM(K8:M8) -> 25622 | V8: =SUM(N8:P8) -> 50294 | W8: =SUM(Q8:S8) -> 36652 | X8: =SUM(T8:W8) -> 133604
E9: Wages & Salaries | G9: Direct charge | H9: 16585 | I9: 13392 | J9: 14998 | K9: =16194+227 -> 16421 | L9: 16657 | M9: 16661 | N9: 16743 | O9: 16236 | P9: 12525 | Q9: 15970 | R9: 16377 | S9: 40052 | T9: =SUM(H9:J9) -> 44975 | U9: =SUM(K9:M9) -> 49739 | V9: =SUM(N9:P9) -> 45504 | W9: =SUM(Q9:S9) -> 72399 | X9: =SUM(T9:W9) -> 212617
G10: Allocation | H10: =H11-H9 -> 6204 | I10: =I11-I9 -> 8798 | J10: =J11-J9 -> 6675 | K10: =K11-K9 -> 6046 | L10: =L11-L9 -> 6447 | M10: =M11-M9 -> 7854 | N10: =N11-N9 -> 7184 | O10: =O11-O9 -> 6579 | ... X10: =X11-X9 -> 70590
G11: Total | H11: ='PL,HC,INV'!P$105 -> 22789 | I11: ='PL,HC,INV'!Q$105 -> 22190 | J11: ='PL,HC,INV'!R$105 -> 21673 | K11: ='PL,HC,INV'!S$105 -> 22467 | L11: ='PL,HC,INV'!T$105 -> 23104 | M11: ='PL,HC,INV'!U$105 -> 24515 | N11: ='PL,HC,INV'!V$105 -> 23927 | O11: ='PL,HC,INV'!W$105 -> 22815 | ... S11: ='PL,HC,INV'!AA$105 -> 35728 | T11: =SUM(H11:J11) -> 66652 | U11: =SUM(K11:M11) -> 70086 | V11: =SUM(N11:P11) -> 64983 | W11: =SUM(Q11:S11) -> 81486 | X11: =SUM(T11:W11) -> 283207
E12: Fixed Expenses | G12: Direct charge | H12: 3638 | I12: 3710 | J12: 3900 | K12: =4570+8 -> 4578 | L12: 4708 | M12: 4359 | N12: 4789 | O12: 4859 | P12: 4326 | Q12: 5006 | R12: 5668 | S12: 9779 | T12: =SUM(H12:J12) -> 11248 | U12: =SUM(K12:M12) -> 13645 | V12: =SUM(N12:P12) -> 13974 | W12: =SUM(Q12:S12) -> 20453 | X12: =SUM(T12:W12) -> 59320
G13: Allocation | H13: =H14-H12 -> 7443 | I13: =I14-I12 -> 6846 | J13: =J14-J12 -> 14726 | K13: =K14-K12 -> 6151 | L13: =L14-L12 -> 6263 | M13: =M14-M12 -> 11028 | N13: =N14-N12 -> 13540 | O13: =O14-O12 -> 9720 | ... X13: =X14-X12 -> 101572
G14: Total | H14: ='PL,HC,INV'!P$106 -> 11081 | I14: ='PL,HC,INV'!Q$106 -> 10556 | J14: ='PL,HC,INV'!R$106 -> 18626 | K14: ='PL,HC,INV'!S$106 -> 10729 | L14: ='PL,HC,INV'!T$106 -> 10971 | M14: ='PL,HC,INV'!U$106 -> 15387 | N14: ='PL,HC,INV'!V$106 -> 18329 | O14: ='PL,HC,INV'!W$106 -> 14579 | ... S14: ='PL,HC,INV'!AA$106 -> 7096 | T14: =SUM(H14:J14) -> 40263 | U14: =SUM(K14:M14) -> 37087 | V14: =SUM(N14:P14) -> 47295 | W14: =SUM(Q14:S14) -> 36247 | X14: =SUM(T14:W14) -> 160892
D15: PP | E15: Variable Expenses | G15: Direct charge | H15: 657 | I15: 894 | J15: 3109 | K15: 6427 | L15: 17227 | M15: 8240 | N15: 6195 | O15: 10550 | P15: 31022 | Q15: 8140 | R15: 21234 | S15: 23474 | T15: =SUM(H15:S15) -> 137169 | U15: =SUM(K15:M15) -> 31894 | V15: =SUM(N15:P15) -> 47767 | W15: =SUM(Q15:S15) -> 52848 | X15: =SUM(T15:W15) -> 269678
G16: Allocation | H16: =H17-H15 -> 7451 | I16: =I17-I15 -> 11162 | J16: =J17-J15 -> 11849 | K16: =K17-K15 -> 8612 | L16: =L17-L15 -> 521 | M16: =M17-M15 -> 9944 | N16: =N17-N15 -> 19539 | O16: =O17-O15 -> 6769 | ... X16: =X17-X15 -> -74758
G17: Total | H17: ='PL,HC,INV'!P$148 -> 8108 | I17: ='PL,HC,INV'!Q$148 -> 12056 | J17: ='PL,HC,INV'!R$148 -> 14958 | K17: ='PL,HC,INV'!S$148 -> 15039 | L17: ='PL,HC,INV'!T$148 -> 17748 | M17: ='PL,HC,INV'!U$148 -> 18184 | N17: ='PL,HC,INV'!V$148 -> 25734 | O17: ='PL,HC,INV'!W$148 -> 17319 | ... S17: ='PL,HC,INV'!AA$148 -> -1135 | T17: =SUM(H17:J17) -> 35122 | U17: =SUM(K17:M17) -> 50971 | V17: =SUM(N17:P17) -> 74075 | W17: =SUM(Q17:S17) -> 34752 | X17: =SUM(T17:W17) -> 194920
E18: Wages & Salaries | G18: Direct charge | H18: 16867 | I18: 12876 | J18: 14227 | K18: 16962 | L18: 16597 | M18: 16840 | N18: 17082 | O18: 14701 | P18: 11766 | Q18: 14654 | R18: 14716 | S18: 33916 | T18: =SUM(H18:S18) -> 201204 | U18: =SUM(K18:M18) -> 50399 | V18: =SUM(N18:P18) -> 43549 | W18: =SUM(Q18:S18) -> 63286 | X18: =SUM(T18:W18) -> 358438
G19: Allocation | H19: =H20-H18 -> 11431 | I19: =I20-I18 -> 16213 | J19: =J20-J18 -> 12298 | K19: =K20-K18 -> 11554 | L19: =L20-L18 -> 11879 | M19: =M20-M18 -> 14471 | N19: =N20-N18 -> 13238 | O19: =O20-O18 -> 12122 | ... X19: =X20-X18 -> -26754
G20: Total | H20: ='PL,HC,INV'!P$149 -> 28298 | I20: ='PL,HC,INV'!Q$149 -> 29089 | J20: ='PL,HC,INV'!R$149 -> 26525 | K20: ='PL,HC,INV'!S$149 -> 28516 | L20: ='PL,HC,INV'!T$149 -> 28476 | M20: ='PL,HC,INV'!U$149 -> 31311 | N20: ='PL,HC,INV'!V$149 -> 30320 | O20: ='PL,HC,INV'!W$149 -> 26823 | ... S20: ='PL,HC,INV'!AA$149 -> 25948 | T20: =SUM(H20:J20) -> 83912 | U20: =SUM(K20:M20) -> 88303 | V20: =SUM(N20:P20) -> 79441 | W20: =SUM(Q20:S20) -> 80028 | X20: =SUM(T20:W20) -> 331684
E21: Fixed Expenses | G21: Direct charge | H21: 8702 | I21: 9229 | J21: 11991 | K21: 13044 | L21: 13668 | M21: 11908 | N21: 12068 | O21: 13603 | P21: 13623 | Q21: 13854 | R21: 15376 | S21: 19214 | T21: =SUM(H21:S21) -> 156280 | U21: =SUM(K21:M21) -> 38620 | V21: =SUM(N21:P21) -> 39294 | W21: =SUM(Q21:S21) -> 48444 | X21: =SUM(T21:W21) -> 282638
G22: Allocation | H22: =H23-H21 -> 13714 | I22: =I23-I21 -> 12616 | J22: =J23-J21 -> 27134 | K22: =K23-K21 -> 11347 | L22: =L23-L21 -> 11539 | M22: =M23-M21 -> 20320 | N22: =N23-N21 -> 24948 | O22: =O23-O21 -> 17909 | ... X22: =X23-X21 -> 60807
G23: Total | H23: ='PL,HC,INV'!P$150 -> 22416 | I23: ='PL,HC,INV'!Q$150 -> 21845 | J23: ='PL,HC,INV'!R$150 -> 39125 | K23: ='PL,HC,INV'!S$150 -> 24391 | L23: ='PL,HC,INV'!T$150 -> 25207 | M23: ='PL,HC,INV'!U$150 -> 32228 | N23: ='PL,HC,INV'!V$150 -> 37016 | O23: ='PL,HC,INV'!W$150 -> 31512 | ... S23: ='PL,HC,INV'!AA$150 -> 14271 | T23: =SUM(H23:J23) -> 83386 | U23: =SUM(K23:M23) -> 81826 | V23: =SUM(N23:P23) -> 100689 | W23: =SUM(Q23:S23) -> 77544 | X23: =SUM(T23:W23) -> 343445
D24: IP | E24: Variable Expenses | G24: Direct charge | H24: 42 | I24: 42 | J24: 30 | K24: 192 | L24: 28 | M24: 43 | N24: 95 | O24: 31 | P24: -63 | Q24: 78 | R24: -4 | S24: 42 | T24: =SUM(H24:S24) -> 556 | U24: =SUM(K24:M24) -> 263 | V24: =SUM(N24:P24) -> 63 | W24: =SUM(Q24:S24) -> 116 | X24: =SUM(T24:W24) -> 998
G25: Allocation | H25: =H26-H24 -> 519 | I25: =I26-I24 -> 778 | J25: =J26-J24 -> 825 | K25: =K26-K24 -> 600 | L25: =L26-L24 -> 36 | M25: =M26-M24 -> 693 | N25: =N26-N24 -> 1276 | O25: =O26-O24 -> 472 | ... X25: =X26-X24 -> 3497
G26: Total | H26: ='PL,HC,INV'!P$220 -> 561 | I26: ='PL,HC,INV'!Q$220 -> 820 | J26: ='PL,HC,INV'!R$220 -> 855 | K26: ='PL,HC,INV'!S$220 -> 792 | L26: ='PL,HC,INV'!T$220 -> 64 | M26: ='PL,HC,INV'!U$220 -> 736 | N26: ='PL,HC,INV'!V$220 -> 1371 | O26: ='PL,HC,INV'!W$220 -> 503 | ... S26: ='PL,HC,INV'!AA$220 -> -1672 | T26: =SUM(H26:J26) -> 2236 | U26: =SUM(K26:M26) -> 1592 | V26: =SUM(N26:P26) -> 1811 | W26: =SUM(Q26:S26) -> -1144 | X26: =SUM(T26:W26) -> 4495
E27: Wages & Salaries | G27: Direct charge | H27: 2155 | I27: 1668 | J27: 1963 | K27: 2196 | L27: 2119 | M27: 2149 | N27: 1279 | O27: 2006 | P27: 1932 | Q27: 2013 | R27: 2010 | S27: 4686 | T27: =SUM(H27:S27) -> 26176 | U27: =SUM(K27:M27) -> 6464 | V27: =SUM(N27:P27) -> 5217 | W27: =SUM(Q27:S27) -> 8709 | X27: =SUM(T27:W27) -> 46566
G28: Allocation | H28: =H29-H27 -> 797 | I28: =I29-I27 -> 1129 | J28: =J29-J27 -> 857 | K28: =K29-K27 -> 805 | L28: =L29-L27 -> 828 | M28: =M29-M27 -> 1008 | N28: =N29-N27 -> 1822 | O28: =O29-O27 -> 844 | ... X28: =X29-X27 -> -10400
G29: Total | H29: ='PL,HC,INV'!P$221 -> 2952 | I29: ='PL,HC,INV'!Q$221 -> 2797 | J29: ='PL,HC,INV'!R$221 -> 2820 | K29: ='PL,HC,INV'!S$221 -> 3001 | L29: ='PL,HC,INV'!T$221 -> 2947 | M29: ='PL,HC,INV'!U$221 -> 3157 | N29: ='PL,HC,INV'!V$221 -> 3101 | O29: ='PL,HC,INV'!W$221 -> 2850 | ... S29: ='PL,HC,INV'!AA$221 -> 4131 | T29: =SUM(H29:J29) -> 8569 | U29: =SUM(K29:M29) -> 9105 | V29: =SUM(N29:P29) -> 8617 | W29: =SUM(Q29:S29) -> 9875 | X29: =SUM(T29:W29) -> 36166
E30: Fixed Expenses | G30: Direct charge | H30: 416 | I30: 483 | J30: 459 | K30: 464 | L30: 402 | M30: 319 | N30: 2109 | O30: 671 | P30: 1517 | Q30: 1664 | R30: -232 | S30: 1125 | T30: =SUM(H30:S30) -> 9397 | U30: =SUM(K30:M30) -> 1185 | V30: =SUM(N30:P30) -> 4297 | W30: =SUM(Q30:S30) -> 2557 | X30: =SUM(T30:W30) -> 17436
G31: Allocation | H31: =H32-H30 -> 955 | I31: =I32-I30 -> 879 | J31: =J32-J30 -> 1890 | K31: =K32-K30 -> 791 | L31: =L32-L30 -> 804 | M31: =M32-M30 -> 1753 | N31: =N32-N30 -> 1738 | O31: =O32-O30 -> 1248 | ... X31: =X32-X30 -> 5337
G32: Total | H32: ='PL,HC,INV'!P$222 -> 1371 | I32: ='PL,HC,INV'!Q$222 -> 1362 | J32: ='PL,HC,INV'!R$222 -> 2349 | K32: ='PL,HC,INV'!S$222 -> 1255 | L32: ='PL,HC,INV'!T$222 -> 1206 | M32: ='PL,HC,INV'!U$222 -> 2072 | N32: ='PL,HC,INV'!V$222 -> 3847 | O32: ='PL,HC,INV'!W$222 -> 1919 | ... S32: ='PL,HC,INV'!AA$222 -> 781 | T32: =SUM(H32:J32) -> 5082 | U32: =SUM(K32:M32) -> 4533 | V32: =SUM(N32:P32) -> 8574 | W32: =SUM(Q32:S32) -> 4584 | X32: =SUM(T32:W32) -> 22773
D33: MS | E33: Variable Expenses | G33: Direct charge | T33: =SUM(H33:J33) -> 0 | U33: =SUM(K33:M33) -> 0 | V33: =SUM(N33:P33) -> 0 | W33: =SUM(Q33:S33) -> 0 | X33: =SUM(T33:W33) -> 0
G34: Allocation | H34: =H35-H33 -> 0 | I34: =I35-I33 -> 0 | J34: =J35-J33 -> 0 | K34: =K35-K33 -> 0 | L34: =L35-L33 -> 0 | M34: =M35-M33 -> 0 | N34: =N35-N33 -> 0 | O34: =O35-O33 -> 0 | ... X34: =X35-X33 -> 0
G35: Total | H35: ='PL,HC,INV'!P$273 -> 0 | I35: ='PL,HC,INV'!Q$273 -> 0 | J35: ='PL,HC,INV'!R$273 -> 0 | K35: ='PL,HC,INV'!S$273 -> 0 | L35: ='PL,HC,INV'!T$273 -> 0 | M35: ='PL,HC,INV'!U$273 -> 0 | N35: ='PL,HC,INV'!V$273 -> 0 | O35: ='PL,HC,INV'!W$273 -> 0 | ... S35: ='PL,HC,INV'!AA$273 -> 0 | T35: =SUM(H35:J35) -> 0 | U35: =SUM(K35:M35) -> 0 | V35: =SUM(N35:P35) -> 0 | W35: =SUM(Q35:S35) -> 0 | X35: =SUM(T35:W35) -> 0
E36: Wages & Salaries | G36: Direct charge | T36: =SUM(H36:J36) -> 0 | U36: =SUM(K36:M36) -> 0 | V36: =SUM(N36:P36) -> 0 | W36: =SUM(Q36:S36) -> 0 | X36: =SUM(T36:W36) -> 0
G37: Allocation | H37: =H38-H36 -> 0 | I37: =I38-I36 -> 0 | J37: =J38-J36 -> 0 | K37: =K38-K36 -> 0 | L37: =L38-L36 -> 0 | M37: =M38-M36 -> 0 | N37: =N38-N36 -> 0 | O37: =O38-O36 -> 0 | ... X37: =X38-X36 -> 0
G38: Total | H38: ='PL,HC,INV'!P$274 -> 0 | I38: ='PL,HC,INV'!Q$274 -> 0 | J38: ='PL,HC,INV'!R$274 -> 0 | K38: ='PL,HC,INV'!S$274 -> 0 | L38: ='PL,HC,INV'!T$274 -> 0 | M38: ='PL,HC,INV'!U$274 -> 0 | N38: ='PL,HC,INV'!V$274 -> 0 | O38: ='PL,HC,INV'!W$274 -> 0 | ... S38: ='PL,HC,INV'!AA$274 -> 0 | T38: =SUM(H38:J38) -> 0 | U38: =SUM(K38:M38) -> 0 | V38: =SUM(N38:P38) -> 0 | W38: =SUM(Q38:S38) -> 0 | X38: =SUM(T38:W38) -> 0
E39: Fixed Expenses | G39: Direct charge | T39: =SUM(H39:J39) -> 0 | U39: =SUM(K39:M39) -> 0 | V39: =SUM(N39:P39) -> 0 | W39: =SUM(Q39:S39) -> 0 | X39: =SUM(T39:W39) -> 0
G40: Allocation | H40: =H41-H39 -> 0 | I40: =I41-I39 -> 0 | J40: =J41-J39 -> 0 | K40: =K41-K39 -> 0 | L40: =L41-L39 -> 0 | M40: =M41-M39 -> 0 | N40: =N41-N39 -> 0 | O40: =O41-O39 -> 0 | ... X40: =X41-X39 -> 0
G41: Total | H41: ='PL,HC,INV'!P$275 -> 0 | I41: ='PL,HC,INV'!Q$275 -> 0 | J41: ='PL,HC,INV'!R$275 -> 0 | K41: ='PL,HC,INV'!S$275 -> 0 | L41: ='PL,HC,INV'!T$275 -> 0 | M41: ='PL,HC,INV'!U$275 -> 0 | N41: ='PL,HC,INV'!V$275 -> 0 | O41: ='PL,HC,INV'!W$275 -> 0 | ... S41: ='PL,HC,INV'!AA$275 -> 0 | T41: =SUM(H41:J41) -> 0 | U41: =SUM(K41:M41) -> 0 | V41: =SUM(N41:P41) -> 0 | W41: =SUM(Q41:S41) -> 0 | X41: =SUM(T41:W41) -> 0
D42: WPH | E42: Variable Expenses | G42: Direct charge | T42: =SUM(H42:J42) -> 0 | U42: =SUM(K42:M42) -> 0 | V42: =SUM(N42:P42) -> 0 | W42: =SUM(Q42:S42) -> 0 | X42: =SUM(T42:W42) -> 0
G43: Allocation | H43: =H44-H42 -> 0 | I43: =I44-I42 -> 0 | J43: =J44-J42 -> 0 | K43: =K44-K42 -> 0 | L43: =L44-L42 -> 0 | M43: =M44-M42 -> 0 | N43: =N44-N42 -> 0 | O43: =O44-O42 -> 0 | ... X43: =X44-X42 -> 0
G44: Total | H44: ='PL,HC,INV'!P$297 -> 0 | I44: ='PL,HC,INV'!Q$297 -> 0 | J44: ='PL,HC,INV'!R$297 -> 0 | K44: ='PL,HC,INV'!S$297 -> 0 | L44: ='PL,HC,INV'!T$297 -> 0 | M44: ='PL,HC,INV'!U$297 -> 0 | N44: ='PL,HC,INV'!V$297 -> 0 | O44: ='PL,HC,INV'!W$297 -> 0 | ... S44: ='PL,HC,INV'!AA$297 -> 0 | T44: =SUM(H44:J44) -> 0 | U44: =SUM(K44:M44) -> 0 | V44: =SUM(N44:P44) -> 0 | W44: =SUM(Q44:S44) -> 0 | X44: =SUM(T44:W44) -> 0
E45: Wages & Salaries | G45: Direct charge | T45: =SUM(H45:J45) -> 0 | U45: =SUM(K45:M45) -> 0 | V45: =SUM(N45:P45) -> 0 | W45: =SUM(Q45:S45) -> 0 | X45: =SUM(T45:W45) -> 0
G46: Allocation | H46: =H47-H45 -> 0 | I46: =I47-I45 -> 0 | J46: =J47-J45 -> 0 | K46: =K47-K45 -> 0 | L46: =L47-L45 -> 0 | M46: =M47-M45 -> 0 | N46: =N47-N45 -> 0 | O46: =O47-O45 -> 0 | ... X46: =X47-X45 -> 0
G47: Total | H47: ='PL,HC,INV'!P$298 -> 0 | I47: ='PL,HC,INV'!Q$298 -> 0 | J47: ='PL,HC,INV'!R$298 -> 0 | K47: ='PL,HC,INV'!S$298 -> 0 | L47: ='PL,HC,INV'!T$298 -> 0 | M47: ='PL,HC,INV'!U$298 -> 0 | N47: ='PL,HC,INV'!V$298 -> 0 | O47: ='PL,HC,INV'!W$298 -> 0 | ... S47: ='PL,HC,INV'!AA$298 -> 0 | T47: =SUM(H47:J47) -> 0 | U47: =SUM(K47:M47) -> 0 | V47: =SUM(N47:P47) -> 0 | W47: =SUM(Q47:S47) -> 0 | X47: =SUM(T47:W47) -> 0
E48: Fixed Expenses | G48: Direct charge | T48: =SUM(H48:J48) -> 0 | U48: =SUM(K48:M48) -> 0 | V48: =SUM(N48:P48) -> 0 | W48: =SUM(Q48:S48) -> 0 | X48: =SUM(T48:W48) -> 0
G49: Allocation | H49: =H50-H48 -> 0 | I49: =I50-I48 -> 0 | J49: =J50-J48 -> 0 | K49: =K50-K48 -> 0 | L49: =L50-L48 -> 0 | M49: =M50-M48 -> 0 | N49: =N50-N48 -> 0 | O49: =O50-O48 -> 0 | ... X49: =X50-X48 -> 0
G50: Total | H50: ='PL,HC,INV'!P$299 -> 0 | I50: ='PL,HC,INV'!Q$299 -> 0 | J50: ='PL,HC,INV'!R$299 -> 0 | K50: ='PL,HC,INV'!S$299 -> 0 | L50: ='PL,HC,INV'!T$299 -> 0 | M50: ='PL,HC,INV'!U$299 -> 0 | N50: ='PL,HC,INV'!V$299 -> 0 | O50: ='PL,HC,INV'!W$299 -> 0 | ... S50: ='PL,HC,INV'!AA$299 -> 0 | T50: =SUM(H50:J50) -> 0 | U50: =SUM(K50:M50) -> 0 | V50: =SUM(N50:P50) -> 0 | W50: =SUM(Q50:S50) -> 0 | X50: =SUM(T50:W50) -> 0
D51: ITS | E51: Variable Expenses | G51: Direct charge | H51: 0 | I51: 0 | J51: 0 | K51: 0 | L51: 0 | M51: 0 | N51: 0 | O51: 0 | P51: -17 | Q51: 0 | R51: 0 | S51: 0 | T51: =SUM(H51:S51) -> -17 | U51: =SUM(K51:M51) -> 0 | V51: =SUM(N51:P51) -> -17 | W51: =SUM(Q51:S51) -> 0 | X51: =SUM(T51:W51) -> -34
G52: Allocation | H52: =H53-H51 -> 52 | I52: =I53-I51 -> 78 | J52: =J53-J51 -> 83 | K52: =K53-K51 -> 60 | L52: =L53-L51 -> 4 | M52: =M53-M51 -> 70 | N52: =N53-N51 -> 128 | O52: =O53-O51 -> 47 | ... X52: =X53-X51 -> 412
G53: Total | H53: ='PL,HC,INV'!P$334 -> 52 | I53: ='PL,HC,INV'!Q$334 -> 78 | J53: ='PL,HC,INV'!R$334 -> 83 | K53: ='PL,HC,INV'!S$334 -> 60 | L53: ='PL,HC,INV'!T$334 -> 4 | M53: ='PL,HC,INV'!U$334 -> 70 | N53: ='PL,HC,INV'!V$334 -> 128 | O53: ='PL,HC,INV'!W$334 -> 47 | ... S53: ='PL,HC,INV'!AA$334 -> -172 | T53: =SUM(H53:J53) -> 213 | U53: =SUM(K53:M53) -> 134 | V53: =SUM(N53:P53) -> 158 | W53: =SUM(Q53:S53) -> -127 | X53: =SUM(T53:W53) -> 378
E54: Wages & Salaries | G54: Direct charge | H54: 659 | I54: 564 | J54: 633 | K54: 658 | L54: 671 | M54: 658 | N54: 667 | O54: 668 | P54: 559 | Q54: 672 | R54: 532 | S54: 1234 | T54: =SUM(H54:S54) -> 8175 | U54: =SUM(K54:M54) -> 1987 | V54: =SUM(N54:P54) -> 1894 | W54: =SUM(Q54:S54) -> 2438 | X54: =SUM(T54:W54) -> 14494
G55: Allocation | H55: =H56-H54 -> 80 | I55: =I56-I54 -> 113 | J55: =J56-J54 -> 86 | K55: =K56-K54 -> 81 | L55: =L56-L54 -> 83 | M55: =M56-M54 -> 101 | N55: =N56-N54 -> 93 | O55: =O56-O54 -> 85 | ... X55: =X56-X54 -> -5408
G56: Total | H56: ='PL,HC,INV'!P$335 -> 739 | I56: ='PL,HC,INV'!Q$335 -> 677 | J56: ='PL,HC,INV'!R$335 -> 719 | K56: ='PL,HC,INV'!S$335 -> 739 | L56: ='PL,HC,INV'!T$335 -> 754 | M56: ='PL,HC,INV'!U$335 -> 759 | N56: ='PL,HC,INV'!V$335 -> 760 | O56: ='PL,HC,INV'!W$335 -> 753 | ... S56: ='PL,HC,INV'!AA$335 -> 1178 | T56: =SUM(H56:J56) -> 2135 | U56: =SUM(K56:M56) -> 2252 | V56: =SUM(N56:P56) -> 2145 | W56: =SUM(Q56:S56) -> 2554 | X56: =SUM(T56:W56) -> 9086
E57: Fixed Expenses | G57: Direct charge | H57: 51 | I57: 54 | J57: 57 | K57: 54 | L57: 81 | M57: 104 | N57: 111 | O57: 108 | P57: 105 | Q57: 112 | R57: 107 | S57: 107 | T57: =SUM(H57:S57) -> 1051 | U57: =SUM(K57:M57) -> 239 | V57: =SUM(N57:P57) -> 324 | W57: =SUM(Q57:S57) -> 326 | X57: =SUM(T57:W57) -> 1940
G58: Allocation | H58: =H59-H57 -> 96 | I58: =I59-I57 -> 88 | J58: =J59-J57 -> 190 | K58: =K59-K57 -> 79 | L58: =L59-L57 -> 81 | M58: =M59-M57 -> 142 | N58: =N59-N57 -> 175 | O58: =O59-O57 -> 125 | ... X58: =X59-X57 -> 420
G59: Total | H59: ='PL,HC,INV'!P$336 -> 147 | I59: ='PL,HC,INV'!Q$336 -> 142 | J59: ='PL,HC,INV'!R$336 -> 247 | K59: ='PL,HC,INV'!S$336 -> 133 | L59: ='PL,HC,INV'!T$336 -> 162 | M59: ='PL,HC,INV'!U$336 -> 246 | N59: ='PL,HC,INV'!V$336 -> 286 | O59: ='PL,HC,INV'!W$336 -> 233 | ... S59: ='PL,HC,INV'!AA$336 -> 72 | T59: =SUM(H59:J59) -> 536 | U59: =SUM(K59:M59) -> 541 | V59: =SUM(N59:P59) -> 754 | W59: =SUM(Q59:S59) -> 529 | X59: =SUM(T59:W59) -> 2360
G60: Total | H60: =SUMIF($G$6:$G$59,$G60,H$6:H$59) -> 103432 | I60: =SUMIF($G$6:$G$59,$G60,I$6:I$59) -> 107632 | J60: =SUMIF($G$6:$G$59,$G60,J$6:J$59) -> 138078 | K60: =SUMIF($G$6:$G$59,$G60,K$6:K$59) -> 114615 | L60: =SUMIF($G$6:$G$59,$G60,L$6:L$59) -> 117662 | M60: =SUMIF($G$6:$G$59,$G60,M$6:M$59) -> 139775 | N60: =SUMIF($G$6:$G$59,$G60,N$6:N$59) -> 160003 | O60: =SUMIF($G$6:$G$59,$G60,O$6:O$59) -> 131089 | ... X60: =SUMIF($G$6:$G$59,$G60,X$6:X$59) -> 1523010
B61: 2. Direct charge/Allocated persons of employees
C62: (1) Office
D63: Full-Time Employees / | G63: Direct charge | H63: =SUM(H66,H69,H72) -> 233 | I63: =SUM(I66,I69,I72) -> 233 | J63: =SUM(J66,J69,J72) -> 235 | K63: =SUM(K66,K69,K72) -> 236 | L63: =SUM(L66,L69,L72) -> 238 | M63: =SUM(M66,M69,M72) -> 236 | N63: =SUM(N66,N69,N72) -> 236 | O63: =SUM(O66,O69,O72) -> 234 | ... X63: =SUM(X66,X69,X72) -> 235
D64: Temporary Transfer from Other Company | G64: Allocation | H64: =H65-H63 -> 0 | I64: =I65-I63 -> 0 | J64: =J65-J63 -> 0 | K64: =K65-K63 -> 0 | L64: =L65-L63 -> 0 | M64: =M65-M63 -> 0 | N64: =N65-N63 -> 0 | O64: =O65-O63 -> 0 | ... X64: =X65-X63 -> 0
G65: Total | H65: =SUM(H68,H71,H74) -> 233 | I65: =SUM(I68,I71,I74) -> 233 | J65: =SUM(J68,J71,J74) -> 235 | K65: =SUM(K68,K71,K74) -> 236 | L65: =SUM(L68,L71,L74) -> 238 | M65: =SUM(M68,M71,M74) -> 236 | N65: =SUM(N68,N71,N74) -> 236 | O65: =SUM(O68,O71,O74) -> 234 | ... X65: =SUM(X68,X71,X74) -> 235
E66: Sales Total | G66: Direct charge | H66: 95 | I66: 95 | J66: 97 | K66: 98 | L66: 100 | M66: 99 | N66: 97 | O66: 95 | P66: 95 | Q66: 95 | R66: 98 | S66: 96 | T66: =J66 -> 97 | U66: =M66 -> 99 | V66: =P66 -> 95 | W66: =S66 -> 96 | X66: =T66 -> 97
G67: Allocation | H67: =H68-H66 -> 0 | I67: =I68-I66 -> 0 | J67: =J68-J66 -> 0 | K67: =K68-K66 -> 0 | L67: =L68-L66 -> 0 | M67: =M68-M66 -> 0 | N67: =N68-N66 -> 0 | O67: =O68-O66 -> 0 | ... X67: =X68-X66 -> -1
G68: Total | H68: ='PL,HC,INV'!P$798 -> 95 | I68: ='PL,HC,INV'!Q$798 -> 95 | J68: ='PL,HC,INV'!R$798 -> 97 | K68: ='PL,HC,INV'!S$798 -> 98 | L68: ='PL,HC,INV'!T$798 -> 100 | M68: ='PL,HC,INV'!U$798 -> 99 | N68: ='PL,HC,INV'!V$798 -> 97 | O68: ='PL,HC,INV'!W$798 -> 95 | ... S68: ='PL,HC,INV'!AA$798 -> 96 | T68: =J68 -> 97 | U68: =M68 -> 99 | V68: =P68 -> 95 | W68: =S68 -> 96 | X68: =W68 -> 96
E69: Service Total | G69: Direct charge | H69: 86 | I69: 86 | J69: 86 | K69: 86 | L69: 86 | M69: 86 | N69: 86 | O69: 86 | P69: 87 | Q69: 87 | R69: 87 | S69: 87 | T69: =J69 -> 86 | U69: =M69 -> 86 | V69: =P69 -> 87 | W69: =S69 -> 87 | X69: =T69 -> 86
G70: Allocation | H70: =H71-H69 -> 0 | I70: =I71-I69 -> 0 | J70: =J71-J69 -> 0 | K70: =K71-K69 -> 0 | L70: =L71-L69 -> 0 | M70: =M71-M69 -> 0 | N70: =N71-N69 -> 0 | O70: =O71-O69 -> 0 | ... X70: =X71-X69 -> 1
G71: Total | H71: ='PL,HC,INV'!P$803 -> 86 | I71: ='PL,HC,INV'!Q$803 -> 86 | J71: ='PL,HC,INV'!R$803 -> 86 | K71: ='PL,HC,INV'!S$803 -> 86 | L71: ='PL,HC,INV'!T$803 -> 86 | M71: ='PL,HC,INV'!U$803 -> 86 | N71: ='PL,HC,INV'!V$803 -> 86 | O71: ='PL,HC,INV'!W$803 -> 86 | ... S71: ='PL,HC,INV'!AA$803 -> 87 | T71: =J71 -> 86 | U71: =M71 -> 86 | V71: =P71 -> 87 | W71: =S71 -> 87 | X71: =W71 -> 87
E72: Marketing Total | G72: Direct charge | H72: 52 | I72: 52 | J72: 52 | K72: 52 | L72: 52 | M72: 51 | N72: 53 | O72: 53 | P72: 53 | Q72: 53 | R72: 52 | S72: 51 | T72: =J72 -> 52 | U72: =M72 -> 51 | V72: =P72 -> 53 | W72: =S72 -> 51 | X72: =T72 -> 52
E73: Administration Total | G73: Allocation | H73: =H74-H72 -> 0 | I73: =I74-I72 -> 0 | J73: =J74-J72 -> 0 | K73: =K74-K72 -> 0 | L73: =L74-L72 -> 0 | M73: =M74-M72 -> 0 | N73: =N74-N72 -> 0 | O73: =O74-O72 -> 0 | ... X73: =X74-X72 -> 0
E74: Logistics Total | G74: Total | H74: =SUM('PL,HC,INV'!P$809,'PL,HC,INV'!P$814,'PL,HC,INV'!P$820) -> 52 | I74: =SUM('PL,HC,INV'!Q$809,'PL,HC,INV'!Q$814,'PL,HC,INV'!Q$820) -> 52 | J74: =SUM('PL,HC,INV'!R$809,'PL,HC,INV'!R$814,'PL,HC,INV'!R$820) -> 52 | K74: =SUM('PL,HC,INV'!S$809,'PL,HC,INV'!S$814,'PL,HC,INV'!S$820) -> 52 | L74: =SUM('PL,HC,INV'!T$809,'PL,HC,INV'!T$814,'PL,HC,INV'!T$820) -> 52 | M74: =SUM('PL,HC,INV'!U$809,'PL,HC,INV'!U$814,'PL,HC,INV'!U$820) -> 51 | N74: =SUM('PL,HC,INV'!V$809,'PL,HC,INV'!V$814,'PL,HC,INV'!V$820) -> 53 | O74: =SUM('PL,HC,INV'!W$809,'PL,HC,INV'!W$814,'PL,HC,INV'!W$820) -> 53 | ... S74: =SUM('PL,HC,INV'!AA$809,'PL,HC,INV'!AA$814,'PL,HC,INV'!AA$820) -> 52 | T74: =J74 -> 52 | U74: =M74 -> 51 | V74: =P74 -> 53 | W74: =S74 -> 52 | X74: =W74 -> 52
C76: (2) PP
D77: Full-Time Employees / | G77: Direct charge | H77: =SUM(H80,H83,H86) -> 442 | I77: =SUM(I80,I83,I86) -> 442 | J77: =SUM(J80,J83,J86) -> 442 | K77: =SUM(K80,K83,K86) -> 442 | L77: =SUM(L80,L83,L86) -> 442 | M77: =SUM(M80,M83,M86) -> 439 | N77: =SUM(N80,N83,N86) -> 438 | O77: =SUM(O80,O83,O86) -> 439 | ... X77: =SUM(X80,X83,X86) -> 442
D78: Temporary Transfer from Other Company | G78: Allocation | H78: =H79-H77 -> 0 | I78: =I79-I77 -> 0 | J78: =J79-J77 -> 0 | K78: =K79-K77 -> 0 | L78: =L79-L77 -> 0 | M78: =M79-M77 -> 0 | N78: =N79-N77 -> 0 | O78: =O79-O77 -> 0 | ... X78: =X79-X77 -> -3
G79: Total | H79: =SUM(H82,H85,H88) -> 442 | I79: =SUM(I82,I85,I88) -> 442 | J79: =SUM(J82,J85,J88) -> 442 | K79: =SUM(K82,K85,K88) -> 442 | L79: =SUM(L82,L85,L88) -> 442 | M79: =SUM(M82,M85,M88) -> 439 | N79: =SUM(N82,N85,N88) -> 438 | O79: =SUM(O82,O85,O88) -> 439 | ... X79: =SUM(X82,X85,X88) -> 439
E80: Sales Total | G80: Direct charge | H80: 66 | I80: 66 | J80: 66 | K80: 66 | L80: 66 | M80: 65 | N80: 66 | O80: 67 | P80: 67 | Q80: 67 | R80: 67 | S80: 66 | T80: =J80 -> 66 | U80: =M80 -> 65 | V80: =P80 -> 67 | W80: =S80 -> 66 | X80: =T80 -> 66
G81: Allocation | H81: =H82-H80 -> 0 | I81: =I82-I80 -> 0 | J81: =J82-J80 -> 0 | K81: =K82-K80 -> 0 | L81: =L82-L80 -> 0 | M81: =M82-M80 -> 0 | N81: =N82-N80 -> 0 | O81: =O82-O80 -> 0 | ... X81: =X82-X80 -> 0
G82: Total | H82: ='PL,HC,INV'!P$828 -> 66 | I82: ='PL,HC,INV'!Q$828 -> 66 | J82: ='PL,HC,INV'!R$828 -> 66 | K82: ='PL,HC,INV'!S$828 -> 66 | L82: ='PL,HC,INV'!T$828 -> 66 | M82: ='PL,HC,INV'!U$828 -> 65 | N82: ='PL,HC,INV'!V$828 -> 66 | O82: ='PL,HC,INV'!W$828 -> 67 | ... S82: ='PL,HC,INV'!AA$828 -> 66 | T82: =J82 -> 66 | U82: =M82 -> 65 | V82: =P82 -> 67 | W82: =S82 -> 66 | X82: =W82 -> 66
E83: Service Total | G83: Direct charge | H83: 300 | I83: 300 | J83: 300 | K83: 300 | L83: 300 | M83: 299 | N83: 297 | O83: 297 | P83: 297 | Q83: 297 | R83: 298 | S83: 299 | T83: =J83 -> 300 | U83: =M83 -> 299 | V83: =P83 -> 297 | W83: =S83 -> 299 | X83: =T83 -> 300
G84: Allocation | H84: =H85-H83 -> 0 | I84: =I85-I83 -> 0 | J84: =J85-J83 -> 0 | K84: =K85-K83 -> 0 | L84: =L85-L83 -> 0 | M84: =M85-M83 -> 0 | N84: =N85-N83 -> 0 | O84: =O85-O83 -> 0 | ... X84: =X85-X83 -> -1
G85: Total | H85: ='PL,HC,INV'!P$833 -> 300 | I85: ='PL,HC,INV'!Q$833 -> 300 | J85: ='PL,HC,INV'!R$833 -> 300 | K85: ='PL,HC,INV'!S$833 -> 300 | L85: ='PL,HC,INV'!T$833 -> 300 | M85: ='PL,HC,INV'!U$833 -> 299 | N85: ='PL,HC,INV'!V$833 -> 297 | O85: ='PL,HC,INV'!W$833 -> 297 | ... S85: ='PL,HC,INV'!AA$833 -> 299 | T85: =J85 -> 300 | U85: =M85 -> 299 | V85: =P85 -> 297 | W85: =S85 -> 299 | X85: =W85 -> 299
E86: Marketing Total | G86: Direct charge | H86: 76 | I86: 76 | J86: 76 | K86: 76 | L86: 76 | M86: 75 | N86: 75 | O86: 75 | P86: 75 | Q86: 74 | R86: 74 | S86: 74 | T86: =J86 -> 76 | U86: =M86 -> 75 | V86: =P86 -> 75 | W86: =S86 -> 74 | X86: =T86 -> 76
E87: Administration Total | G87: Allocation | H87: =H88-H86 -> 0 | I87: =I88-I86 -> 0 | J87: =J88-J86 -> 0 | K87: =K88-K86 -> 0 | L87: =L88-L86 -> 0 | M87: =M88-M86 -> 0 | N87: =N88-N86 -> 0 | O87: =O88-O86 -> 0 | ... X87: =X88-X86 -> -2
E88: Logistics Total | G88: Total | H88: =SUM('PL,HC,INV'!P$839,'PL,HC,INV'!P$844,'PL,HC,INV'!P$850) -> 76 | I88: =SUM('PL,HC,INV'!Q$839,'PL,HC,INV'!Q$844,'PL,HC,INV'!Q$850) -> 76 | J88: =SUM('PL,HC,INV'!R$839,'PL,HC,INV'!R$844,'PL,HC,INV'!R$850) -> 76 | K88: =SUM('PL,HC,INV'!S$839,'PL,HC,INV'!S$844,'PL,HC,INV'!S$850) -> 76 | L88: =SUM('PL,HC,INV'!T$839,'PL,HC,INV'!T$844,'PL,HC,INV'!T$850) -> 76 | M88: =SUM('PL,HC,INV'!U$839,'PL,HC,INV'!U$844,'PL,HC,INV'!U$850) -> 75 | N88: =SUM('PL,HC,INV'!V$839,'PL,HC,INV'!V$844,'PL,HC,INV'!V$850) -> 75 | O88: =SUM('PL,HC,INV'!W$839,'PL,HC,INV'!W$844,'PL,HC,INV'!W$850) -> 75 | ... S88: =SUM('PL,HC,INV'!AA$839,'PL,HC,INV'!AA$844,'PL,HC,INV'!AA$850) -> 74 | T88: =J88 -> 76 | U88: =M88 -> 75 | V88: =P88 -> 75 | W88: =S88 -> 74 | X88: =W88 -> 74
C90: (3) IP
D91: Full-Time Employees / | G91: Direct charge | H91: =SUM(H94,H97,H100) -> 21 | I91: =SUM(I94,I97,I100) -> 21 | J91: =SUM(J94,J97,J100) -> 21 | K91: =SUM(K94,K97,K100) -> 21 | L91: =SUM(L94,L97,L100) -> 21 | M91: =SUM(M94,M97,M100) -> 21 | N91: =SUM(N94,N97,N100) -> 21 | O91: =SUM(O94,O97,O100) -> 21 | ... X91: =SUM(X94,X97,X100) -> 21
D92: Temporary Transfer from Other Company | G92: Allocation | H92: =H93-H91 -> 0 | I92: =I93-I91 -> 0 | J92: =J93-J91 -> 0 | K92: =K93-K91 -> 0 | L92: =L93-L91 -> 0 | M92: =M93-M91 -> 0 | N92: =N93-N91 -> 0 | O92: =O93-O91 -> 0 | ... X92: =X93-X91 -> 0
G93: Total | H93: =SUM(H96,H99,H102) -> 21 | I93: =SUM(I96,I99,I102) -> 21 | J93: =SUM(J96,J99,J102) -> 21 | K93: =SUM(K96,K99,K102) -> 21 | L93: =SUM(L96,L99,L102) -> 21 | M93: =SUM(M96,M99,M102) -> 21 | N93: =SUM(N96,N99,N102) -> 21 | O93: =SUM(O96,O99,O102) -> 21 | ... X93: =SUM(X96,X99,X102) -> 21
E94: Sales Total | G94: Direct charge | H94: 5 | I94: 5 | J94: 5 | K94: 5 | L94: 5 | M94: 5 | N94: 5 | O94: 5 | P94: 5 | Q94: 5 | R94: 5 | S94: 5 | T94: =J94 -> 5 | U94: =M94 -> 5 | V94: =P94 -> 5 | W94: =S94 -> 5 | X94: =T94 -> 5
G95: Allocation | H95: =H96-H94 -> 0 | I95: =I96-I94 -> 0 | J95: =J96-J94 -> 0 | K95: =K96-K94 -> 0 | L95: =L96-L94 -> 0 | M95: =M96-M94 -> 0 | N95: =N96-N94 -> 0 | O95: =O96-O94 -> 0 | ... X95: =X96-X94 -> 0
G96: Total | H96: ='PL,HC,INV'!P$858 -> 5 | I96: ='PL,HC,INV'!Q$858 -> 5 | J96: ='PL,HC,INV'!R$858 -> 5 | K96: ='PL,HC,INV'!S$858 -> 5 | L96: ='PL,HC,INV'!T$858 -> 5 | M96: ='PL,HC,INV'!U$858 -> 5 | N96: ='PL,HC,INV'!V$858 -> 5 | O96: ='PL,HC,INV'!W$858 -> 5 | ... S96: ='PL,HC,INV'!AA$858 -> 5 | T96: =J96 -> 5 | U96: =M96 -> 5 | V96: =P96 -> 5 | W96: =S96 -> 5 | X96: =W96 -> 5
E97: Service Total | G97: Direct charge | H97: 12 | I97: 12 | J97: 12 | K97: 12 | L97: 12 | M97: 12 | N97: 12 | O97: 12 | P97: 12 | Q97: 12 | R97: 12 | S97: 12 | T97: =J97 -> 12 | U97: =M97 -> 12 | V97: =P97 -> 12 | W97: =S97 -> 12 | X97: =T97 -> 12
G98: Allocation | H98: =H99-H97 -> 0 | I98: =I99-I97 -> 0 | J98: =J99-J97 -> 0 | K98: =K99-K97 -> 0 | L98: =L99-L97 -> 0 | M98: =M99-M97 -> 0 | N98: =N99-N97 -> 0 | O98: =O99-O97 -> 0 | ... X98: =X99-X97 -> 0
G99: Total | H99: ='PL,HC,INV'!P$863 -> 12 | I99: ='PL,HC,INV'!Q$863 -> 12 | J99: ='PL,HC,INV'!R$863 -> 12 | K99: ='PL,HC,INV'!S$863 -> 12 | L99: ='PL,HC,INV'!T$863 -> 12 | M99: ='PL,HC,INV'!U$863 -> 12 | N99: ='PL,HC,INV'!V$863 -> 12 | O99: ='PL,HC,INV'!W$863 -> 12 | ... S99: ='PL,HC,INV'!AA$863 -> 12 | T99: =J99 -> 12 | U99: =M99 -> 12 | V99: =P99 -> 12 | W99: =S99 -> 12 | X99: =W99 -> 12
E100: Marketing Total | G100: Direct charge | H100: 4 | I100: 4 | J100: 4 | K100: 4 | L100: 4 | M100: 4 | N100: 4 | O100: 4 | P100: 4 | Q100: 4 | R100: 4 | S100: 4 | T100: =J100 -> 4 | U100: =M100 -> 4 | V100: =P100 -> 4 | W100: =S100 -> 4 | X100: =T100 -> 4
E101: Administration Total | G101: Allocation | H101: =H102-H100 -> 0 | I101: =I102-I100 -> 0 | J101: =J102-J100 -> 0 | K101: =K102-K100 -> 0 | L101: =L102-L100 -> 0 | M101: =M102-M100 -> 0 | N101: =N102-N100 -> 0 | O101: =O102-O100 -> 0 | ... X101: =X102-X100 -> 0
E102: Logistics Total | G102: Total | H102: =SUM('PL,HC,INV'!P$869,'PL,HC,INV'!P$874,'PL,HC,INV'!P$880) -> 4 | I102: =SUM('PL,HC,INV'!Q$869,'PL,HC,INV'!Q$874,'PL,HC,INV'!Q$880) -> 4 | J102: =SUM('PL,HC,INV'!R$869,'PL,HC,INV'!R$874,'PL,HC,INV'!R$880) -> 4 | K102: =SUM('PL,HC,INV'!S$869,'PL,HC,INV'!S$874,'PL,HC,INV'!S$880) -> 4 | L102: =SUM('PL,HC,INV'!T$869,'PL,HC,INV'!T$874,'PL,HC,INV'!T$880) -> 4 | M102: =SUM('PL,HC,INV'!U$869,'PL,HC,INV'!U$874,'PL,HC,INV'!U$880) -> 4 | N102: =SUM('PL,HC,INV'!V$869,'PL,HC,INV'!V$874,'PL,HC,INV'!V$880) -> 4 | O102: =SUM('PL,HC,INV'!W$869,'PL,HC,INV'!W$874,'PL,HC,INV'!W$880) -> 4 | ... S102: =SUM('PL,HC,INV'!AA$869,'PL,HC,INV'!AA$874,'PL,HC,INV'!AA$880) -> 4 | T102: =J102 -> 4 | U102: =M102 -> 4 | V102: =P102 -> 4 | W102: =S102 -> 4 | X102: =W102 -> 4
C104: (4) MS (Marketing Service)
...

Sheet PL,HC,INV
AK1: 'OP'! | AN1: 'Previous'! | AS1: =AK1 -> 'OP'! | AV1: =AN1 -> 'Previous'! | BA1: =AK1 -> 'OP'! | BD1: =AN1 -> 'Previous'!
AJ2: =VLOOKUP($AJ$7,Work1!$F$6:$I$17,2,0) -> Y | AK2: =VLOOKUP($AJ$7,Work1!$F$6:$I$17,3,0) -> V | AN2: =VLOOKUP($AJ$7,Work1!$F$6:$I$17,4,0) -> V | AR2: =VLOOKUP($AJ$7,Work1!$K$6:$Q$17,2,0) -> Y | AS2: =VLOOKUP($AJ$7,Work1!$K$6:$Q$17,3,0) -> V | AV2: =VLOOKUP($AJ$7,Work1!$K$6:$Q$17,4,0) -> V | AZ2: =VLOOKUP($AJ$7,Work1!$K$6:$Q$17,5,0) -> P | BA2: =VLOOKUP($AJ$7,Work1!$K$6:$Q$17,6,0) -> M | BD2: =VLOOKUP($AJ$7,Work1!$K$6:$Q$17,7,0) -> M
AJ3: =AJ2 -> Y | AK3: =AK2 -> V | AN3: =AN2 -> V | AR3: =VLOOKUP($AJ$7,Work1!$K$22:$Q$33,2,0) -> Y | AS3: =VLOOKUP($AJ$7,Work1!$K$22:$Q$33,3,0) -> V | AV3: =VLOOKUP($AJ$7,Work1!$K$22:$Q$33,4,0) -> V | AZ3: =VLOOKUP($AJ$7,Work1!$K$22:$Q$33,5,0) -> Y | BA3: =VLOOKUP($AJ$7,Work1!$K$22:$Q$33,6,0) -> V | BD3: =VLOOKUP($AJ$7,Work1!$K$22:$Q$33,7,0) -> V
A4: Prev | B4: OP | E4: FY2020 Monthly Actual ver1.0 | O4: BIN | P4: (Unit:1000LC) | AJ4: vs OP / vs FY19 | AN4: Please copy&paste "OP" sheet and "Previous" sheet as they are
H6: =VLOOKUP(O4,Work1!C6:D29,2,0) -> K_INR | K6: (Unit:1000LC) | O6: Input fields | AJ6: Select period (1-12)
O7: Input fields, but not affect PL | AJ7: 10 | AK7: ex. Apr ->1, Feb ->2 ,,,Mar ->12 *BBR: Jan ->1, Feb ->2 ,,,Dec ->12
D8: 1 | E8: 1. P/L (1) - Overview
D9: 1 | F9: 1-1. P/L Statement | AJ9: single month | AR9: Quarter (QTD) | AZ9: Annual Year (YTD)
D10: 1 | P10: =IF($O$4="BBR",Work1!D2,Work1!D3) -> 43922 | Q10: =DATE(YEAR(P10),MONTH(P10)+1,DAY(P10)) -> 43952 | R10: =DATE(YEAR(Q10),MONTH(Q10)+1,DAY(Q10)) -> 43983 | S10: =DATE(YEAR(R10),MONTH(R10)+1,DAY(R10)) -> 44013 | T10: =DATE(YEAR(S10),MONTH(S10)+1,DAY(S10)) -> 44044 | U10: =DATE(YEAR(T10),MONTH(T10)+1,DAY(T10)) -> 44075 | V10: =DATE(YEAR(U10),MONTH(U10)+1,DAY(U10)) -> 44105 | W10: =DATE(YEAR(V10),MONTH(V10)+1,DAY(V10)) -> 44136 | X10: =DATE(YEAR(W10),MONTH(W10)+1,DAY(W10)) -> 44166 | ... AA10: =DATE(YEAR(Z10),MONTH(Z10)+1,DAY(Z10)) -> 44256 | AB10: Q1 | AC10: Q2 | AD10: Q3 | AE10: Q4 | AF10: 1st H | AG10: 2nd H | AH10: Yr. | AJ10: Result | AK10: OP | AL10: vs OP | AM10: % | AN10: FY19 | AO10: vs FY19 | AP10: % | AR10: Result | AS10: OP | AT10: vs OP | AU10: % | AV10: FY19 | AW10: vs FY19 | AX10: % | AZ10: Result | BA10: OP | BB10: vs OP | BC10: % | BD10: FY19 | BE10: vs FY19 | BF10: %
A11: 8 | B11: 8 | D11: 1 | H11: Net Sales | P11: =P74+P313+P284+P115+P159+P231 -> 18167 | Q11: =Q74+Q313+Q284+Q115+Q159+Q231 -> 259915 | R11: =R74+R313+R284+R115+R159+R231 -> 353593 | S11: =S74+S313+S284+S115+S159+S231 -> 362129 | T11: =T74+T313+T284+T115+T159+T231 -> 372500 | U11: =U74+U313+U284+U115+U159+U231 -> 529878 | V11: =V74+V313+V284+V115+V159+V231 -> 531688 | W11: =W74+W313+W284+W115+W159+W231 -> 510841 | ... AA11: =AA74+AA313+AA284+AA115+AA159+AA231 -> 699276 | AB11: =SUM(P11:R11) -> 631675 | AC11: =SUM(S11:U11) -> 1264507 | AD11: =SUM(V11:X11) -> 1674176 | AE11: =SUM(Y11:AA11) -> 1918025 | AF11: =AB11+AC11 -> 1896182 | AG11: =AE11+AD11 -> 3592201 | AH11: =AF11+AG11 -> 5488383 | AJ11: =SUM((INDIRECT(AJ$2&(ROW())):INDIRECT(AJ$3&(ROW())))) -> 584300 | AK11: =SUM(INDIRECT(AK$1&AK$2&$B11):INDIRECT(AK$1&AK$3&$B11)) -> 0 | AL11: =AJ11-AK11 -> 584300 | AM11: =IFERROR(AJ11/AK11,0) -> 0 | AN11: =SUM(INDIRECT(AN$1&AN$2&$A11):INDIRECT(AN$1&AN$3&$A11)) -> 611738 | AO11: =AJ11-AN11 -> -27438 | AP11: =IFERROR(AJ11/AN11,0) -> 0.95514747 | AR11: =SUM((INDIRECT(AR$2&(ROW())):INDIRECT(AR$3&(ROW())))) -> 584300 | AS11: =SUM(INDIRECT(AS$1&AS$2&$B11):INDIRECT(AS$1&AS$3&$B11)) -> 0 | AT11: =AR11-AS11 -> 584300 | AU11: =IFERROR(AR11/AS11,0) -> 0 | AV11: =SUM(INDIRECT(AV$1&AV$2&$A11):INDIRECT(AV$1&AV$3&$A11)) -> 611738 | AW11: =AR11-AV11 -> -27438 | AX11: =IFERROR(AR11/AV11,0) -> 0.95514747 | AZ11: =SUM((INDIRECT(AZ$2&(ROW())):INDIRECT(AZ$3&(ROW())))) -> 4154658 | BA11: =SUM(INDIRECT(BA$1&BA$2&$B11):INDIRECT(BA$1&BA$3&$B11)) -> 0 | BB11: =AZ11-BA11 -> 4154658 | BC11: =IFERROR(AZ11/BA11,0) -> 0 | BD11: =SUM(INDIRECT(BD$1&BD$2&$A11):INDIRECT(BD$1&BD$3&$A11)) -> 5858491 | BE11: =AZ11-BD11 -> -1703833 | BF11: =IFERROR(AZ11/BD11,0) -> 0.70916862
A12: 31 | B12: 9 | D12: 1 | H12: BT Consolidated Sales | P12: =P78+P318+P287+P120+P174+P241 -> 18167 | Q12: =Q78+Q318+Q287+Q120+Q174+Q241 -> 259915 | R12: =R78+R318+R287+R120+R174+R241 -> 353593 | S12: =S78+S318+S287+S120+S174+S241 -> 362129 | T12: =T78+T318+T287+T120+T174+T241 -> 372500 | U12: =U78+U318+U287+U120+U174+U241 -> 529878 | V12: =V78+V318+V287+V120+V174+V241 -> 531688 | W12: =W78+W318+W287+W120+W174+W241 -> 510841 | ... AA12: =AA78+AA318+AA287+AA120+AA174+AA241 -> 699276 | AB12: =SUM(P12:R12) -> 631675 | AC12: =SUM(S12:U12) -> 1264507 | AD12: =SUM(V12:X12) -> 1674176 | AE12: =SUM(Y12:AA12) -> 1918025 | AF12: =AB12+AC12 -> 1896182 | AG12: =AE12+AD12 -> 3592201 | AH12: =AF12+AG12 -> 5488383 | AJ12: =SUM((INDIRECT(AJ$2&(ROW())):INDIRECT(AJ$3&(ROW())))) -> 584300 | AK12: =SUM(INDIRECT(AK$1&AK$2&$B12):INDIRECT(AK$1&AK$3&$B12)) -> 0 | AL12: =AJ12-AK12 -> 584300 | AM12: =IFERROR(AJ12/AK12,0) -> 0 | AN12: =SUM(INDIRECT(AN$1&AN$2&$A12):INDIRECT(AN$1&AN$3&$A12)) -> 611750 | AO12: =AJ12-AN12 -> -27450 | AP12: =IFERROR(AJ12/AN12,0) -> 0.95512873 | AR12: =SUM((INDIRECT(AR$2&(ROW())):INDIRECT(AR$3&(ROW())))) -> 584300 | AS12: =SUM(INDIRECT(AS$1&AS$2&$B12):INDIRECT(AS$1&AS$3&$B12)) -> 0 | AT12: =AR12-AS12 -> 584300 | AU12: =IFERROR(AR12/AS12,0) -> 0 | AV12: =SUM(INDIRECT(AV$1&AV$2&$A12):INDIRECT(AV$1&AV$3&$A12)) -> 611750 | AW12: =AR12-AV12 -> -27450 | AX12: =IFERROR(AR12/AV12,0) -> 0.95512873 | AZ12: =SUM((INDIRECT(AZ$2&(ROW())):INDIRECT(AZ$3&(ROW())))) -> 4154658 | BA12: =SUM(INDIRECT(BA$1&BA$2&$B12):INDIRECT(BA$1&BA$3&$B12)) -> 0 | BB12: =AZ12-BA12 -> 4154658 | BC12: =IFERROR(AZ12/BA12,0) -> 0 | BD12: =SUM(INDIRECT(BD$1&BD$2&$A12):INDIRECT(BD$1&BD$3&$A12)) -> 5858548 | BE12: =AZ12-BD12 -> -1703890 | BF12: =IFERROR(AZ12/BD12,0) -> 0.70916172
A13: 9 | B13: 10 | D13: 1 | H13: Cost of Sales | P13: =P11-P14 -> 27530 | Q13: =Q11-Q14 -> 164839 | R13: =R11-R14 -> 236848 | S13: =S11-S14 -> 236354 | T13: =T11-T14 -> 247979 | U13: =U11-U14 -> 368680 | V13: =V11-V14 -> 332957 | W13: =W11-W14 -> 342066 | ... AA13: =AA11-AA14 -> 396406 | AB13: =SUM(P13:R13) -> 429217 | AC13: =SUM(S13:U13) -> 853013 | AD13: =SUM(V13:X13) -> 1090638 | AE13: =SUM(Y13:AA13) -> 1181639 | AF13: =AB13+AC13 -> 1282230 | AG13: =AE13+AD13 -> 2272277 | AH13: =AF13+AG13 -> 3554507 | AJ13: =SUM((INDIRECT(AJ$2&(ROW())):INDIRECT(AJ$3&(ROW())))) -> 376574 | AK13: =SUM(INDIRECT(AK$1&AK$2&$B13):INDIRECT(AK$1&AK$3&$B13)) -> 44136 | AL13: =AJ13-AK13 -> 332438 | AM13: =IFERROR(AJ13/AK13,0) -> 8.532128 | AN13: =SUM(INDIRECT(AN$1&AN$2&$A13):INDIRECT(AN$1&AN$3&$A13)) -> 403514 | AO13: =AJ13-AN13 -> -26940 | AP13: =IFERROR(AJ13/AN13,0) -> 0.93323652 | AR13: =SUM((INDIRECT(AR$2&(ROW())):INDIRECT(AR$3&(ROW())))) -> 376574 | AS13: =SUM(INDIRECT(AS$1&AS$2&$B13):INDIRECT(AS$1&AS$3&$B13)) -> 44136 | AT13: =AR13-AS13 -> 332438 | AU13: =IFERROR(AR13/AS13,0) -> 8.532128 | AV13: =SUM(INDIRECT(AV$1&AV$2&$A13):INDIRECT(AV$1&AV$3&$A13)) -> 403514 | AW13: =AR13-AV13 -> -26940 | AX13: =IFERROR(AR13/AV13,0) -> 0.93323652 | AZ13: =SUM((INDIRECT(AZ$2&(ROW())):INDIRECT(AZ$3&(ROW())))) -> 2749442 | BA13: =SUM(INDIRECT(BA$1&BA$2&$B13):INDIRECT(BA$1&BA$3&$B13)) -> 352230 | BB13: =AZ13-BA13 -> 2397212 | BC13: =IFERROR(AZ13/BA13,0) -> 7.8058144 | BD13: =SUM(INDIRECT(BD$1&BD$2&$A13):INDIRECT(BD$1&BD$3&$A13)) -> 3674326 | BE13: =AZ13-BD13 -> -924884 | BF13: =IFERROR(AZ13/BD13,0) -> 0.74828472
A14: 10 | B14: 11 | D14: 1 | H14: Gross Profit | P14: =P95+P323+P290+P137+P189+P251 -> -9363 | Q14: =Q95+Q323+Q290+Q137+Q189+Q251 -> 95076 | R14: =R95+R323+R290+R137+R189+R251 -> 116745 | S14: =S95+S323+S290+S137+S189+S251 -> 125775 | T14: =T95+T323+T290+T137+T189+T251 -> 124521 | U14: =U95+U323+U290+U137+U189+U251 -> 161198 | V14: =V95+V323+V290+V137+V189+V251 -> 198731 | W14: =W95+W323+W290+W137+W189+W251 -> 168775 | ... AA14: =AA95+AA323+AA290+AA137+AA189+AA251 -> 302870 | AB14: =SUM(P14:R14) -> 202458 | AC14: =SUM(S14:U14) -> 411494 | AD14: =SUM(V14:X14) -> 583538 | AE14: =SUM(Y14:AA14) -> 736386 | AF14: =AB14+AC14 -> 613952 | AG14: =AE14+AD14 -> 1319924 | AH14: =AF14+AG14 -> 1933876 | AJ14: =SUM((INDIRECT(AJ$2&(ROW())):INDIRECT(AJ$3&(ROW())))) -> 207726 | AK14: =SUM(INDIRECT(AK$1&AK$2&$B14):INDIRECT(AK$1&AK$3&$B14)) -> 494039.07 | AL14: =AJ14-AK14 -> -286313.07 | AM14: =IFERROR(AJ14/AK14,0) -> 0.42046472 | AN14: =SUM(INDIRECT(AN$1&AN$2&$A14):INDIRECT(AN$1&AN$3&$A14)) -> 208224 | AO14: =AJ14-AN14 -> -498 | AP14: =IFERROR(AJ14/AN14,0) -> 0.99760834 | AR14: =SUM((INDIRECT(AR$2&(ROW())):INDIRECT(AR$3&(ROW())))) -> 207726 | AS14: =SUM(INDIRECT(AS$1&AS$2&$B14):INDIRECT(AS$1&AS$3&$B14)) -> 494039.07 | AT14: =AR14-AS14 -> -286313.07 | AU14: =IFERROR(AR14/AS14,0) -> 0.42046472 | AV14: =SUM(INDIRECT(AV$1&AV$2&$A14):INDIRECT(AV$1&AV$3&$A14)) -> 208224 | AW14: =AR14-AV14 -> -498 | AX14: =IFERROR(AR14/AV14,0) -> 0.99760834 | AZ14: =SUM((INDIRECT(AZ$2&(ROW())):INDIRECT(AZ$3&(ROW())))) -> 1405216 | BA14: =SUM(INDIRECT(BA$1&BA$2&$B14):INDIRECT(BA$1&BA$3&$B14)) -> 2921909.1 | BB14: =AZ14-BA14 -> -1516693.1 | BC14: =IFERROR(AZ14/BA14,0) -> 0.48092393 | BD14: =SUM(INDIRECT(BD$1&BD$2&$A14):INDIRECT(BD$1&BD$3&$A14)) -> 2184165 | BE14: =AZ14-BD14 -> -778949 | BF14: =IFERROR(AZ14/BD14,0) -> 0.64336531
A15: 11 | B15: 12 | D15: 1 | O15: (%) | P15: =IFERROR(P14/P11,0) -> -0.51538504 | Q15: =IFERROR(Q14/Q11,0) -> 0.36579651 | R15: =IFERROR(R14/R11,0) -> 0.33016774 | S15: =IFERROR(S14/S11,0) -> 0.34732098 | T15: =IFERROR(T14/T11,0) -> 0.33428456 | U15: =IFERROR(U14/U11,0) -> 0.3042172 | V15: =IFERROR(V14/V11,0) -> 0.37377372 | W15: =IFERROR(W14/W11,0) -> 0.33038656 | ... AH15: =IFERROR(AH14/AH11,0) -> 0.35235806 | AJ15: =IFERROR(AJ14/AJ11,0) -> 0.35551258 | AK15: =IFERROR(AK14/AK11,0) -> 0 | AL15: =AJ15-AK15 -> 0.35551258 | AN15: =IFERROR(AN14/AN11,0) -> 0.34038101 | AO15: =AJ15-AN15 -> 0.015131566 | AR15: =IFERROR(AR14/AR11,0) -> 0.35551258 | AS15: =IFERROR(AS14/AS11,0) -> 0 | AT15: =AR15-AS15 -> 0.35551258 | AV15: =IFERROR(AV14/AV11,0) -> 0.34038101 | AW15: =AR15-AV15 -> 0.015131566 | AZ15: =IFERROR(AZ14/AZ11,0) -> 0.33822664 | BA15: =IFERROR(BA14/BA11,0) -> 0 | BB15: =AZ15-BA15 -> 0.33822664 | BD15: =IFERROR(BD14/BD11,0) -> 0.37282041 | BE15: =AZ15-BD15 -> -0.034593771
A16: 12 | B16: 13 | D16: 1 | H16: SGA Expenses | P16: =P18+P19+P20 -> 103432 | Q16: =Q18+Q19+Q20 -> 107632 | R16: =R18+R19+R20 -> 138078 | S16: =S18+S19+S20 -> 114615 | T16: =T18+T19+T20 -> 117662 | U16: =U18+U19+U20 -> 139775 | V16: =V18+V19+V20 -> 160003 | W16: =W18+W19+W20 -> 131089 | ... AA16: =AA18+AA19+AA20 -> 94033 | AB16: =SUM(P16:R16) -> 349142 | AC16: =SUM(S16:U16) -> 372052 | AD16: =SUM(V16:X16) -> 438836 | AE16: =SUM(Y16:AA16) -> 362980 | AF16: =AB16+AC16 -> 721194 | AG16: =AE16+AD16 -> 801816 | AH16: =AF16+AG16 -> 1523010 | AJ16: =SUM((INDIRECT(AJ$2&(ROW())):INDIRECT(AJ$3&(ROW())))) -> 133766 | AK16: =SUM(INDIRECT(AK$1&AK$2&$B16):INDIRECT(AK$1&AK$3&$B16)) -> 318477.35 | AL16: =AJ16-AK16 -> -184711.35 | AM16: =IFERROR(AJ16/AK16,0) -> 0.42001731 | AN16: =SUM(INDIRECT(AN$1&AN$2&$A16):INDIRECT(AN$1&AN$3&$A16)) -> 130444 | AO16: =AJ16-AN16 -> 3322 | AP16: =IFERROR(AJ16/AN16,0) -> 1.0254669 | AR16: =SUM((INDIRECT(AR$2&(ROW())):INDIRECT(AR$3&(ROW())))) -> 133766 | AS16: =SUM(INDIRECT(AS$1&AS$2&$B16):INDIRECT(AS$1&AS$3&$B16)) -> 318477.35 | AT16: =AR16-AS16 -> -184711.35 | AU16: =IFERROR(AR16/AS16,0) -> 0.42001731 | AV16: =SUM(INDIRECT(AV$1&AV$2&$A16):INDIRECT(AV$1&AV$3&$A16)) -> 130444 | AW16: =AR16-AV16 -> 3322 | AX16: =IFERROR(AR16/AV16,0) -> 1.0254669 | AZ16: =SUM((INDIRECT(AZ$2&(ROW())):INDIRECT(AZ$3&(ROW())))) -> 1293796 | BA16: =SUM(INDIRECT(BA$1&BA$2&$B16):INDIRECT(BA$1&BA$3&$B16)) -> 1933664.3 | BB16: =AZ16-BA16 -> -639868.35 | BC16: =IFERROR(AZ16/BA16,0) -> 0.66909027 | BD16: =SUM(INDIRECT(BD$1&BD$2&$A16):INDIRECT(BD$1&BD$3&$A16)) -> 1552059 | BE16: =AZ16-BD16 -> -258263 | BF16: =IFERROR(AZ16/BD16,0) -> 0.83359975
A17: 13 | B17: 14 | D17: 1 | O17: (%) | P17: =IFERROR(P16/P11,0) -> 5.6934001 | Q17: =IFERROR(Q16/Q11,0) -> 0.41410461 | R17: =IFERROR(R16/R11,0) -> 0.39049981 | S17: =IFERROR(S16/S11,0) -> 0.31650324 | T17: =IFERROR(T16/T11,0) -> 0.31587114 | U17: =IFERROR(U16/U11,0) -> 0.26378714 | V17: =IFERROR(V16/V11,0) -> 0.30093401 | W17: =IFERROR(W16/W11,0) -> 0.25661409 | ... AH17: =IFERROR(AH16/AH11,0) -> 0.27749703 | AJ17: =INDIRECT(AJ$2&ROW()) -> 0.22893377 | AK17: =IFERROR(AK16/AK11,0) -> 0 | AL17: =AJ17-AK17 -> 0.22893377 | AN17: =IFERROR(AN16/AN11,0) -> 0.21323508 | AO17: =AJ17-AN17 -> 0.015698689 | AR17: =INDIRECT(AR$2&ROW()) -> 0.22893377 | AS17: =IFERROR(AS16/AS11,0) -> 0 | AT17: =AR17-AS17 -> 0.22893377 | AV17: =IFERROR(AV16/AV11,0) -> 0.21323508 | AW17: =AR17-AV17 -> 0.015698689 | AZ17: =INDIRECT(AZ$2&ROW()) -> 5.6934001 | BA17: =IFERROR(BA16/BA11,0) -> 0 | BB17: =AZ17-BA17 -> 5.6934001 | BD17: =IFERROR(BD16/BD11,0) -> 0.26492471 | BE17: =AZ17-BD17 -> 5.4284754
A18: 14 | B18: 15 | D18: 1 | I18: Variable Expenses | P18: =P104+P148+P220+P273+P334+P297 -> 13639 | Q18: =Q104+Q148+Q220+Q273+Q334+Q297 -> 18974 | R18: =R104+R148+R220+R273+R334+R297 -> 25994 | S18: =S104+S148+S220+S273+S334+S297 -> 23384 | T18: =T104+T148+T220+T273+T334+T297 -> 24835 | U18: =U104+U148+U220+U273+U334+U297 -> 30100 | V18: =V104+V148+V220+V273+V334+V297 -> 42417 | W18: =W104+W148+W220+W273+W334+W297 -> 29605 | ... AA18: =AA104+AA148+AA220+AA273+AA334+AA297 -> 4828 | AB18: =SUM(P18:R18) -> 58607 | AC18: =SUM(S18:U18) -> 78319 | AD18: =SUM(V18:X18) -> 126338 | AE18: =SUM(Y18:AA18) -> 70133 | AF18: =AB18+AC18 -> 136926 | AG18: =AE18+AD18 -> 196471 | AH18: =AF18+AG18 -> 333397 | AJ18: =SUM((INDIRECT(AJ$2&(ROW())):INDIRECT(AJ$3&(ROW())))) -> 30960 | AK18: =SUM(INDIRECT(AK$1&AK$2&$B18):INDIRECT(AK$1&AK$3&$B18)) -> 0.35536 | AL18: =AJ18-AK18 -> 30959.645 | AM18: =IFERROR(AJ18/AK18,0) -> 87122.919 | AN18: =SUM(INDIRECT(AN$1&AN$2&$A18):INDIRECT(AN$1&AN$3&$A18)) -> 29974 | AO18: =AJ18-AN18 -> 986 | AP18: =IFERROR(AJ18/AN18,0) -> 1.0328952 | AR18: =SUM((INDIRECT(AR$2&(ROW())):INDIRECT(AR$3&(ROW())))) -> 30960 | AS18: =SUM(INDIRECT(AS$1&AS$2&$B18):INDIRECT(AS$1&AS$3&$B18)) -> 0.35536 | AT18: =AR18-AS18 -> 30959.645 | AU18: =IFERROR(AR18/AS18,0) -> 87122.919 | AV18: =SUM(INDIRECT(AV$1&AV$2&$A18):INDIRECT(AV$1&AV$3&$A18)) -> 29974 | AW18: =AR18-AV18 -> 986 | AX18: =IFERROR(AR18/AV18,0) -> 1.0328952 | AZ18: =SUM((INDIRECT(AZ$2&(ROW())):INDIRECT(AZ$3&(ROW())))) -> 294224 | BA18: =SUM(INDIRECT(BA$1&BA$2&$B18):INDIRECT(BA$1&BA$3&$B18)) -> 1.8955357 | BB18: =AZ18-BA18 -> 294222.1 | BC18: =IFERROR(AZ18/BA18,0) -> 155219.45 | BD18: =SUM(INDIRECT(BD$1&BD$2&$A18):INDIRECT(BD$1&BD$3&$A18)) -> 539716 | BE18: =AZ18-BD18 -> -245492 | BF18: =IFERROR(AZ18/BD18,0) -> 0.54514597
A19: 15 | B19: 16 | D19: 1 | I19: Wages & Salaries | P19: =P105+P149+P221+P274+P335+P298 -> 54778 | Q19: =Q105+Q149+Q221+Q274+Q335+Q298 -> 54753 | R19: =R105+R149+R221+R274+R335+R298 -> 51737 | S19: =S105+S149+S221+S274+S335+S298 -> 54723 | T19: =T105+T149+T221+T274+T335+T298 -> 55281 | U19: =U105+U149+U221+U274+U335+U298 -> 59742 | V19: =V105+V149+V221+V274+V335+V298 -> 58108 | W19: =W105+W149+W221+W274+W335+W298 -> 53241 | ... AA19: =AA105+AA149+AA221+AA274+AA335+AA298 -> 66985 | AB19: =SUM(P19:R19) -> 161268 | AC19: =SUM(S19:U19) -> 169746 | AD19: =SUM(V19:X19) -> 155186 | AE19: =SUM(Y19:AA19) -> 173943 | AF19: =AB19+AC19 -> 331014 | AG19: =AE19+AD19 -> 329129 | AH19: =AF19+AG19 -> 660143 | AJ19: =SUM((INDIRECT(AJ$2&(ROW())):INDIRECT(AJ$3&(ROW())))) -> 53451 | AK19: =SUM(INDIRECT(AK$1&AK$2&$B19):INDIRECT(AK$1&AK$3&$B19)) -> 129897.39 | AL19: =AJ19-AK19 -> -76446.385 | AM19: =IFERROR(AJ19/AK19,0) -> 0.41148634 | AN19: =SUM(INDIRECT(AN$1&AN$2&$A19):INDIRECT(AN$1&AN$3&$A19)) -> 48281 | AO19: =AJ19-AN19 -> 5170 | AP19: =IFERROR(AJ19/AN19,0) -> 1.1070815 | AR19: =SUM((INDIRECT(AR$2&(ROW())):INDIRECT(AR$3&(ROW())))) -> 53451 | AS19: =SUM(INDIRECT(AS$1&AS$2&$B19):INDIRECT(AS$1&AS$3&$B19)) -> 129897.39 | AT19: =AR19-AS19 -> -76446.385 | AU19: =IFERROR(AR19/AS19,0) -> 0.41148634 | AV19: =SUM(INDIRECT(AV$1&AV$2&$A19):INDIRECT(AV$1&AV$3&$A19)) -> 48281 | AW19: =AR19-AV19 -> 5170 | AX19: =IFERROR(AR19/AV19,0) -> 1.1070815 | AZ19: =SUM((INDIRECT(AZ$2&(ROW())):INDIRECT(AZ$3&(ROW())))) -> 539651 | BA19: =SUM(INDIRECT(BA$1&BA$2&$B19):INDIRECT(BA$1&BA$3&$B19)) -> 1011094.4 | BB19: =AZ19-BA19 -> -471443.39 | BC19: =IFERROR(AZ19/BA19,0) -> 0.5337296 | BD19: =SUM(INDIRECT(BD$1&BD$2&$A19):INDIRECT(BD$1&BD$3&$A19)) -> 495724 | BE19: =AZ19-BD19 -> 43927 | BF19: =IFERROR(AZ19/BD19,0) -> 1.0886118
A20: 16 | B20: 17 | D20: 1 | I20: Fixed Expenses | P20: =P106+P150+P222+P275+P336+P299 -> 35015 | Q20: =Q106+Q150+Q222+Q275+Q336+Q299 -> 33905 | R20: =R106+R150+R222+R275+R336+R299 -> 60347 | S20: =S106+S150+S222+S275+S336+S299 -> 36508 | T20: =T106+T150+T222+T275+T336+T299 -> 37546 | U20: =U106+U150+U222+U275+U336+U299 -> 49933 | V20: =V106+V150+V222+V275+V336+V299 -> 59478 | W20: =W106+W150+W222+W275+W336+W299 -> 48243 | ... AA20: =AA106+AA150+AA222+AA275+AA336+AA299 -> 22220 | AB20: =SUM(P20:R20) -> 129267 | AC20: =SUM(S20:U20) -> 123987 | AD20: =SUM(V20:X20) -> 157312 | AE20: =SUM(Y20:AA20) -> 118904 | AF20: =AB20+AC20 -> 253254 | AG20: =AE20+AD20 -> 276216 | AH20: =AF20+AG20 -> 529470 | AJ20: =SUM((INDIRECT(AJ$2&(ROW())):INDIRECT(AJ$3&(ROW())))) -> 49355 | AK20: =SUM(INDIRECT(AK$1&AK$2&$B20):INDIRECT(AK$1&AK$3&$B20)) -> 0.26292938 | AL20: =AJ20-AK20 -> 49354.737 | AM20: =IFERROR(AJ20/AK20,0) -> 187712 | AN20: =SUM(INDIRECT(AN$1&AN$2&$A20):INDIRECT(AN$1&AN$3&$A20)) -> 52189 | AO20: =AJ20-AN20 -> -2834 | AP20: =IFERROR(AJ20/AN20,0) -> 0.94569737 | AR20: =SUM((INDIRECT(AR$2&(ROW())):INDIRECT(AR$3&(ROW())))) -> 49355 | AS20: =SUM(INDIRECT(AS$1&AS$2&$B20):INDIRECT(AS$1&AS$3&$B20)) -> 0.26292938 | AT20: =AR20-AS20 -> 49354.737 | AU20: =IFERROR(AR20/AS20,0) -> 187712 | AV20: =SUM(INDIRECT(AV$1&AV$2&$A20):INDIRECT(AV$1&AV$3&$A20)) -> 52189 | AW20: =AR20-AV20 -> -2834 | AX20: =IFERROR(AR20/AV20,0) -> 0.94569737 | AZ20: =SUM((INDIRECT(AZ$2&(ROW())):INDIRECT(AZ$3&(ROW())))) -> 459921 | BA20: =SUM(INDIRECT(BA$1&BA$2&$B20):INDIRECT(BA$1&BA$3&$B20)) -> 7.9580294 | BB20: =AZ20-BA20 -> 459913.04 | BC20: =IFERROR(AZ20/BA20,0) -> 57793.327 | BD20: =SUM(INDIRECT(BD$1&BD$2&$A20):INDIRECT(BD$1&BD$3&$A20)) -> 516619 | BE20: =AZ20-BD20 -> -56698 | BF20: =IFERROR(AZ20/BD20,0) -> 0.89025181
A21: 17 | B21: 18 | D21: 1 | H21: Business Contribution Profit | P21: =P14-P16 -> -112795 | Q21: =Q14-Q16 -> -12556 | R21: =R14-R16 -> -21333 | S21: =S14-S16 -> 11160 | T21: =T14-T16 -> 6859 | U21: =U14-U16 -> 21423 | V21: =V14-V16 -> 38728 | W21: =W14-W16 -> 37686 | ... AA21: =AA14-AA16 -> 208837 | AB21: =SUM(P21:R21) -> -146684 | AC21: =SUM(S21:U21) -> 39442 | AD21: =SUM(V21:X21) -> 144702 | AE21: =SUM(Y21:AA21) -> 373406 | AF21: =AB21+AC21 -> -107242 | AG21: =AE21+AD21 -> 518108 | AH21: =AF21+AG21 -> 410866 | AJ21: =SUM((INDIRECT(AJ$2&(ROW())):INDIRECT(AJ$3&(ROW())))) -> 73960 | AK21: =SUM(INDIRECT(AK$1&AK$2&$B21):INDIRECT(AK$1&AK$3&$B21)) -> 28619.788 | AL21: =AJ21-AK21 -> 45340.212 | AM21: =IFERROR(AJ21/AK21,0) -> 2.584226 | AN21: =SUM(INDIRECT(AN$1&AN$2&$A21):INDIRECT(AN$1&AN$3&$A21)) -> 77780 | AO21: =AJ21-AN21 -> -3820 | AP21: =IFERROR(AJ21/AN21,0) -> 0.95088712 | AR21: =SUM((INDIRECT(AR$2&(ROW())):INDIRECT(AR$3&(ROW())))) -> 73960 | AS21: =SUM(INDIRECT(AS$1&AS$2&$B21):INDIRECT(AS$1&AS$3&$B21)) -> 28619.788 | AT21: =AR21-AS21 -> 45340.212 | AU21: =IFERROR(AR21/AS21,0) -> 2.584226 | AV21: =SUM(INDIRECT(AV$1&AV$2&$A21):INDIRECT(AV$1&AV$3&$A21)) -> 77780 | AW21: =AR21-AV21 -> -3820 | AX21: =IFERROR(AR21/AV21,0) -> 0.95088712 | AZ21: =SUM((INDIRECT(AZ$2&(ROW())):INDIRECT(AZ$3&(ROW())))) -> 111420 | BA21: =SUM(INDIRECT(BA$1&BA$2&$B21):INDIRECT(BA$1&BA$3&$B21)) -> 207962.79 | BB21: =AZ21-BA21 -> -96542.788 | BC21: =IFERROR(AZ21/BA21,0) -> 0.53576893 | BD21: =SUM(INDIRECT(BD$1&BD$2&$A21):INDIRECT(BD$1&BD$3&$A21)) -> 632106 | BE21: =AZ21-BD21 -> -520686 | BF21: =IFERROR(AZ21/BD21,0) -> 0.1762679
A22: 18 | B22: 19 | D22: 1 | O22: (%) | P22: =IFERROR(P21/P11,0) -> -6.2087852 | Q22: =IFERROR(Q21/Q11,0) -> -0.048308101 | R22: =IFERROR(R21/R11,0) -> -0.060332077 | S22: =IFERROR(S21/S11,0) -> 0.030817747 | T22: =IFERROR(T21/T11,0) -> 0.018413423 | U22: =IFERROR(U21/U11,0) -> 0.040430061 | V22: =IFERROR(V21/V11,0) -> 0.072839711 | W22: =IFERROR(W21/W11,0) -> 0.073772465 | ... AH22: =IFERROR(AH21/AH11,0) -> 0.074861029 | AJ22: =IFERROR(AJ21/AJ11,0) -> 0.12657881 | AK22: =IFERROR(AK21/AK11,0) -> 0 | AL22: =AJ22-AK22 -> 0.12657881 | AN22: =IFERROR(AN21/AN11,0) -> 0.12714594 | AO22: =AJ22-AN22 -> -0.00056712277 | AR22: =IFERROR(AR21/AR11,0) -> 0.12657881 | AS22: =IFERROR(AS21/AS11,0) -> 0 | AT22: =AR22-AS22 -> 0.12657881 | AV22: =IFERROR(AV21/AV11,0) -> 0.12714594 | AW22: =AR22-AV22 -> -0.00056712277 | AZ22: =IFERROR(AZ21/AZ11,0) -> 0.026818092 | BA22: =IFERROR(BA21/BA11,0) -> 0 | BB22: =AZ22-BA22 -> 0.026818092 | BD22: =IFERROR(BD21/BD11,0) -> 0.1078957 | BE22: =AZ22-BD22 -> -0.08107761
A23: 19 | B23: 20 | D23: 1 | H23: Other Income | P23: =P109+P348+P307+P153+P225+P278 -> 125 | Q23: =Q109+Q348+Q307+Q153+Q225+Q278 -> 716 | R23: =R109+R348+R307+R153+R225+R278 -> 1510 | S23: =S109+S348+S307+S153+S225+S278 -> 2211 | T23: =T109+T348+T307+T153+T225+T278 -> 1417 | U23: =U109+U348+U307+U153+U225+U278 -> 1629 | V23: =V109+V348+V307+V153+V225+V278 -> 832 | W23: =W109+W348+W307+W153+W225+W278 -> 2656 | ... AA23: =AA109+AA348+AA307+AA153+AA225+AA278 -> 31626 | AB23: =SUM(P23:R23) -> 2351 | AC23: =SUM(S23:U23) -> 5257 | AD23: =SUM(V23:X23) -> 5445 | AE23: =SUM(Y23:AA23) -> 37639 | AF23: =AB23+AC23 -> 7608 | AG23: =AE23+AD23 -> 43084 | AH23: =AF23+AG23 -> 50692 | AJ23: =SUM((INDIRECT(AJ$2&(ROW())):INDIRECT(AJ$3&(ROW())))) -> 3650 | AK23: =SUM(INDIRECT(AK$1&AK$2&$B23):INDIRECT(AK$1&AK$3&$B23)) -> 50463.7 | AL23: =AJ23-AK23 -> -46813.7 | AM23: =IFERROR(AJ23/AK23,0) -> 0.072329219 | AN23: =SUM(INDIRECT(AN$1&AN$2&$A23):INDIRECT(AN$1&AN$3&$A23)) -> 3394 | AO23: =AJ23-AN23 -> 256 | AP23: =IFERROR(AJ23/AN23,0) -> 1.0754272 | AR23: =SUM((INDIRECT(AR$2&(ROW())):INDIRECT(AR$3&(ROW())))) -> 3650 | AS23: =SUM(INDIRECT(AS$1&AS$2&$B23):INDIRECT(AS$1&AS$3&$B23)) -> 50463.7 | AT23: =AR23-AS23 -> -46813.7 | AU23: =IFERROR(AR23/AS23,0) -> 0.072329219 | AV23: =SUM(INDIRECT(AV$1&AV$2&$A23):INDIRECT(AV$1&AV$3&$A23)) -> 3394 | AW23: =AR23-AV23 -> 256 | AX23: =IFERROR(AR23/AV23,0) -> 1.0754272 | AZ23: =SUM((INDIRECT(AZ$2&(ROW())):INDIRECT(AZ$3&(ROW())))) -> 16703 | BA23: =SUM(INDIRECT(BA$1&BA$2&$B23):INDIRECT(BA$1&BA$3&$B23)) -> 363195.7 | BB23: =AZ23-BA23 -> -346492.7 | BC23: =IFERROR(AZ23/BA23,0) -> 0.045988981 | BD23: =SUM(INDIRECT(BD$1&BD$2&$A23):INDIRECT(BD$1&BD$3&$A23)) -> 14015 | BE23: =AZ23-BD23 -> 2688 | BF23: =IFERROR(AZ23/BD23,0) -> 1.1917945
A24: 20 | B24: 21 | D24: 1 | H24: Other Expenses | P24: =P110+P349+P308+P154+P226+P279 -> 0 | Q24: =Q110+Q349+Q308+Q154+Q226+Q279 -> 0 | R24: =R110+R349+R308+R154+R226+R279 -> 0 | S24: =S110+S349+S308+S154+S226+S279 -> 0 | T24: =T110+T349+T308+T154+T226+T279 -> 0 | U24: =U110+U349+U308+U154+U226+U279 -> 0 | V24: =V110+V349+V308+V154+V226+V279 -> 0 | W24: =W110+W349+W308+W154+W226+W279 -> 0 | ... AA24: =AA110+AA349+AA308+AA154+AA226+AA279 -> 35000 | AB24: =SUM(P24:R24) -> 0 | AC24: =SUM(S24:U24) -> 0 | AD24: =SUM(V24:X24) -> 0 | AE24: =SUM(Y24:AA24) -> 35000 | AF24: =AB24+AC24 -> 0 | AG24: =AE24+AD24 -> 35000 | AH24: =AF24+AG24 -> 35000 | AJ24: =SUM((INDIRECT(AJ$2&(ROW())):INDIRECT(AJ$3&(ROW())))) -> 0 | AK24: =SUM(INDIRECT(AK$1&AK$2&$B24):INDIRECT(AK$1&AK$3&$B24)) -> 45664.336 | AL24: =AJ24-AK24 -> -45664.336 | AM24: =IFERROR(AJ24/AK24,0) -> 0 | AN24: =SUM(INDIRECT(AN$1&AN$2&$A24):INDIRECT(AN$1&AN$3&$A24)) -> 0 | AO24: =AJ24-AN24 -> 0 | AP24: =IFERROR(AJ24/AN24,0) -> 0 | AR24: =SUM((INDIRECT(AR$2&(ROW())):INDIRECT(AR$3&(ROW())))) -> 0 | AS24: =SUM(INDIRECT(AS$1&AS$2&$B24):INDIRECT(AS$1&AS$3&$B24)) -> 45664.336 | AT24: =AR24-AS24 -> -45664.336 | AU24: =IFERROR(AR24/AS24,0) -> 0 | AV24: =SUM(INDIRECT(AV$1&AV$2&$A24):INDIRECT(AV$1&AV$3&$A24)) -> 0 | AW24: =AR24-AV24 -> 0 | AX24: =IFERROR(AR24/AV24,0) -> 0 | AZ24: =SUM((INDIRECT(AZ$2&(ROW())):INDIRECT(AZ$3&(ROW())))) -> 0 | BA24: =SUM(INDIRECT(BA$1&BA$2&$B24):INDIRECT(BA$1&BA$3&$B24)) -> -22849.664 | BB24: =AZ24-BA24 -> 22849.664 | BC24: =IFERROR(AZ24/BA24,0) -> 0 | BD24: =SUM(INDIRECT(BD$1&BD$2&$A24):INDIRECT(BD$1&BD$3&$A24)) -> 2060 | BE24: =AZ24-BD24 -> -2060 | BF24: =IFERROR(AZ24/BD24,0) -> 0
A25: 21 | B25: 22 | D25: 1 | H25: Operating Profit | P25: =P21+P23-P24 -> -112670 | Q25: =Q21+Q23-Q24 -> -11840 | R25: =R21+R23-R24 -> -19823 | S25: =S21+S23-S24 -> 13371 | T25: =T21+T23-T24 -> 8276 | U25: =U21+U23-U24 -> 23052 | V25: =V21+V23-V24 -> 39560 | W25: =W21+W23-W24 -> 40342 | ... AA25: =AA21+AA23-AA24 -> 205463 | AB25: =SUM(P25:R25) -> -144333 | AC25: =SUM(S25:U25) -> 44699 | AD25: =SUM(V25:X25) -> 150147 | AE25: =SUM(Y25:AA25) -> 376045 | AF25: =AB25+AC25 -> -99634 | AG25: =AE25+AD25 -> 526192 | AH25: =AF25+AG25 -> 426558 | AJ25: =SUM((INDIRECT(AJ$2&(ROW())):INDIRECT(AJ$3&(ROW())))) -> 77610 | AK25: =SUM(INDIRECT(AK$1&AK$2&$B25):INDIRECT(AK$1&AK$3&$B25)) -> 0.092430618 | AL25: =AJ25-AK25 -> 77609.908 | AM25: =IFERROR(AJ25/AK25,0) -> 839656.83 | AN25: =SUM(INDIRECT(AN$1&AN$2&$A25):INDIRECT(AN$1&AN$3&$A25)) -> 81174 | AO25: =AJ25-AN25 -> -3564 | AP25: =IFERROR(AJ25/AN25,0) -> 0.95609432 | AR25: =SUM((INDIRECT(AR$2&(ROW())):INDIRECT(AR$3&(ROW())))) -> 77610 | AS25: =SUM(INDIRECT(AS$1&AS$2&$B25):INDIRECT(AS$1&AS$3&$B25)) -> 0.092430618 | AT25: =AR25-AS25 -> 77609.908 | AU25: =IFERROR(AR25/AS25,0) -> 839656.83 | AV25: =SUM(INDIRECT(AV$1&AV$2&$A25):INDIRECT(AV$1&AV$3&$A25)) -> 81174 | AW25: =AR25-AV25 -> -3564 | AX25: =IFERROR(AR25/AV25,0) -> 0.95609432 | AZ25: =SUM((INDIRECT(AZ$2&(ROW())):INDIRECT(AZ$3&(ROW())))) -> 128123 | BA25: =SUM(INDIRECT(BA$1&BA$2&$B25):INDIRECT(BA$1&BA$3&$B25)) -> -6.0624938 | BB25: =AZ25-BA25 -> 128129.06 | BC25: =IFERROR(AZ25/BA25,0) -> -21133.712 | BD25: =SUM(INDIRECT(BD$1&BD$2&$A25):INDIRECT(BD$1&BD$3&$A25)) -> 644061 | BE25: =AZ25-BD25 -> -515938 | BF25: =IFERROR(AZ25/BD25,0) -> 0.19892992
A26: 22 | B26: 23 | D26: 1 | O26: (%) | P26: =IFERROR(P25/P11,0) -> -6.2019046 | Q26: =IFERROR(Q25/Q11,0) -> -0.045553354 | R26: =IFERROR(R25/R11,0) -> -0.05606163 | S26: =IFERROR(S25/S11,0) -> 0.036923306 | T26: =IFERROR(T25/T11,0) -> 0.02221745 | U26: =IFERROR(U25/U11,0) -> 0.043504354 | V26: =IFERROR(V25/V11,0) -> 0.074404538 | W26: =IFERROR(W25/W11,0) -> 0.078971735 | ... AH26: =IFERROR(AH25/AH11,0) -> 0.077720159 | AJ26: =IFERROR(AJ25/AJ11,0) -> 0.1328256 | AK26: =IFERROR(AK25/AK11,0) -> 0 | AL26: =AJ26-AK26 -> 0.1328256 | AN26: =IFERROR(AN25/AN11,0) -> 0.13269406 | AO26: =AJ26-AN26 -> 0.00013154145 | AR26: =IFERROR(AR25/AR11,0) -> 0.1328256 | AS26: =IFERROR(AS25/AS11,0) -> 0 | AT26: =AR26-AS26 -> 0.1328256 | AV26: =IFERROR(AV25/AV11,0) -> 0.13269406 | AW26: =AR26-AV26 -> 0.00013154145 | AZ26: =IFERROR(AZ25/AZ11,0) -> 0.030838399 | BA26: =IFERROR(BA25/BA11,0) -> 0 | BB26: =AZ26-BA26 -> 0.030838399 | BD26: =IFERROR(BD25/BD11,0) -> 0.10993633 | BE26: =AZ26-BD26 -> -0.079097931
A27: 23 | B27: 24 | D27: 1 | H27: Financial Income (Expenses), net | P27: =P28-P29 -> 9974 | Q27: =Q28-Q29 -> 7872 | R27: =R28-R29 -> 3010 | S27: =S28-S29 -> 5505 | T27: =T28-T29 -> 5272 | U27: =U28-U29 -> 1582 | V27: =V28-V29 -> 6524 | W27: =W28-W29 -> 6201 | ... AA27: =AA28-AA29 -> 11823 | AB27: =SUM(P27:R27) -> 20856 | AC27: =SUM(S27:U27) -> 12359 | AD27: =SUM(V27:X27) -> 15669 | AE27: =SUM(Y27:AA27) -> 18445 | AF27: =AB27+AC27 -> 33215 | AG27: =AE27+AD27 -> 34114 | AH27: =AF27+AG27 -> 67329 | AJ27: =SUM((INDIRECT(AJ$2&(ROW())):INDIRECT(AJ$3&(ROW())))) -> 6629 | AK27: =SUM(INDIRECT(AK$1&AK$2&$B27):INDIRECT(AK$1&AK$3&$B27)) -> 0 | AL27: =AJ27-AK27 -> 6629 | AM27: =IFERROR(AJ27/AK27,0) -> 0 | AN27: =SUM(INDIRECT(AN$1&AN$2&$A27):INDIRECT(AN$1&AN$3&$A27)) -> 8509 | AO27: =AJ27-AN27 -> -1880 | AP27: =IFERROR(AJ27/AN27,0) -> 0.77905747 | AR27: =SUM((INDIRECT(AR$2&(ROW())):INDIRECT(AR$3&(ROW())))) -> 6629 | AS27: =SUM(INDIRECT(AS$1&AS$2&$B27):INDIRECT(AS$1&AS$3&$B27)) -> 0 | AT27: =AR27-AS27 -> 6629 | AU27: =IFERROR(AR27/AS27,0) -> 0 | AV27: =SUM(INDIRECT(AV$1&AV$2&$A27):INDIRECT(AV$1&AV$3&$A27)) -> 8509 | AW27: =AR27-AV27 -> -1880 | AX27: =IFERROR(AR27/AV27,0) -> 0.77905747 | AZ27: =SUM((INDIRECT(AZ$2&(ROW())):INDIRECT(AZ$3&(ROW())))) -> 55513 | BA27: =SUM(INDIRECT(BA$1&BA$2&$B27):INDIRECT(BA$1&BA$3&$B27)) -> 0 | BB27: =AZ27-BA27 -> 55513 | BC27: =IFERROR(AZ27/BA27,0) -> 0 | BD27: =SUM(INDIRECT(BD$1&BD$2&$A27):INDIRECT(BD$1&BD$3&$A27)) -> 78547 | BE27: =AZ27-BD27 -> -23034 | BF27: =IFERROR(AZ27/BD27,0) -> 0.70674883
A28: 24 | B28: 25 | D28: 1 | I28: Financial Income | P28: 9974 | Q28: 8172 | R28: 7112 | S28: 5679 | T28: =4854+418 -> 5272 | U28: 5582 | V28: 6524 | W28: 6678 | X28: 6625 | Y28: 6629 | Z28: 0 | AA28: 14218 | AB28: =SUM(P28:AA28) -> 82465 | AC28: =SUM(S28:U28) -> 16533 | AD28: =SUM(V28:X28) -> 19827 | AE28: =SUM(Y28:AA28) -> 20847 | AF28: =AB28+AC28 -> 98998 | AG28: =AE28+AD28 -> 40674 | AH28: =AF28+AG28 -> 139672 | AJ28: =SUM((INDIRECT(AJ$2&(ROW())):INDIRECT(AJ$3&(ROW())))) -> 6629 | AK28: =SUM(INDIRECT(AK$1&AK$2&$B28):INDIRECT(AK$1&AK$3&$B28)) -> 45664.336 | AL28: =AJ28-AK28 -> -39035.336 | AM28: =IFERROR(AJ28/AK28,0) -> 0.14516799 | AN28: =SUM(INDIRECT(AN$1&AN$2&$A28):INDIRECT(AN$1&AN$3&$A28)) -> 8557 | AO28: =AJ28-AN28 -> -1928 | AP28: =IFERROR(AJ28/AN28,0) -> 0.77468739 | AR28: =SUM((INDIRECT(AR$2&(ROW())):INDIRECT(AR$3&(ROW())))) -> 6629 | AS28: =SUM(INDIRECT(AS$1&AS$2&$B28):INDIRECT(AS$1&AS$3&$B28)) -> 45664.336 | AT28: =AR28-AS28 -> -39035.336 | AU28: =IFERROR(AR28/AS28,0) -> 0.14516799 | AV28: =SUM(INDIRECT(AV$1&AV$2&$A28):INDIRECT(AV$1&AV$3&$A28)) -> 8557 | AW28: =AR28-AV28 -> -1928 | AX28: =IFERROR(AR28/AV28,0) -> 0.77468739 | AZ28: =SUM((INDIRECT(AZ$2&(ROW())):INDIRECT(AZ$3&(ROW())))) -> 68247 | BA28: =SUM(INDIRECT(BA$1&BA$2&$B28):INDIRECT(BA$1&BA$3&$B28)) -> -14409.664 | BB28: =AZ28-BA28 -> 82656.664 | BC28: =IFERROR(AZ28/BA28,0) -> -4.7361966 | BD28: =SUM(INDIRECT(BD$1&BD$2&$A28):INDIRECT(BD$1&BD$3&$A28)) -> 118065 | BE28: =AZ28-BD28 -> -49818 | BF28: =IFERROR(AZ28/BD28,0) -> 0.57804599
A29: 25 | B29: 26 | D29: 1 | I29: Financial Expenses | P29: 0 | Q29: 300 | R29: 4102 | S29: 174 | T29: 0 | U29: 4000 | V29: 0 | W29: 477 | X29: 3681 | Y29: 0 | Z29: 7 | AA29: 2395 | AB29: =SUM(P29:AA29) -> 15136 | AC29: =SUM(S29:U29) -> 4174 | AD29: =SUM(V29:X29) -> 4158 | AE29: =SUM(Y29:AA29) -> 2402 | AF29: =AB29+AC29 -> 19310 | AG29: =AE29+AD29 -> 6560 | AH29: =AF29+AG29 -> 25870 | AJ29: =SUM((INDIRECT(AJ$2&(ROW())):INDIRECT(AJ$3&(ROW())))) -> 0 | AK29: =SUM(INDIRECT(AK$1&AK$2&$B29):INDIRECT(AK$1&AK$3&$B29)) -> 0.092430618 | AL29: =AJ29-AK29 -> -0.092430618 | AM29: =IFERROR(AJ29/AK29,0) -> 0 | AN29: =SUM(INDIRECT(AN$1&AN$2&$A29):INDIRECT(AN$1&AN$3&$A29)) -> 48 | AO29: =AJ29-AN29 -> -48 | AP29: =IFERROR(AJ29/AN29,0) -> 0 | AR29: =SUM((INDIRECT(AR$2&(ROW())):INDIRECT(AR$3&(ROW())))) -> 0 | AS29: =SUM(INDIRECT(AS$1&AS$2&$B29):INDIRECT(AS$1&AS$3&$B29)) -> 0.092430618 | AT29: =AR29-AS29 -> -0.092430618 | AU29: =IFERROR(AR29/AS29,0) -> 0 | AV29: =SUM(INDIRECT(AV$1&AV$2&$A29):INDIRECT(AV$1&AV$3&$A29)) -> 48 | AW29: =AR29-AV29 -> -48 | AX29: =IFERROR(AR29/AV29,0) -> 0 | AZ29: =SUM((INDIRECT(AZ$2&(ROW())):INDIRECT(AZ$3&(ROW())))) -> 12734 | BA29: =SUM(INDIRECT(BA$1&BA$2&$B29):INDIRECT(BA$1&BA$3&$B29)) -> -6.0340393 | BB29: =AZ29-BA29 -> 12740.034 | BC29: =IFERROR(AZ29/BA29,0) -> -2110.3608 | BD29: =SUM(INDIRECT(BD$1&BD$2&$A29):INDIRECT(BD$1&BD$3&$A29)) -> 39518 | BE29: =AZ29-BD29 -> -26784 | BF29: =IFERROR(AZ29/BD29,0) -> 0.32223291
A30: 26 | B30: 27 | D30: 1 | H30: Profit before Taxes | P30: =P25+P27 -> -102696 | Q30: =Q25+Q27 -> -3968 | R30: =R25+R27 -> -16813 | S30: =S25+S27 -> 18876 | T30: =T25+T27 -> 13548 | U30: =U25+U27 -> 24634 | V30: =V25+V27 -> 46084 | W30: =W25+W27 -> 46543 | ... AA30: =AA25+AA27 -> 217286 | AB30: =SUM(P30:R30) -> -123477 | AC30: =SUM(S30:U30) -> 57058 | AD30: =SUM(V30:X30) -> 165816 | AE30: =SUM(Y30:AA30) -> 394490 | AF30: =AB30+AC30 -> -66419 | AG30: =AE30+AD30 -> 560306 | AH30: =AF30+AG30 -> 493887 | AJ30: =SUM((INDIRECT(AJ$2&(ROW())):INDIRECT(AJ$3&(ROW())))) -> 84239 | AK30: =SUM(INDIRECT(AK$1&AK$2&$B30):INDIRECT(AK$1&AK$3&$B30)) -> 5793 | AL30: =AJ30-AK30 -> 78446 | AM30: =IFERROR(AJ30/AK30,0) -> 14.541516 | AN30: =SUM(INDIRECT(AN$1&AN$2&$A30):INDIRECT(AN$1&AN$3&$A30)) -> 89683 | AO30: =AJ30-AN30 -> -5444 | AP30: =IFERROR(AJ30/AN30,0) -> 0.9392973 | AR30: =SUM((INDIRECT(AR$2&(ROW())):INDIRECT(AR$3&(ROW())))) -> 84239 | AS30: =SUM(INDIRECT(AS$1&AS$2&$B30):INDIRECT(AS$1&AS$3&$B30)) -> 5793 | AT30: =AR30-AS30 -> 78446 | AU30: =IFERROR(AR30/AS30,0) -> 14.541516 | AV30: =SUM(INDIRECT(AV$1&AV$2&$A30):INDIRECT(AV$1&AV$3&$A30)) -> 89683 | AW30: =AR30-AV30 -> -5444 | AX30: =IFERROR(AR30/AV30,0) -> 0.9392973 | AZ30: =SUM((INDIRECT(AZ$2&(ROW())):INDIRECT(AZ$3&(ROW())))) -> 183636 | BA30: =SUM(INDIRECT(BA$1&BA$2&$B30):INDIRECT(BA$1&BA$3&$B30)) -> 45532 | BB30: =AZ30-BA30 -> 138104 | BC30: =IFERROR(AZ30/BA30,0) -> 4.0331196 | BD30: =SUM(INDIRECT(BD$1&BD$2&$A30):INDIRECT(BD$1&BD$3&$A30)) -> 722608 | BE30: =AZ30-BD30 -> -538972 | BF30: =IFERROR(AZ30/BD30,0) -> 0.25412949
A31: 27 | B31: 28 | D31: 1 | H31: Tax Expenses & Others | P31: =P30*25.17% -> -25848.583 | Q31: =Q30*25.17% -> -998.7456 | R31: =R30*25.17% -> -4231.8321 | S31: =S30*25.17% -> 4751.0892 | T31: =T30*25.17% -> 3410.0316 | U31: =U30*25.17% -> 6200.3778 | V31: =V30*25.17% -> 11599.343 | W31: =W30*25.17% -> 11714.873 | ... AA31: =AA30*25.17% -> 54690.886 | AB31: =SUM(P31:R31) -> -31079.161 | AC31: =SUM(S31:U31) -> 14361.499 | AD31: =SUM(V31:X31) -> 41735.887 | AE31: =SUM(Y31:AA31) -> 99293.133 | AF31: =AB31+AC31 -> -16717.662 | AG31: =AE31+AD31 -> 141029.02 | AH31: =AF31+AG31 -> 124311.36 | AJ31: =SUM((INDIRECT(AJ$2&(ROW())):INDIRECT(AJ$3&(ROW())))) -> 21202.956 | AK31: =SUM(INDIRECT(AK$1&AK$2&$B31):INDIRECT(AK$1&AK$3&$B31)) -> 5793 | AL31: =AJ31-AK31 -> 15409.956 | AM31: =IFERROR(AJ31/AK31,0) -> 3.6600995 | AN31: =SUM(INDIRECT(AN$1&AN$2&$A31):INDIRECT(AN$1&AN$3&$A31)) -> 22573.211 | AO31: =AJ31-AN31 -> -1370.2548 | AP31: =IFERROR(AJ31/AN31,0) -> 0.9392973 | AR31: =SUM((INDIRECT(AR$2&(ROW())):INDIRECT(AR$3&(ROW())))) -> 21202.956 | AS31: =SUM(INDIRECT(AS$1&AS$2&$B31):INDIRECT(AS$1&AS$3&$B31)) -> 5793 | AT31: =AR31-AS31 -> 15409.956 | AU31: =IFERROR(AR31/AS31,0) -> 3.6600995 | AV31: =SUM(INDIRECT(AV$1&AV$2&$A31):INDIRECT(AV$1&AV$3&$A31)) -> 22573.211 | AW31: =AR31-AV31 -> -1370.2548 | AX31: =IFERROR(AR31/AV31,0) -> 0.9392973 | AZ31: =SUM((INDIRECT(AZ$2&(ROW())):INDIRECT(AZ$3&(ROW())))) -> 46221.181 | BA31: =SUM(INDIRECT(BA$1&BA$2&$B31):INDIRECT(BA$1&BA$3&$B31)) -> 54108 | BB31: =AZ31-BA31 -> -7886.8188 | BC31: =IFERROR(AZ31/BA31,0) -> 0.85423932 | BD31: =SUM(INDIRECT(BD$1&BD$2&$A31):INDIRECT(BD$1&BD$3&$A31)) -> 181880.43 | BE31: =AZ31-BD31 -> -135659.25 | BF31: =IFERROR(AZ31/BD31,0) -> 0.25412949
A32: 28 | B32: 29 | D32: 1 | H32: Net Profit | P32: =P30-P31 -> -76847.417 | Q32: =Q30-Q31 -> -2969.2544 | R32: =R30-R31 -> -12581.168 | S32: =S30-S31 -> 14124.911 | T32: =T30-T31 -> 10137.968 | U32: =U30-U31 -> 18433.622 | V32: =V30-V31 -> 34484.657 | W32: =W30-W31 -> 34828.127 | ... AA32: =AA30-AA31 -> 162595.11 | AB32: =SUM(P32:R32) -> -92397.839 | AC32: =SUM(S32:U32) -> 42696.501 | AD32: =SUM(V32:X32) -> 124080.11 | AE32: =SUM(Y32:AA32) -> 295196.87 | AF32: =AB32+AC32 -> -49701.338 | AG32: =AE32+AD32 -> 419276.98 | AH32: =AF32+AG32 -> 369575.64 | AJ32: =SUM((INDIRECT(AJ$2&(ROW())):INDIRECT(AJ$3&(ROW())))) -> 63036.044 | AK32: =SUM(INDIRECT(AK$1&AK$2&$B32):INDIRECT(AK$1&AK$3&$B32)) -> 0 | AL32: =AJ32-AK32 -> 63036.044 | AM32: =IFERROR(AJ32/AK32,0) -> 0 | AN32: =SUM(INDIRECT(AN$1&AN$2&$A32):INDIRECT(AN$1&AN$3&$A32)) -> 67109.789 | AO32: =AJ32-AN32 -> -4073.7452 | AP32: =IFERROR(AJ32/AN32,0) -> 0.9392973 | AR32: =SUM((INDIRECT(AR$2&(ROW())):INDIRECT(AR$3&(ROW())))) -> 63036.044 | AS32: =SUM(INDIRECT(AS$1&AS$2&$B32):INDIRECT(AS$1&AS$3&$B32)) -> 0 | AT32: =AR32-AS32 -> 63036.044 | AU32: =IFERROR(AR32/AS32,0) -> 0 | AV32: =SUM(INDIRECT(AV$1&AV$2&$A32):INDIRECT(AV$1&AV$3&$A32)) -> 67109.789 | AW32: =AR32-AV32 -> -4073.7452 | AX32: =IFERROR(AR32/AV32,0) -> 0.9392973 | AZ32: =SUM((INDIRECT(AZ$2&(ROW())):INDIRECT(AZ$3&(ROW())))) -> 137414.82 | BA32: =SUM(INDIRECT(BA$1&BA$2&$B32):INDIRECT(BA$1&BA$3&$B32)) -> 8576 | BB32: =AZ32-BA32 -> 128838.82 | BC32: =IFERROR(AZ32/BA32,0) -> 16.023183 | BD32: =SUM(INDIRECT(BD$1&BD$2&$A32):INDIRECT(BD$1&BD$3&$A32)) -> 540727.57 | BE32: =AZ32-BD32 -> -403312.75 | BF32: =IFERROR(AZ32/BD32,0) -> 0.25412949
A33: 29 | B33: 30 | D33: 1 | O33: (%) | P33: =IFERROR(P32/P11,0) -> -4.2300554 | Q33: =IFERROR(Q32/Q11,0) -> -0.011423944 | R33: =IFERROR(R32/R11,0) -> -0.03558093 | S33: =IFERROR(S32/S11,0) -> 0.039005191 | T33: =IFERROR(T32/T11,0) -> 0.027216023 | U33: =IFERROR(U32/U11,0) -> 0.034788427 | V33: =IFERROR(V32/V11,0) -> 0.064858822 | W33: =IFERROR(W32/W11,0) -> 0.068178018 | ... AH33: =IFERROR(AH32/AH11,0) -> 0.067337801 | AJ33: =IFERROR(AJ32/AJ11,0) -> 0.10788301 | AK33: =IFERROR(AK32/AK11,0) -> 0 | AL33: =AJ33-AK33 -> 0.10788301 | AN33: =IFERROR(AN32/AN11,0) -> 0.10970348 | AO33: =AJ33-AN33 -> -0.0018204707 | AR33: =IFERROR(AR32/AR11,0) -> 0.10788301 | AS33: =IFERROR(AS32/AS11,0) -> 0 | AT33: =AR33-AS33 -> 0.10788301 | AV33: =IFERROR(AV32/AV11,0) -> 0.10970348 | AW33: =AR33-AV33 -> -0.0018204707 | AZ33: =IFERROR(AZ32/AZ11,0) -> 0.033074881 | BA33: =IFERROR(BA32/BA11,0) -> 0 | BB33: =AZ33-BA33 -> 0.033074881 | BD33: =IFERROR(BD32/BD11,0) -> 0.092298096 | BE33: =AZ33-BD33 -> -0.059223215
A34: 30 | B34: 31 | D34: 1
A35: 32 | B35: 32 | D35: 1
A36: 33 | B36: 33 | D36: 1 | F36: 1-2.SGA Expenses Details
A37: 34 | B37: 34 | D37: 1 | H37: Variable Expenses | P37: =SUM(P38:P40) -> 13639 | Q37: =SUM(Q38:Q40) -> 18973 | R37: =SUM(R38:R40) -> 25994 | S37: =SUM(S38:S40) -> 23384 | T37: =SUM(T38:T40) -> 24835 | U37: =SUM(U38:U40) -> 30100 | V37: =SUM(V38:V40) -> 42418 | W37: =SUM(W38:W40) -> 29605 | ... AH37: =SUM(AH38:AH40) -> 608188 | AJ37: =SUM((INDIRECT(AJ$2&(ROW())):INDIRECT(AJ$3&(ROW())))) -> 30960 | AK37: =SUM(INDIRECT(AK$1&AK$2&$B37):INDIRECT(AK$1&AK$3&$B37)) -> 0 | AL37: =AJ37-AK37 -> 30960 | AM37: =IFERROR(AJ37/AK37,0) -> 0 | AN37: =SUM(INDIRECT(AN$1&AN$2&$A37):INDIRECT(AN$1&AN$3&$A37)) -> 29973 | AO37: =AJ37-AN37 -> 987 | AP37: =IFERROR(AJ37/AN37,0) -> 1.0329296 | AR37: =SUM((INDIRECT(AR$2&(ROW())):INDIRECT(AR$3&(ROW())))) -> 30960 | AS37: =SUM(INDIRECT(AS$1&AS$2&$B37):INDIRECT(AS$1&AS$3&$B37)) -> 0 | AT37: =AR37-AS37 -> 30960 | AU37: =IFERROR(AR37/AS37,0) -> 0 | AV37: =SUM(INDIRECT(AV$1&AV$2&$A37):INDIRECT(AV$1&AV$3&$A37)) -> 29973 | AW37: =AR37-AV37 -> 987 | AX37: =IFERROR(AR37/AV37,0) -> 1.0329296 | AZ37: =SUM((INDIRECT(AZ$2&(ROW())):INDIRECT(AZ$3&(ROW())))) -> 294223 | BA37: =SUM(INDIRECT(BA$1&BA$2&$B37):INDIRECT(BA$1&BA$3&$B37)) -> 0 | BB37: =AZ37-BA37 -> 294223 | BC37: =IFERROR(AZ37/BA37,0) -> 0 | BD37: =SUM(INDIRECT(BD$1&BD$2&$A37):INDIRECT(BD$1&BD$3&$A37)) -> 539715 | BE37: =AZ37-BD37 -> -245492 | BF37: =IFERROR(AZ37/BD37,0) -> 0.54514512
A38: 35 | B38: 35 | D38: 1 | I38: Selling Expenses | P38: 2586 | Q38: 2163 | R38: 3918 | S38: 2458 | T38: 2499 | U38: 2743 | V38: 17202 | W38: 4545 | X38: 14464 | Y38: 5384 | Z38: 4025 | AA38: -20699 | AB38: =SUM(P38:AA38) -> 41288 | AC38: =SUM(S38:U38) -> 7700 | AD38: =SUM(V38:X38) -> 36211 | AE38: =SUM(Y38:AA38) -> -11290 | AF38: =AB38+AC38 -> 48988 | AG38: =AE38+AD38 -> 24921 | AH38: =AF38+AG38 -> 73909 | AJ38: =SUM((INDIRECT(AJ$2&(ROW())):INDIRECT(AJ$3&(ROW())))) -> 5384 | AK38: =SUM(INDIRECT(AK$1&AK$2&$B38):INDIRECT(AK$1&AK$3&$B38)) -> 0 | AL38: =AJ38-AK38 -> 5384 | AM38: =IFERROR(AJ38/AK38,0) -> 0 | AN38: =SUM(INDIRECT(AN$1&AN$2&$A38):INDIRECT(AN$1&AN$3&$A38)) -> 834 | AO38: =AJ38-AN38 -> 4550 | AP38: =IFERROR(AJ38/AN38,0) -> 6.4556355 | AR38: =SUM((INDIRECT(AR$2&(ROW())):INDIRECT(AR$3&(ROW())))) -> 5384 | AS38: =SUM(INDIRECT(AS$1&AS$2&$B38):INDIRECT(AS$1&AS$3&$B38)) -> 0 | AT38: =AR38-AS38 -> 5384 | AU38: =IFERROR(AR38/AS38,0) -> 0 | AV38: =SUM(INDIRECT(AV$1&AV$2&$A38):INDIRECT(AV$1&AV$3&$A38)) -> 834 | AW38: =AR38-AV38 -> 4550 | AX38: =IFERROR(AR38/AV38,0) -> 6.4556355 | AZ38: =SUM((INDIRECT(AZ$2&(ROW())):INDIRECT(AZ$3&(ROW())))) -> 57962 | BA38: =SUM(INDIRECT(BA$1&BA$2&$B38):INDIRECT(BA$1&BA$3&$B38)) -> 0 | BB38: =AZ38-BA38 -> 57962 | BC38: =IFERROR(AZ38/BA38,0) -> 0 | BD38: =SUM(INDIRECT(BD$1&BD$2&$A38):INDIRECT(BD$1&BD$3&$A38)) -> 193391 | BE38: =AZ38-BD38 -> -135429 | BF38: =IFERROR(AZ38/BD38,0) -> 0.29971405
A39: 36 | B39: 36 | D39: 1 | I39: Adverting Expenses | P39: 305 | Q39: 438 | R39: 2664 | S39: 363 | T39: 296 | U39: 1478 | V39: 1477 | W39: 325 | X39: 13844 | Y39: 418 | Z39: 1608 | AA39: -9930 | AB39: =SUM(P39:AA39) -> 13286 | AC39: =SUM(S39:U39) -> 2137 | AD39: =SUM(V39:X39) -> 15646 | AE39: =SUM(Y39:AA39) -> -7904 | AF39: =AB39+AC39 -> 15423 | AG39: =AE39+AD39 -> 7742 | AH39: =AF39+AG39 -> 23165 | AJ39: =SUM((INDIRECT(AJ$2&(ROW())):INDIRECT(AJ$3&(ROW())))) -> 418 | AK39: =SUM(INDIRECT(AK$1&AK$2&$B39):INDIRECT(AK$1&AK$3&$B39)) -> 0 | AL39: =AJ39-AK39 -> 418 | AM39: =IFERROR(AJ39/AK39,0) -> 0 | AN39: =SUM(INDIRECT(AN$1&AN$2&$A39):INDIRECT(AN$1&AN$3&$A39)) -> 1707 | AO39: =AJ39-AN39 -> -1289 | AP39: =IFERROR(AJ39/AN39,0) -> 0.24487405 | AR39: =SUM((INDIRECT(AR$2&(ROW())):INDIRECT(AR$3&(ROW())))) -> 418 | AS39: =SUM(INDIRECT(AS$1&AS$2&$B39):INDIRECT(AS$1&AS$3&$B39)) -> 0 | AT39: =AR39-AS39 -> 418 | AU39: =IFERROR(AR39/AS39,0) -> 0 | AV39: =SUM(INDIRECT(AV$1&AV$2&$A39):INDIRECT(AV$1&AV$3&$A39)) -> 1707 | AW39: =AR39-AV39 -> -1289 | AX39: =IFERROR(AR39/AV39,0) -> 0.24487405 | AZ39: =SUM((INDIRECT(AZ$2&(ROW())):INDIRECT(AZ$3&(ROW())))) -> 21608 | BA39: =SUM(INDIRECT(BA$1&BA$2&$B39):INDIRECT(BA$1&BA$3&$B39)) -> 0 | BB39: =AZ39-BA39 -> 21608 | BC39: =IFERROR(AZ39/BA39,0) -> 0 | BD39: =SUM(INDIRECT(BD$1&BD$2&$A39):INDIRECT(BD$1&BD$3&$A39)) -> 72928 | BE39: =AZ39-BD39 -> -51320 | BF39: =IFERROR(AZ39/BD39,0) -> 0.29629223
A40: 37 | B40: 37 | D40: 1 | I40: Logistics Expense | P40: 10748 | Q40: 16372 | R40: 19412 | S40: 20563 | T40: 22040 | U40: 25879 | V40: 23739 | W40: 24735 | X40: 26007 | Y40: 25158 | Z40: 28713 | AA40: 35457 | AB40: =SUM(P40:AA40) -> 278823 | AC40: =SUM(S40:U40) -> 68482 | AD40: =SUM(V40:X40) -> 74481 | AE40: =SUM(Y40:AA40) -> 89328 | AF40: =AB40+AC40 -> 347305 | AG40: =AE40+AD40 -> 163809 | AH40: =AF40+AG40 -> 511114 | AJ40: =SUM((INDIRECT(AJ$2&(ROW())):INDIRECT(AJ$3&(ROW())))) -> 25158 | AK40: =SUM(INDIRECT(AK$1&AK$2&$B40):INDIRECT(AK$1&AK$3&$B40)) -> 28619.788 | AL40: =AJ40-AK40 -> -3461.7877 | AM40: =IFERROR(AJ40/AK40,0) -> 0.87904216 | AN40: =SUM(INDIRECT(AN$1&AN$2&$A40):INDIRECT(AN$1&AN$3&$A40)) -> 27432 | AO40: =AJ40-AN40 -> -2274 | AP40: =IFERROR(AJ40/AN40,0) -> 0.91710411 | AR40: =SUM((INDIRECT(AR$2&(ROW())):INDIRECT(AR$3&(ROW())))) -> 25158 | AS40: =SUM(INDIRECT(AS$1&AS$2&$B40):INDIRECT(AS$1&AS$3&$B40)) -> 28619.788 | AT40: =AR40-AS40 -> -3461.7877 | AU40: =IFERROR(AR40/AS40,0) -> 0.87904216 | AV40: =SUM(INDIRECT(AV$1&AV$2&$A40):INDIRECT(AV$1&AV$3&$A40)) -> 27432 | AW40: =AR40-AV40 -> -2274 | AX40: =IFERROR(AR40/AV40,0) -> 0.91710411 | AZ40: =SUM((INDIRECT(AZ$2&(ROW())):INDIRECT(AZ$3&(ROW())))) -> 214653 | BA40: =SUM(INDIRECT(BA$1&BA$2&$B40):INDIRECT(BA$1&BA$3&$B40)) -> 207962.79 | BB40: =AZ40-BA40 -> 6690.2123 | BC40: =IFERROR(AZ40/BA40,0) -> 1.0321702 | BD40: =SUM(INDIRECT(BD$1&BD$2&$A40):INDIRECT(BD$1&BD$3&$A40)) -> 273396 | BE40: =AZ40-BD40 -> -58743 | BF40: =IFERROR(AZ40/BD40,0) -> 0.78513585
A41: 38 | B41: 38 | D41: 1 | H41: Wages & Salaries | P41: =SUM(P42:P44) -> 54777 | Q41: =SUM(Q42:Q44) -> 54754 | R41: =SUM(R42:R44) -> 51737 | S41: =SUM(S42:S44) -> 54950 | T41: =SUM(T42:T44) -> 55517 | U41: =SUM(U42:U44) -> 59980 | V41: =SUM(V42:V44) -> 58334 | W41: =SUM(W42:W44) -> 53482 | ... AH41: =SUM(AH42:AH44) -> 1104658 | AJ41: =SUM((INDIRECT(AJ$2&(ROW())):INDIRECT(AJ$3&(ROW())))) -> 54083 | AK41: =SUM(INDIRECT(AK$1&AK$2&$B41):INDIRECT(AK$1&AK$3&$B41)) -> 4035.0377 | AL41: =AJ41-AK41 -> 50047.962 | AM41: =IFERROR(AJ41/AK41,0) -> 13.403345 | AN41: =SUM(INDIRECT(AN$1&AN$2&$A41):INDIRECT(AN$1&AN$3&$A41)) -> 48282 | AO41: =AJ41-AN41 -> 5801 | AP41: =IFERROR(AJ41/AN41,0) -> 1.1201483 | AR41: =SUM((INDIRECT(AR$2&(ROW())):INDIRECT(AR$3&(ROW())))) -> 54083 | AS41: =SUM(INDIRECT(AS$1&AS$2&$B41):INDIRECT(AS$1&AS$3&$B41)) -> 4035.0377 | AT41: =AR41-AS41 -> 50047.962 | AU41: =IFERROR(AR41/AS41,0) -> 13.403345 | AV41: =SUM(INDIRECT(AV$1&AV$2&$A41):INDIRECT(AV$1&AV$3&$A41)) -> 48282 | AW41: =AR41-AV41 -> 5801 | AX41: =IFERROR(AR41/AV41,0) -> 1.1201483 | AZ41: =SUM((INDIRECT(AZ$2&(ROW())):INDIRECT(AZ$3&(ROW())))) -> 541804 | BA41: =SUM(INDIRECT(BA$1&BA$2&$B41):INDIRECT(BA$1&BA$3&$B41)) -> 37604.038 | BB41: =AZ41-BA41 -> 504199.96 | BC41: =IFERROR(AZ41/BA41,0) -> 14.408134 | BD41: =SUM(INDIRECT(BD$1&BD$2&$A41):INDIRECT(BD$1&BD$3&$A41)) -> 495725 | BE41: =AZ41-BD41 -> 46079 | BF41: =IFERROR(AZ41/BD41,0) -> 1.0929527
A42: 39 | B42: 39 | D42: 1 | I42: Variable Wages & Salaries | P42: 11027 | Q42: 11027 | R42: 5303 | S42: 11027 | T42: 11027 | U42: 10480 | V42: 11027 | W42: 9096 | X42: 12981 | Y42: 9096 | Z42: 9096 | AA42: 31367 | AB42: =SUM(P42:W42) -> 80014 | AC42: =SUM(S42:U42) -> 32534 | AD42: =SUM(V42:X42) -> 33104 | AE42: =SUM(Y42:AA42) -> 49559 | AF42: =AB42+AC42 -> 112548 | AG42: =AE42+AD42 -> 82663 | AH42: =AF42+AG42 -> 195211 | AJ42: =SUM((INDIRECT(AJ$2&(ROW())):INDIRECT(AJ$3&(ROW())))) -> 9096 | AK42: =SUM(INDIRECT(AK$1&AK$2&$B42):INDIRECT(AK$1&AK$3&$B42)) -> 1052 | AL42: =AJ42-AK42 -> 8044 | AM42: =IFERROR(AJ42/AK42,0) -> 8.6463878 | AN42: =SUM(INDIRECT(AN$1&AN$2&$A42):INDIRECT(AN$1&AN$3&$A42)) -> 6291 | AO42: =AJ42-AN42 -> 2805 | AP42: =IFERROR(AJ42/AN42,0) -> 1.4458751 | AR42: =SUM((INDIRECT(AR$2&(ROW())):INDIRECT(AR$3&(ROW())))) -> 9096 | AS42: =SUM(INDIRECT(AS$1&AS$2&$B42):INDIRECT(AS$1&AS$3&$B42)) -> 1052 | AT42: =AR42-AS42 -> 8044 | AU42: =IFERROR(AR42/AS42,0) -> 8.6463878 | AV42: =SUM(INDIRECT(AV$1&AV$2&$A42):INDIRECT(AV$1&AV$3&$A42)) -> 6291 | AW42: =AR42-AV42 -> 2805 | AX42: =IFERROR(AR42/AV42,0) -> 1.4458751 | AZ42: =SUM((INDIRECT(AZ$2&(ROW())):INDIRECT(AZ$3&(ROW())))) -> 102091 | BA42: =SUM(INDIRECT(BA$1&BA$2&$B42):INDIRECT(BA$1&BA$3&$B42)) -> 8073 | BB42: =AZ42-BA42 -> 94018 | BC42: =IFERROR(AZ42/BA42,0) -> 12.64598 | BD42: =SUM(INDIRECT(BD$1&BD$2&$A42):INDIRECT(BD$1&BD$3&$A42)) -> 51427 | BE42: =AZ42-BD42 -> 50664 | BF42: =IFERROR(AZ42/BD42,0) -> 1.9851634
A43: 40 | B43: 40 | D43: 1 | I43: Fixed Wages & Salaries | P43: 43750 | Q43: 43727 | R43: 46434 | S43: 43923 | T43: 44490 | U43: 49500 | V43: 47307 | W43: 44386 | X43: 31209 | Y43: 44987 | Z43: 44980 | AA43: 36986 | AB43: =SUM(P43:AA43) -> 521679 | AC43: =SUM(S43:U43) -> 137913 | AD43: =SUM(V43:X43) -> 122902 | AE43: =SUM(Y43:AA43) -> 126953 | AF43: =AB43+AC43 -> 659592 | AG43: =AE43+AD43 -> 249855 | AH43: =AF43+AG43 -> 909447 | AJ43: =SUM((INDIRECT(AJ$2&(ROW())):INDIRECT(AJ$3&(ROW())))) -> 44987 | AK43: =SUM(INDIRECT(AK$1&AK$2&$B43):INDIRECT(AK$1&AK$3&$B43)) -> 23532.75 | AL43: =AJ43-AK43 -> 21454.25 | AM43: =IFERROR(AJ43/AK43,0) -> 1.9116763 | AN43: =SUM(INDIRECT(AN$1&AN$2&$A43):INDIRECT(AN$1&AN$3&$A43)) -> 41991 | AO43: =AJ43-AN43 -> 2996 | AP43: =IFERROR(AJ43/AN43,0) -> 1.0713486 | AR43: =SUM((INDIRECT(AR$2&(ROW())):INDIRECT(AR$3&(ROW())))) -> 44987 | AS43: =SUM(INDIRECT(AS$1&AS$2&$B43):INDIRECT(AS$1&AS$3&$B43)) -> 23532.75 | AT43: =AR43-AS43 -> 21454.25 | AU43: =IFERROR(AR43/AS43,0) -> 1.9116763 | AV43: =SUM(INDIRECT(AV$1&AV$2&$A43):INDIRECT(AV$1&AV$3&$A43)) -> 41991 | AW43: =AR43-AV43 -> 2996 | AX43: =IFERROR(AR43/AV43,0) -> 1.0713486 | AZ43: =SUM((INDIRECT(AZ$2&(ROW())):INDIRECT(AZ$3&(ROW())))) -> 439713 | BA43: =SUM(INDIRECT(BA$1&BA$2&$B43):INDIRECT(BA$1&BA$3&$B43)) -> 162285.75 | BB43: =AZ43-BA43 -> 277427.25 | BC43: =IFERROR(AZ43/BA43,0) -> 2.7094985 | BD43: =SUM(INDIRECT(BD$1&BD$2&$A43):INDIRECT(BD$1&BD$3&$A43)) -> 444298 | BE43: =AZ43-BD43 -> -4585 | BF43: =IFERROR(AZ43/BD43,0) -> 0.98968035
A44: 41 | B44: 41 | D44: 1 | I44: Retirement Benefit Cost | AB44: =SUM(P44:R44) -> 0 | AC44: =SUM(S44:U44) -> 0 | AD44: =SUM(V44:X44) -> 0 | AE44: =SUM(Y44:AA44) -> 0 | AF44: =AB44+AC44 -> 0 | AG44: =AE44+AD44 -> 0 | AH44: =AF44+AG44 -> 0 | AJ44: =SUM((INDIRECT(AJ$2&(ROW())):INDIRECT(AJ$3&(ROW())))) -> 0 | AK44: =SUM(INDIRECT(AK$1&AK$2&$B44):INDIRECT(AK$1&AK$3&$B44)) -> 50813.898 | AL44: =AJ44-AK44 -> -50813.898 | AM44: =IFERROR(AJ44/AK44,0) -> 0 | AN44: =SUM(INDIRECT(AN$1&AN$2&$A44):INDIRECT(AN$1&AN$3&$A44)) -> 0 | AO44: =AJ44-AN44 -> 0 | AP44: =IFERROR(AJ44/AN44,0) -> 0 | AR44: =SUM((INDIRECT(AR$2&(ROW())):INDIRECT(AR$3&(ROW())))) -> 0 | AS44: =SUM(INDIRECT(AS$1&AS$2&$B44):INDIRECT(AS$1&AS$3&$B44)) -> 50813.898 | AT44: =AR44-AS44 -> -50813.898 | AU44: =IFERROR(AR44/AS44,0) -> 0 | AV44: =SUM(INDIRECT(AV$1&AV$2&$A44):INDIRECT(AV$1&AV$3&$A44)) -> 0 | AW44: =AR44-AV44 -> 0 | AX44: =IFERROR(AR44/AV44,0) -> 0 | AZ44: =SUM((INDIRECT(AZ$2&(ROW())):INDIRECT(AZ$3&(ROW())))) -> 0 | BA44: =SUM(INDIRECT(BA$1&BA$2&$B44):INDIRECT(BA$1&BA$3&$B44)) -> 440636.9 | BB44: =AZ44-BA44 -> -440636.9 | BC44: =IFERROR(AZ44/BA44,0) -> 0 | BD44: =SUM(INDIRECT(BD$1&BD$2&$A44):INDIRECT(BD$1&BD$3&$A44)) -> 0 | BE44: =AZ44-BD44 -> 0 | BF44: =IFERROR(AZ44/BD44,0) -> 0
A45: 42 | B45: 42 | D45: 1 | H45: Fixed Expenses | P45: =SUM(P46:P51) -> 35015 | Q45: =SUM(Q46:Q51) -> 33905 | R45: =SUM(R46:R51) -> 60349 | S45: =SUM(S46:S51) -> 36515 | T45: =SUM(T46:T51) -> 37554 | U45: =SUM(U46:U51) -> 49940 | V45: =SUM(V46:V51) -> 59486 | W45: =SUM(W46:W51) -> 48251 | ... AH45: =SUM(AH46:AH51) -> 870212 | AJ45: =SUM((INDIRECT(AJ$2&(ROW())):INDIRECT(AJ$3&(ROW())))) -> 49372 | AK45: =SUM(INDIRECT(AK$1&AK$2&$B45):INDIRECT(AK$1&AK$3&$B45)) -> 9096 | AL45: =AJ45-AK45 -> 40276 | AM45: =IFERROR(AJ45/AK45,0) -> 5.4278804 | AN45: =SUM(INDIRECT(AN$1&AN$2&$A45):INDIRECT(AN$1&AN$3&$A45)) -> 52189 | AO45: =AJ45-AN45 -> -2817 | AP45: =IFERROR(AJ45/AN45,0) -> 0.94602311 | AR45: =SUM((INDIRECT(AR$2&(ROW())):INDIRECT(AR$3&(ROW())))) -> 49372 | AS45: =SUM(INDIRECT(AS$1&AS$2&$B45):INDIRECT(AS$1&AS$3&$B45)) -> 9096 | AT45: =AR45-AS45 -> 40276 | AU45: =IFERROR(AR45/AS45,0) -> 5.4278804 | AV45: =SUM(INDIRECT(AV$1&AV$2&$A45):INDIRECT(AV$1&AV$3&$A45)) -> 52189 | AW45: =AR45-AV45 -> -2817 | AX45: =IFERROR(AR45/AV45,0) -> 0.94602311 | AZ45: =SUM((INDIRECT(AZ$2&(ROW())):INDIRECT(AZ$3&(ROW())))) -> 459995 | BA45: =SUM(INDIRECT(BA$1&BA$2&$B45):INDIRECT(BA$1&BA$3&$B45)) -> 80014 | BB45: =AZ45-BA45 -> 379981 | BC45: =IFERROR(AZ45/BA45,0) -> 5.7489314 | BD45: =SUM(INDIRECT(BD$1&BD$2&$A45):INDIRECT(BD$1&BD$3&$A45)) -> 516620 | BE45: =AZ45-BD45 -> -56625 | BF45: =IFERROR(AZ45/BD45,0) -> 0.89039333
A46: 43 | B46: 43 | D46: 1 | I46: Traveling Expenses | P46: 0 | Q46: 113 | R46: 57 | S46: 177 | T46: 368 | U46: 608 | V46: 1139 | W46: 241 | X46: 190 | Y46: 2081 | Z46: 2151 | AA46: 6310 | AB46: =SUM(P46:AA46) -> 13435 | AC46: =SUM(S46:U46) -> 1153 | AD46: =SUM(V46:X46) -> 1570 | AE46: =SUM(Y46:AA46) -> 10542 | AF46: =AB46+AC46 -> 14588 | AG46: =AE46+AD46 -> 12112 | AH46: =AF46+AG46 -> 26700 | AJ46: =SUM((INDIRECT(AJ$2&(ROW())):INDIRECT(AJ$3&(ROW())))) -> 2081 | AK46: =SUM(INDIRECT(AK$1&AK$2&$B46):INDIRECT(AK$1&AK$3&$B46)) -> 41717.898 | AL46: =AJ46-AK46 -> -39636.898 | AM46: =IFERROR(AJ46/AK46,0) -> 0.049882667 | AN46: =SUM(INDIRECT(AN$1&AN$2&$A46):INDIRECT(AN$1&AN$3&$A46)) -> 8943 | AO46: =AJ46-AN46 -> -6862 | AP46: =IFERROR(AJ46/AN46,0) -> 0.23269596 | AR46: =SUM((INDIRECT(AR$2&(ROW())):INDIRECT(AR$3&(ROW())))) -> 2081 | AS46: =SUM(INDIRECT(AS$1&AS$2&$B46):INDIRECT(AS$1&AS$3&$B46)) -> 41717.898 | AT46: =AR46-AS46 -> -39636.898 | AU46: =IFERROR(AR46/AS46,0) -> 0.049882667 | AV46: =SUM(INDIRECT(AV$1&AV$2&$A46):INDIRECT(AV$1&AV$3&$A46)) -> 8943 | AW46: =AR46-AV46 -> -6862 | AX46: =IFERROR(AR46/AV46,0) -> 0.23269596 | AZ46: =SUM((INDIRECT(AZ$2&(ROW())):INDIRECT(AZ$3&(ROW())))) -> 4974 | BA46: =SUM(INDIRECT(BA$1&BA$2&$B46):INDIRECT(BA$1&BA$3&$B46)) -> 360622.9 | BB46: =AZ46-BA46 -> -355648.9 | BC46: =IFERROR(AZ46/BA46,0) -> 0.013792801 | BD46: =SUM(INDIRECT(BD$1&BD$2&$A46):INDIRECT(BD$1&BD$3&$A46)) -> 50153 | BE46: =AZ46-BD46 -> -45179 | BF46: =IFERROR(AZ46/BD46,0) -> 0.09917652
A47: 44 | B47: 44 | D47: 1 | I47: Depreciation & Amortization | P47: 7955 | Q47: 8010 | R47: 26746 | S47: 8165 | T47: 6869 | U47: 27133 | V47: 7789 | W47: 7593 | X47: =7654+17625 -> 25279 | Y47: 7719 | Z47: 7534 | AA47: 24220 | AB47: =SUM(P47:W47) -> 100260 | AC47: =SUM(S47:U47) -> 42167 | AD47: =SUM(V47:X47) -> 40661 | AE47: =SUM(Y47:AA47) -> 39473 | AF47: =AB47+AC47 -> 142427 | AG47: =AE47+AD47 -> 80134 | AH47: =AF47+AG47 -> 222561 | AJ47: =SUM((INDIRECT(AJ$2&(ROW())):INDIRECT(AJ$3&(ROW())))) -> 7719 | AK47: =SUM(INDIRECT(AK$1&AK$2&$B47):INDIRECT(AK$1&AK$3&$B47)) -> 0 | AL47: =AJ47-AK47 -> 7719 | AM47: =IFERROR(AJ47/AK47,0) -> 0 | AN47: =SUM(INDIRECT(AN$1&AN$2&$A47):INDIRECT(AN$1&AN$3&$A47)) -> 7648 | AO47: =AJ47-AN47 -> 71 | AP47: =IFERROR(AJ47/AN47,0) -> 1.0092835 | AR47: =SUM((INDIRECT(AR$2&(ROW())):INDIRECT(AR$3&(ROW())))) -> 7719 | AS47: =SUM(INDIRECT(AS$1&AS$2&$B47):INDIRECT(AS$1&AS$3&$B47)) -> 0 | AT47: =AR47-AS47 -> 7719 | AU47: =IFERROR(AR47/AS47,0) -> 0 | AV47: =SUM(INDIRECT(AV$1&AV$2&$A47):INDIRECT(AV$1&AV$3&$A47)) -> 7648 | AW47: =AR47-AV47 -> 71 | AX47: =IFERROR(AR47/AV47,0) -> 1.0092835 | AZ47: =SUM((INDIRECT(AZ$2&(ROW())):INDIRECT(AZ$3&(ROW())))) -> 133258 | BA47: =SUM(INDIRECT(BA$1&BA$2&$B47):INDIRECT(BA$1&BA$3&$B47)) -> 0 | BB47: =AZ47-BA47 -> 133258 | BC47: =IFERROR(AZ47/BA47,0) -> 0 | BD47: =SUM(INDIRECT(BD$1&BD$2&$A47):INDIRECT(BD$1&BD$3&$A47)) -> 119175 | BE47: =AZ47-BD47 -> 14083 | BF47: =IFERROR(AZ47/BD47,0) -> 1.1181708
A48: 45 | B48: 45 | D48: 1 | I48: Repair and Maintenance | P48: 565 | Q48: 729 | R48: 661 | S48: 881 | T48: 1017 | U48: 776 | V48: 1169 | W48: 775 | X48: 1537 | Y48: 337 | Z48: 1783 | AA48: 1009 | AB48: =SUM(P48:AA48) -> 11239 | AC48: =SUM(S48:U48) -> 2674 | AD48: =SUM(V48:X48) -> 3481 | AE48: =SUM(Y48:AA48) -> 3129 | AF48: =AB48+AC48 -> 13913 | AG48: =AE48+AD48 -> 6610 | AH48: =AF48+AG48 -> 20523 | AJ48: =SUM((INDIRECT(AJ$2&(ROW())):INDIRECT(AJ$3&(ROW())))) -> 337 | AK48: =SUM(INDIRECT(AK$1&AK$2&$B48):INDIRECT(AK$1&AK$3&$B48)) -> 50463.7 | AL48: =AJ48-AK48 -> -50126.7 | AM48: =IFERROR(AJ48/AK48,0) -> 0.0066780676 | AN48: =SUM(INDIRECT(AN$1&AN$2&$A48):INDIRECT(AN$1&AN$3&$A48)) -> 1183 | AO48: =AJ48-AN48 -> -846 | AP48: =IFERROR(AJ48/AN48,0) -> 0.28486898 | AR48: =SUM((INDIRECT(AR$2&(ROW())):INDIRECT(AR$3&(ROW())))) -> 337 | AS48: =SUM(INDIRECT(AS$1&AS$2&$B48):INDIRECT(AS$1&AS$3&$B48)) -> 50463.7 | AT48: =AR48-AS48 -> -50126.7 | AU48: =IFERROR(AR48/AS48,0) -> 0.0066780676 | AV48: =SUM(INDIRECT(AV$1&AV$2&$A48):INDIRECT(AV$1&AV$3&$A48)) -> 1183 | AW48: =AR48-AV48 -> -846 | AX48: =IFERROR(AR48/AV48,0) -> 0.28486898 | AZ48: =SUM((INDIRECT(AZ$2&(ROW())):INDIRECT(AZ$3&(ROW())))) -> 8447 | BA48: =SUM(INDIRECT(BA$1&BA$2&$B48):INDIRECT(BA$1&BA$3&$B48)) -> 363227.7 | BB48: =AZ48-BA48 -> -354780.7 | BC48: =IFERROR(AZ48/BA48,0) -> 0.023255385 | BD48: =SUM(INDIRECT(BD$1&BD$2&$A48):INDIRECT(BD$1&BD$3&$A48)) -> 10328 | BE48: =AZ48-BD48 -> -1881 | BF48: =IFERROR(AZ48/BD48,0) -> 0.81787374
A49: 46 | B49: 46 | D49: 1 | I49: Rent Expenses | P49: 7358 | Q49: 7988 | R49: -12937 | S49: 9193 | T49: 9481 | U49: -15480 | V49: 10462 | W49: 10287 | X49: =8766-20562 -> -11796 | Y49: 8641 | Z49: 10301 | AA49: -12217 | AB49: =SUM(P49:W49) -> 26352 | AC49: =SUM(S49:U49) -> 3194 | AD49: =SUM(V49:X49) -> 8953 | AE49: =SUM(Y49:AA49) -> 6725 | AF49: =AB49+AC49 -> 29546 | AG49: =AE49+AD49 -> 15678 | AH49: =AF49+AG49 -> 45224 | AJ49: =SUM((INDIRECT(AJ$2&(ROW())):INDIRECT(AJ$3&(ROW())))) -> 8641 | AK49: =SUM(INDIRECT(AK$1&AK$2&$B49):INDIRECT(AK$1&AK$3&$B49)) -> 1028.2 | AL49: =AJ49-AK49 -> 7612.8 | AM49: =IFERROR(AJ49/AK49,0) -> 8.404007 | AN49: =SUM(INDIRECT(AN$1&AN$2&$A49):INDIRECT(AN$1&AN$3&$A49)) -> 9030 | AO49: =AJ49-AN49 -> -389 | AP49: =IFERROR(AJ49/AN49,0) -> 0.95692137 | AR49: =SUM((INDIRECT(AR$2&(ROW())):INDIRECT(AR$3&(ROW())))) -> 8641 | AS49: =SUM(INDIRECT(AS$1&AS$2&$B49):INDIRECT(AS$1&AS$3&$B49)) -> 1028.2 | AT49: =AR49-AS49 -> 7612.8 | AU49: =IFERROR(AR49/AS49,0) -> 8.404007 | AV49: =SUM(INDIRECT(AV$1&AV$2&$A49):INDIRECT(AV$1&AV$3&$A49)) -> 9030 | AW49: =AR49-AV49 -> -389 | AX49: =IFERROR(AR49/AV49,0) -> 0.95692137 | AZ49: =SUM((INDIRECT(AZ$2&(ROW())):INDIRECT(AZ$3&(ROW())))) -> 23197 | BA49: =SUM(INDIRECT(BA$1&BA$2&$B49):INDIRECT(BA$1&BA$3&$B49)) -> 3490.2 | BB49: =AZ49-BA49 -> 19706.8 | BC49: =IFERROR(AZ49/BA49,0) -> 6.646324 | BD49: =SUM(INDIRECT(BD$1&BD$2&$A49):INDIRECT(BD$1&BD$3&$A49)) -> 45708 | BE49: =AZ49-BD49 -> -22511 | BF49: =IFERROR(AZ49/BD49,0) -> 0.50750416
A50: 47 | B50: 47 | D50: 1 | I50: Service Charges and Fees | P50: 0 | Q50: 0 | R50: 49 | S50: 186 | T50: 208 | U50: 98 | V50: 0 | W50: 41 | X50: 204 | Y50: 36 | Z50: 93 | AA50: 3129 | AB50: =SUM(P50:AA50) -> 4044 | AC50: =SUM(S50:U50) -> 492 | AD50: =SUM(V50:X50) -> 245 | AE50: =SUM(Y50:AA50) -> 3258 | AF50: =AB50+AC50 -> 4536 | AG50: =AE50+AD50 -> 3503 | AH50: =AF50+AG50 -> 8039 | AJ50: =SUM((INDIRECT(AJ$2&(ROW())):INDIRECT(AJ$3&(ROW())))) -> 36 | AK50: =SUM(INDIRECT(AK$1&AK$2&$B50):INDIRECT(AK$1&AK$3&$B50)) -> 8136 | AL50: =AJ50-AK50 -> -8100 | AM50: =IFERROR(AJ50/AK50,0) -> 0.0044247788 | AN50: =SUM(INDIRECT(AN$1&AN$2&$A50):INDIRECT(AN$1&AN$3&$A50)) -> 113 | AO50: =AJ50-AN50 -> -77 | AP50: =IFERROR(AJ50/AN50,0) -> 0.31858407 | AR50: =SUM((INDIRECT(AR$2&(ROW())):INDIRECT(AR$3&(ROW())))) -> 36 | AS50: =SUM(INDIRECT(AS$1&AS$2&$B50):INDIRECT(AS$1&AS$3&$B50)) -> 8136 | AT50: =AR50-AS50 -> -8100 | AU50: =IFERROR(AR50/AS50,0) -> 0.0044247788 | AV50: =SUM(INDIRECT(AV$1&AV$2&$A50):INDIRECT(AV$1&AV$3&$A50)) -> 113 | AW50: =AR50-AV50 -> -77 | AX50: =IFERROR(AR50/AV50,0) -> 0.31858407 | AZ50: =SUM((INDIRECT(AZ$2&(ROW())):INDIRECT(AZ$3&(ROW())))) -> 822 | BA50: =SUM(INDIRECT(BA$1&BA$2&$B50):INDIRECT(BA$1&BA$3&$B50)) -> 100803 | BB50: =AZ50-BA50 -> -99981 | BC50: =IFERROR(AZ50/BA50,0) -> 0.0081545192 | BD50: =SUM(INDIRECT(BD$1&BD$2&$A50):INDIRECT(BD$1&BD$3&$A50)) -> 1632 | BE50: =AZ50-BD50 -> -810 | BF50: =IFERROR(AZ50/BD50,0) -> 0.50367647
A51: 48 | B51: 48 | D51: 1 | I51: Other Expenses | P51: 19137 | Q51: 17065 | R51: 45773 | S51: 17913 | T51: 19611 | U51: 36805 | V51: 38927 | W51: 29314 | X51: 34194 | Y51: 30558 | Z51: 25483 | AA51: -210 | AB51: =SUM(P51:AA51) -> 314570 | AC51: =SUM(S51:U51) -> 74329 | AD51: =SUM(V51:X51) -> 102435 | AE51: =SUM(Y51:AA51) -> 55831 | AF51: =AB51+AC51 -> 388899 | AG51: =AE51+AD51 -> 158266 | AH51: =AF51+AG51 -> 547165 | AJ51: =SUM((INDIRECT(AJ$2&(ROW())):INDIRECT(AJ$3&(ROW())))) -> 30558 | AK51: =SUM(INDIRECT(AK$1&AK$2&$B51):INDIRECT(AK$1&AK$3&$B51)) -> 1169 | AL51: =AJ51-AK51 -> 29389 | AM51: =IFERROR(AJ51/AK51,0) -> 26.140291 | AN51: =SUM(INDIRECT(AN$1&AN$2&$A51):INDIRECT(AN$1&AN$3&$A51)) -> 25272 | AO51: =AJ51-AN51 -> 5286 | AP51: =IFERROR(AJ51/AN51,0) -> 1.2091643 | AR51: =SUM((INDIRECT(AR$2&(ROW())):INDIRECT(AR$3&(ROW())))) -> 30558 | AS51: =SUM(INDIRECT(AS$1&AS$2&$B51):INDIRECT(AS$1&AS$3&$B51)) -> 1169 | AT51: =AR51-AS51 -> 29389 | AU51: =IFERROR(AR51/AS51,0) -> 26.140291 | AV51: =SUM(INDIRECT(AV$1&AV$2&$A51):INDIRECT(AV$1&AV$3&$A51)) -> 25272 | AW51: =AR51-AV51 -> 5286 | AX51: =IFERROR(AR51/AV51,0) -> 1.2091643 | AZ51: =SUM((INDIRECT(AZ$2&(ROW())):INDIRECT(AZ$3&(ROW())))) -> 289297 | BA51: =SUM(INDIRECT(BA$1&BA$2&$B51):INDIRECT(BA$1&BA$3&$B51)) -> 6967 | BB51: =AZ51-BA51 -> 282330 | BC51: =IFERROR(AZ51/BA51,0) -> 41.523898 | BD51: =SUM(INDIRECT(BD$1&BD$2&$A51):INDIRECT(BD$1&BD$3&$A51)) -> 289624 | BE51: =AZ51-BD51 -> -327 | BF51: =IFERROR(AZ51/BD51,0) -> 0.99887095
A52: 49 | B52: 49 | D52: 1
A53: 50 | B53: 50 | D53: 1 | F53: 1-3.Total Personnel Costs
A54: 51 | B54: 51 | D54: 1 | H54: Personnel Costs Total | P54: =SUM(P55:P56) -> 70302 | Q54: =SUM(Q55:Q56) -> 70551 | R54: =SUM(R55:R56) -> 67256 | S54: =SUM(S55:S56) -> 70514 | T54: =SUM(T55:T56) -> 70903 | U54: =SUM(U55:U56) -> 75219 | V54: =SUM(V55:V56) -> 74022 | W54: =SUM(W55:W56) -> 74283 | ... AA54: =SUM(AA55:AA56) -> 83457 | AB54: =SUM(P54:R54) -> 208109 | AC54: =SUM(S54:U54) -> 216636 | AD54: =SUM(V54:X54) -> 207327 | AE54: =SUM(Y54:AA54) -> 220643 | AF54: =AB54+AC54 -> 424745 | AG54: =AE54+AD54 -> 427970 | AH54: =AF54+AG54 -> 852715 | AJ54: =SUM((INDIRECT(AJ$2&(ROW())):INDIRECT(AJ$3&(ROW())))) -> 68745 | AK54: =SUM(INDIRECT(AK$1&AK$2&$B54):INDIRECT(AK$1&AK$3&$B54)) -> 29640 | AL54: =AJ54-AK54 -> 39105 | AM54: =IFERROR(AJ54/AK54,0) -> 2.319332 | AN54: =SUM(INDIRECT(AN$1&AN$2&$A54):INDIRECT(AN$1&AN$3&$A54)) -> 62163 | AO54: =AJ54-AN54 -> 6582 | AP54: =IFERROR(AJ54/AN54,0) -> 1.1058829 | AR54: =SUM((INDIRECT(AR$2&(ROW())):INDIRECT(AR$3&(ROW())))) -> 68745 | AS54: =SUM(INDIRECT(AS$1&AS$2&$B54):INDIRECT(AS$1&AS$3&$B54)) -> 29640 | AT54: =AR54-AS54 -> 39105 | AU54: =IFERROR(AR54/AS54,0) -> 2.319332 | AV54: =SUM(INDIRECT(AV$1&AV$2&$A54):INDIRECT(AV$1&AV$3&$A54)) -> 62163 | AW54: =AR54-AV54 -> 6582 | AX54: =IFERROR(AR54/AV54,0) -> 1.1058829 | AZ54: =SUM((INDIRECT(AZ$2&(ROW())):INDIRECT(AZ$3&(ROW())))) -> 700817 | BA54: =SUM(INDIRECT(BA$1&BA$2&$B54):INDIRECT(BA$1&BA$3&$B54)) -> 224871 | BB54: =AZ54-BA54 -> 475946 | BC54: =IFERROR(AZ54/BA54,0) -> 3.116529 | BD54: =SUM(INDIRECT(BD$1&BD$2&$A54):INDIRECT(BD$1&BD$3&$A54)) -> 633872 | BE54: =AZ54-BD54 -> 66945 | BF54: =IFERROR(AZ54/BD54,0) -> 1.1056128
A55: 52 | B55: 52 | D55: 1 | I55: Included in COGS （Field Service cost /Service Desk Cost） | P55: =P727 -> 15525 | Q55: =Q727 -> 15797 | R55: =R727 -> 15519 | S55: =S727 -> 15564 | T55: =T727 -> 15386 | U55: =U727 -> 15239 | V55: =V727 -> 15688 | W55: =W727 -> 20801 | ... AA55: =AA727 -> 15104 | AB55: =SUM(P55:R55) -> 46841 | AC55: =SUM(S55:U55) -> 46189 | AD55: =SUM(V55:X55) -> 51321 | AE55: =SUM(Y55:AA55) -> 44131 | AF55: =AB55+AC55 -> 93030 | AG55: =AE55+AD55 -> 95452 | AH55: =AF55+AG55 -> 188482 | AJ55: =SUM((INDIRECT(AJ$2&(ROW())):INDIRECT(AJ$3&(ROW())))) -> 14662 | AK55: =SUM(INDIRECT(AK$1&AK$2&$B55):INDIRECT(AK$1&AK$3&$B55)) -> 0 | AL55: =AJ55-AK55 -> 14662 | AM55: =IFERROR(AJ55/AK55,0) -> 0 | AN55: =SUM(INDIRECT(AN$1&AN$2&$A55):INDIRECT(AN$1&AN$3&$A55)) -> 13881 | AO55: =AJ55-AN55 -> 781 | AP55: =IFERROR(AJ55/AN55,0) -> 1.056264 | AR55: =SUM((INDIRECT(AR$2&(ROW())):INDIRECT(AR$3&(ROW())))) -> 14662 | AS55: =SUM(INDIRECT(AS$1&AS$2&$B55):INDIRECT(AS$1&AS$3&$B55)) -> 0 | AT55: =AR55-AS55 -> 14662 | AU55: =IFERROR(AR55/AS55,0) -> 0 | AV55: =SUM(INDIRECT(AV$1&AV$2&$A55):INDIRECT(AV$1&AV$3&$A55)) -> 13881 | AW55: =AR55-AV55 -> 781 | AX55: =IFERROR(AR55/AV55,0) -> 1.056264 | AZ55: =SUM((INDIRECT(AZ$2&(ROW())):INDIRECT(AZ$3&(ROW())))) -> 159013 | BA55: =SUM(INDIRECT(BA$1&BA$2&$B55):INDIRECT(BA$1&BA$3&$B55)) -> 0 | BB55: =AZ55-BA55 -> 159013 | BC55: =IFERROR(AZ55/BA55,0) -> 0 | BD55: =SUM(INDIRECT(BD$1&BD$2&$A55):INDIRECT(BD$1&BD$3&$A55)) -> 138147 | BE55: =AZ55-BD55 -> 20866 | BF55: =IFERROR(AZ55/BD55,0) -> 1.151042
A56: 53 | B56: 53 | D56: 1 | I56: Included in SG&A (Wages & Salaries） | P56: =P41 -> 54777 | Q56: =Q41 -> 54754 | R56: =R41 -> 51737 | S56: =S41 -> 54950 | T56: =T41 -> 55517 | U56: =U41 -> 59980 | V56: =V41 -> 58334 | W56: =W41 -> 53482 | ... AA56: =AA41 -> 68353 | AB56: =SUM(P56:R56) -> 161268 | AC56: =SUM(S56:U56) -> 170447 | AD56: =SUM(V56:X56) -> 156006 | AE56: =SUM(Y56:AA56) -> 176512 | AF56: =AB56+AC56 -> 331715 | AG56: =AE56+AD56 -> 332518 | AH56: =AF56+AG56 -> 664233 | AJ56: =SUM((INDIRECT(AJ$2&(ROW())):INDIRECT(AJ$3&(ROW())))) -> 54083 | AK56: =SUM(INDIRECT(AK$1&AK$2&$B56):INDIRECT(AK$1&AK$3&$B56)) -> 0 | AL56: =AJ56-AK56 -> 54083 | AM56: =IFERROR(AJ56/AK56,0) -> 0 | AN56: =SUM(INDIRECT(AN$1&AN$2&$A56):INDIRECT(AN$1&AN$3&$A56)) -> 48282 | AO56: =AJ56-AN56 -> 5801 | AP56: =IFERROR(AJ56/AN56,0) -> 1.1201483 | AR56: =SUM((INDIRECT(AR$2&(ROW())):INDIRECT(AR$3&(ROW())))) -> 54083 | AS56: =SUM(INDIRECT(AS$1&AS$2&$B56):INDIRECT(AS$1&AS$3&$B56)) -> 0 | AT56: =AR56-AS56 -> 54083 | AU56: =IFERROR(AR56/AS56,0) -> 0 | AV56: =SUM(INDIRECT(AV$1&AV$2&$A56):INDIRECT(AV$1&AV$3&$A56)) -> 48282 | AW56: =AR56-AV56 -> 5801 | AX56: =IFERROR(AR56/AV56,0) -> 1.1201483 | AZ56: =SUM((INDIRECT(AZ$2&(ROW())):INDIRECT(AZ$3&(ROW())))) -> 541804 | BA56: =SUM(INDIRECT(BA$1&BA$2&$B56):INDIRECT(BA$1&BA$3&$B56)) -> 0 | BB56: =AZ56-BA56 -> 541804 | BC56: =IFERROR(AZ56/BA56,0) -> 0 | BD56: =SUM(INDIRECT(BD$1&BD$2&$A56):INDIRECT(BD$1&BD$3&$A56)) -> 495725 | BE56: =AZ56-BD56 -> 46079 | BF56: =IFERROR(AZ56/BD56,0) -> 1.0929527
A57: 54 | B57: 54 | D57: 1
A58: 55 | B58: 55 | D58: 1 | F58: 1-4.Break-down of Other Income, Other Expense
A59: 56 | B59: 56 | D59: 1 | H59: Other income | P59: =P23 -> 125 | Q59: =Q23 -> 716 | R59: =R23 -> 1510 | S59: =S23 -> 2211 | T59: =T23 -> 1417 | U59: =U23 -> 1629 | V59: =V23 -> 832 | W59: =W23 -> 2656 | ... AH59: =AH23 -> 50692 | AJ59: =SUM((INDIRECT(AJ$2&(ROW())):INDIRECT(AJ$3&(ROW())))) -> 3650 | AK59: =SUM(INDIRECT(AK$1&AK$2&$B59):INDIRECT(AK$1&AK$3&$B59)) -> 50813.898 | AL59: =AJ59-AK59 -> -47163.898 | AM59: =IFERROR(AJ59/AK59,0) -> 0.071830743 | AN59: =SUM(INDIRECT(AN$1&AN$2&$A59):INDIRECT(AN$1&AN$3&$A59)) -> 3394 | AO59: =AJ59-AN59 -> 256 | AP59: =IFERROR(AJ59/AN59,0) -> 1.0754272 | AR59: =SUM((INDIRECT(AR$2&(ROW())):INDIRECT(AR$3&(ROW())))) -> 3650 | AS59: =SUM(INDIRECT(AS$1&AS$2&$B59):INDIRECT(AS$1&AS$3&$B59)) -> 50813.898 | AT59: =AR59-AS59 -> -47163.898 | AU59: =IFERROR(AR59/AS59,0) -> 0.071830743 | AV59: =SUM(INDIRECT(AV$1&AV$2&$A59):INDIRECT(AV$1&AV$3&$A59)) -> 3394 | AW59: =AR59-AV59 -> 256 | AX59: =IFERROR(AR59/AV59,0) -> 1.0754272 | AZ59: =SUM((INDIRECT(AZ$2&(ROW())):INDIRECT(AZ$3&(ROW())))) -> 16703 | BA59: =SUM(INDIRECT(BA$1&BA$2&$B59):INDIRECT(BA$1&BA$3&$B59)) -> 440636.9 | BB59: =AZ59-BA59 -> -423933.9 | BC59: =IFERROR(AZ59/BA59,0) -> 0.037906494 | BD59: =SUM(INDIRECT(BD$1&BD$2&$A59):INDIRECT(BD$1&BD$3&$A59)) -> 14015 | BE59: =AZ59-BD59 -> 2688 | BF59: =IFERROR(AZ59/BD59,0) -> 1.1917945
A60: 57 | B60: 57 | D60: 1 | I60: Rent income from Property, Plant and Equipment | AB60: =SUM(P60:R60) -> 0 | AC60: =SUM(S60:U60) -> 0 | AD60: =SUM(V60:X60) -> 0 | AE60: =SUM(Y60:AA60) -> 0 | AF60: =AB60+AC60 -> 0 | AG60: =AE60+AD60 -> 0 | AH60: =AF60+AG60 -> 0 | AJ60: =SUM((INDIRECT(AJ$2&(ROW())):INDIRECT(AJ$3&(ROW())))) -> 0 | AK60: =SUM(INDIRECT(AK$1&AK$2&$B60):INDIRECT(AK$1&AK$3&$B60)) -> 0 | AL60: =AJ60-AK60 -> 0 | AM60: =IFERROR(AJ60/AK60,0) -> 0 | AN60: =SUM(INDIRECT(AN$1&AN$2&$A60):INDIRECT(AN$1&AN$3&$A60)) -> 0 | AO60: =AJ60-AN60 -> 0 | AP60: =IFERROR(AJ60/AN60,0) -> 0 | AR60: =SUM((INDIRECT(AR$2&(ROW())):INDIRECT(AR$3&(ROW())))) -> 0 | AS60: =SUM(INDIRECT(AS$1&AS$2&$B60):INDIRECT(AS$1&AS$3&$B60)) -> 0 | AT60: =AR60-AS60 -> 0 | AU60: =IFERROR(AR60/AS60,0) -> 0 | AV60: =SUM(INDIRECT(AV$1&AV$2&$A60):INDIRECT(AV$1&AV$3&$A60)) -> 0 | AW60: =AR60-AV60 -> 0 | AX60: =IFERROR(AR60/AV60,0) -> 0 | AZ60: =SUM((INDIRECT(AZ$2&(ROW())):INDIRECT(AZ$3&(ROW())))) -> 0 | BA60: =SUM(INDIRECT(BA$1&BA$2&$B60):INDIRECT(BA$1&BA$3&$B60)) -> 0 | BB60: =AZ60-BA60 -> 0 | BC60: =IFERROR(AZ60/BA60,0) -> 0 | BD60: =SUM(INDIRECT(BD$1&BD$2&$A60):INDIRECT(BD$1&BD$3&$A60)) -> 0 | BE60: =AZ60-BD60 -> 0 | BF60: =IFERROR(AZ60/BD60,0) -> 0
A61: 58 | B61: 58 | D61: 1 | I61: Commissions and Fees Income | AB61: =SUM(P61:R61) -> 0 | AC61: =SUM(S61:U61) -> 0 | AD61: =SUM(V61:X61) -> 0 | AE61: =SUM(Y61:AA61) -> 0 | AF61: =AB61+AC61 -> 0 | AG61: =AE61+AD61 -> 0 | AH61: =AF61+AG61 -> 0 | AJ61: =SUM((INDIRECT(AJ$2&(ROW())):INDIRECT(AJ$3&(ROW())))) -> 0 | AK61: =SUM(INDIRECT(AK$1&AK$2&$B61):INDIRECT(AK$1&AK$3&$B61)) -> 0 | AL61: =AJ61-AK61 -> 0 | AM61: =IFERROR(AJ61/AK61,0) -> 0 | AN61: =SUM(INDIRECT(AN$1&AN$2&$A61):INDIRECT(AN$1&AN$3&$A61)) -> 0 | AO61: =AJ61-AN61 -> 0 | AP61: =IFERROR(AJ61/AN61,0) -> 0 | AR61: =SUM((INDIRECT(AR$2&(ROW())):INDIRECT(AR$3&(ROW())))) -> 0 | AS61: =SUM(INDIRECT(AS$1&AS$2&$B61):INDIRECT(AS$1&AS$3&$B61)) -> 0 | AT61: =AR61-AS61 -> 0 | AU61: =IFERROR(AR61/AS61,0) -> 0 | AV61: =SUM(INDIRECT(AV$1&AV$2&$A61):INDIRECT(AV$1&AV$3&$A61)) -> 0 | AW61: =AR61-AV61 -> 0 | AX61: =IFERROR(AR61/AV61,0) -> 0 | AZ61: =SUM((INDIRECT(AZ$2&(ROW())):INDIRECT(AZ$3&(ROW())))) -> 0 | BA61: =SUM(INDIRECT(BA$1&BA$2&$B61):INDIRECT(BA$1&BA$3&$B61)) -> 0 | BB61: =AZ61-BA61 -> 0 | BC61: =IFERROR(AZ61/BA61,0) -> 0 | BD61: =SUM(INDIRECT(BD$1&BD$2&$A61):INDIRECT(BD$1&BD$3&$A61)) -> 0 | BE61: =AZ61-BD61 -> 0 | BF61: =IFERROR(AZ61/BD61,0) -> 0
A62: 59 | B62: 59 | D62: 1 | I62: Gains on Sales of Asset | P62: 79 | Q62: 10 | R62: 1217 | S62: 2045 | T62: 839 | U62: 1629 | V62: 832 | W62: 1597 | X62: 1957 | Y62: 2199 | Z62: 2166 | AA62: 4003 | AB62: =SUM(P62:AA62) -> 18573 | AC62: =SUM(S62:U62) -> 4513 | AD62: =SUM(V62:X62) -> 4386 | AE62: =SUM(Y62:AA62) -> 8368 | AF62: =AB62+AC62 -> 23086 | AG62: =AE62+AD62 -> 12754 | AH62: =AF62+AG62 -> 35840 | AJ62: =SUM((INDIRECT(AJ$2&(ROW())):INDIRECT(AJ$3&(ROW())))) -> 2199 | AK62: =SUM(INDIRECT(AK$1&AK$2&$B62):INDIRECT(AK$1&AK$3&$B62)) -> 0 | AL62: =AJ62-AK62 -> 2199 | AM62: =IFERROR(AJ62/AK62,0) -> 0 | AN62: =SUM(INDIRECT(AN$1&AN$2&$A62):INDIRECT(AN$1&AN$3&$A62)) -> 675 | AO62: =AJ62-AN62 -> 1524 | AP62: =IFERROR(AJ62/AN62,0) -> 3.2577778 | AR62: =SUM((INDIRECT(AR$2&(ROW())):INDIRECT(AR$3&(ROW())))) -> 2199 | AS62: =SUM(INDIRECT(AS$1&AS$2&$B62):INDIRECT(AS$1&AS$3&$B62)) -> 0 | AT62: =AR62-AS62 -> 2199 | AU62: =IFERROR(AR62/AS62,0) -> 0 | AV62: =SUM(INDIRECT(AV$1&AV$2&$A62):INDIRECT(AV$1&AV$3&$A62)) -> 675 | AW62: =AR62-AV62 -> 1524 | AX62: =IFERROR(AR62/AV62,0) -> 3.2577778 | AZ62: =SUM((INDIRECT(AZ$2&(ROW())):INDIRECT(AZ$3&(ROW())))) -> 12404 | BA62: =SUM(INDIRECT(BA$1&BA$2&$B62):INDIRECT(BA$1&BA$3&$B62)) -> 8440 | BB62: =AZ62-BA62 -> 3964 | BC62: =IFERROR(AZ62/BA62,0) -> 1.4696682 | BD62: =SUM(INDIRECT(BD$1&BD$2&$A62):INDIRECT(BD$1&BD$3&$A62)) -> 8761 | BE62: =AZ62-BD62 -> 3643 | BF62: =IFERROR(AZ62/BD62,0) -> 1.4158201
A63: 60 | B63: 60 | D63: 1 | I63: Other income | P63: =P59-P60-P61-P62 -> 46 | Q63: =Q59-Q60-Q61-Q62 -> 706 | R63: =R59-R60-R61-R62 -> 293 | S63: =S59-S60-S61-S62 -> 166 | T63: =T59-T60-T61-T62 -> 578 | U63: =U59-U60-U61-U62 -> 0 | V63: =V59-V60-V61-V62 -> 0 | W63: =W59-W60-W61-W62 -> 1059 | ... AH63: =AH59-AH60-AH61-AH62 -> 14852 | AJ63: =SUM((INDIRECT(AJ$2&(ROW())):INDIRECT(AJ$3&(ROW())))) -> 1451 | AK63: =SUM(INDIRECT(AK$1&AK$2&$B63):INDIRECT(AK$1&AK$3&$B63)) -> 0 | AL63: =AJ63-AK63 -> 1451 | AM63: =IFERROR(AJ63/AK63,0) -> 0 | AN63: =SUM(INDIRECT(AN$1&AN$2&$A63):INDIRECT(AN$1&AN$3&$A63)) -> 2719 | AO63: =AJ63-AN63 -> -1268 | AP63: =IFERROR(AJ63/AN63,0) -> 0.53365208 | AR63: =SUM((INDIRECT(AR$2&(ROW())):INDIRECT(AR$3&(ROW())))) -> 1451 | AS63: =SUM(INDIRECT(AS$1&AS$2&$B63):INDIRECT(AS$1&AS$3&$B63)) -> 0 | AT63: =AR63-AS63 -> 1451 | AU63: =IFERROR(AR63/AS63,0) -> 0 | AV63: =SUM(INDIRECT(AV$1&AV$2&$A63):INDIRECT(AV$1&AV$3&$A63)) -> 2719 | AW63: =AR63-AV63 -> -1268 | AX63: =IFERROR(AR63/AV63,0) -> 0.53365208 | AZ63: =SUM((INDIRECT(AZ$2&(ROW())):INDIRECT(AZ$3&(ROW())))) -> 4299 | BA63: =SUM(INDIRECT(BA$1&BA$2&$B63):INDIRECT(BA$1&BA$3&$B63)) -> 0 | BB63: =AZ63-BA63 -> 4299 | BC63: =IFERROR(AZ63/BA63,0) -> 0 | BD63: =SUM(INDIRECT(BD$1&BD$2&$A63):INDIRECT(BD$1&BD$3&$A63)) -> 5254 | BE63: =AZ63-BD63 -> -955 | BF63: =IFERROR(AZ63/BD63,0) -> 0.81823373
A64: 61 | B64: 61 | D64: 1 | H64: Other Expense | P64: =P24 -> 0 | Q64: =Q24 -> 0 | R64: =R24 -> 0 | S64: =S24 -> 0 | T64: =T24 -> 0 | U64: =U24 -> 0 | V64: =V24 -> 0 | W64: =W24 -> 0 | ... AH64: =AH24 -> 35000 | AJ64: =SUM((INDIRECT(AJ$2&(ROW())):INDIRECT(AJ$3&(ROW())))) -> 0 | AK64: =SUM(INDIRECT(AK$1&AK$2&$B64):INDIRECT(AK$1&AK$3&$B64)) -> 0 | AL64: =AJ64-AK64 -> 0 | AM64: =IFERROR(AJ64/AK64,0) -> 0 | AN64: =SUM(INDIRECT(AN$1&AN$2&$A64):INDIRECT(AN$1&AN$3&$A64)) -> 0 | AO64: =AJ64-AN64 -> 0 | AP64: =IFERROR(AJ64/AN64,0) -> 0 | AR64: =SUM((INDIRECT(AR$2&(ROW())):INDIRECT(AR$3&(ROW())))) -> 0 | AS64: =SUM(INDIRECT(AS$1&AS$2&$B64):INDIRECT(AS$1&AS$3&$B64)) -> 0 | AT64: =AR64-AS64 -> 0 | AU64: =IFERROR(AR64/AS64,0) -> 0 | AV64: =SUM(INDIRECT(AV$1&AV$2&$A64):INDIRECT(AV$1&AV$3&$A64)) -> 0 | AW64: =AR64-AV64 -> 0 | AX64: =IFERROR(AR64/AV64,0) -> 0 | AZ64: =SUM((INDIRECT(AZ$2&(ROW())):INDIRECT(AZ$3&(ROW())))) -> 0 | BA64: =SUM(INDIRECT(BA$1&BA$2&$B64):INDIRECT(BA$1&BA$3&$B64)) -> 0 | BB64: =AZ64-BA64 -> 0 | BC64: =IFERROR(AZ64/BA64,0) -> 0 | BD64: =SUM(INDIRECT(BD$1&BD$2&$A64):INDIRECT(BD$1&BD$3&$A64)) -> 2060 | BE64: =AZ64-BD64 -> -2060 | BF64: =IFERROR(AZ64/BD64,0) -> 0
A65: 62 | B65: 62 | D65: 1 | I65: Losses on Sales of Asset, Disposal of Asset | AB65: =SUM(P65:R65) -> 0 | AC65: =SUM(S65:U65) -> 0 | AD65: =SUM(V65:X65) -> 0 | AE65: =SUM(Y65:AA65) -> 0 | AF65: =AB65+AC65 -> 0 | AG65: =AE65+AD65 -> 0 | AH65: =AF65+AG65 -> 0 | AJ65: =SUM((INDIRECT(AJ$2&(ROW())):INDIRECT(AJ$3&(ROW())))) -> 0 | AK65: =SUM(INDIRECT(AK$1&AK$2&$B65):INDIRECT(AK$1&AK$3&$B65)) -> 0 | AL65: =AJ65-AK65 -> 0 | AM65: =IFERROR(AJ65/AK65,0) -> 0 | AN65: =SUM(INDIRECT(AN$1&AN$2&$A65):INDIRECT(AN$1&AN$3&$A65)) -> 0 | AO65: =AJ65-AN65 -> 0 | AP65: =IFERROR(AJ65/AN65,0) -> 0 | AR65: =SUM((INDIRECT(AR$2&(ROW())):INDIRECT(AR$3&(ROW())))) -> 0 | AS65: =SUM(INDIRECT(AS$1&AS$2&$B65):INDIRECT(AS$1&AS$3&$B65)) -> 0 | AT65: =AR65-AS65 -> 0 | AU65: =IFERROR(AR65/AS65,0) -> 0 | AV65: =SUM(INDIRECT(AV$1&AV$2&$A65):INDIRECT(AV$1&AV$3&$A65)) -> 0 | AW65: =AR65-AV65 -> 0 | AX65: =IFERROR(AR65/AV65,0) -> 0 | AZ65: =SUM((INDIRECT(AZ$2&(ROW())):INDIRECT(AZ$3&(ROW())))) -> 0 | BA65: =SUM(INDIRECT(BA$1&BA$2&$B65):INDIRECT(BA$1&BA$3&$B65)) -> 0 | BB65: =AZ65-BA65 -> 0 | BC65: =IFERROR(AZ65/BA65,0) -> 0 | BD65: =SUM(INDIRECT(BD$1&BD$2&$A65):INDIRECT(BD$1&BD$3&$A65)) -> 0 | BE65: =AZ65-BD65 -> 0 | BF65: =IFERROR(AZ65/BD65,0) -> 0
A66: 63 | B66: 63 | D66: 1 | I66: Impairment Loss | AB66: =SUM(P66:R66) -> 0 | AC66: =SUM(S66:U66) -> 0 | AD66: =SUM(V66:X66) -> 0 | AE66: =SUM(Y66:AA66) -> 0 | AF66: =AB66+AC66 -> 0 | AG66: =AE66+AD66 -> 0 | AH66: =AF66+AG66 -> 0 | AJ66: =SUM((INDIRECT(AJ$2&(ROW())):INDIRECT(AJ$3&(ROW())))) -> 0 | AK66: =SUM(INDIRECT(AK$1&AK$2&$B66):INDIRECT(AK$1&AK$3&$B66)) -> 0 | AL66: =AJ66-AK66 -> 0 | AM66: =IFERROR(AJ66/AK66,0) -> 0 | AN66: =SUM(INDIRECT(AN$1&AN$2&$A66):INDIRECT(AN$1&AN$3&$A66)) -> 0 | AO66: =AJ66-AN66 -> 0 | AP66: =IFERROR(AJ66/AN66,0) -> 0 | AR66: =SUM((INDIRECT(AR$2&(ROW())):INDIRECT(AR$3&(ROW())))) -> 0 | AS66: =SUM(INDIRECT(AS$1&AS$2&$B66):INDIRECT(AS$1&AS$3&$B66)) -> 0 | AT66: =AR66-AS66 -> 0 | AU66: =IFERROR(AR66/AS66,0) -> 0 | AV66: =SUM(INDIRECT(AV$1&AV$2&$A66):INDIRECT(AV$1&AV$3&$A66)) -> 0 | AW66: =AR66-AV66 -> 0 | AX66: =IFERROR(AR66/AV66,0) -> 0 | AZ66: =SUM((INDIRECT(AZ$2&(ROW())):INDIRECT(AZ$3&(ROW())))) -> 0 | BA66: =SUM(INDIRECT(BA$1&BA$2&$B66):INDIRECT(BA$1&BA$3&$B66)) -> 8440 | BB66: =AZ66-BA66 -> -8440 | BC66: =IFERROR(AZ66/BA66,0) -> 0 | BD66: =SUM(INDIRECT(BD$1&BD$2&$A66):INDIRECT(BD$1&BD$3&$A66)) -> 0 | BE66: =AZ66-BD66 -> 0 | BF66: =IFERROR(AZ66/BD66,0) -> 0
A67: 64 | B67: 64 | D67: 1 | I67: Restructuring Expense | AB67: =SUM(P67:R67) -> 0 | AC67: =SUM(S67:U67) -> 0 | AD67: =SUM(V67:X67) -> 0 | AE67: =SUM(Y67:AA67) -> 0 | AF67: =AB67+AC67 -> 0 | AG67: =AE67+AD67 -> 0 | AH67: =AF67+AG67 -> 0 | AJ67: =SUM((INDIRECT(AJ$2&(ROW())):INDIRECT(AJ$3&(ROW())))) -> 0 | AK67: =SUM(INDIRECT(AK$1&AK$2&$B67):INDIRECT(AK$1&AK$3&$B67)) -> 0 | AL67: =AJ67-AK67 -> 0 | AM67: =IFERROR(AJ67/AK67,0) -> 0 | AN67: =SUM(INDIRECT(AN$1&AN$2&$A67):INDIRECT(AN$1&AN$3&$A67)) -> 0 | AO67: =AJ67-AN67 -> 0 | AP67: =IFERROR(AJ67/AN67,0) -> 0 | AR67: =SUM((INDIRECT(AR$2&(ROW())):INDIRECT(AR$3&(ROW())))) -> 0 | AS67: =SUM(INDIRECT(AS$1&AS$2&$B67):INDIRECT(AS$1&AS$3&$B67)) -> 0 | AT67: =AR67-AS67 -> 0 | AU67: =IFERROR(AR67/AS67,0) -> 0 | AV67: =SUM(INDIRECT(AV$1&AV$2&$A67):INDIRECT(AV$1&AV$3&$A67)) -> 0 | AW67: =AR67-AV67 -> 0 | AX67: =IFERROR(AR67/AV67,0) -> 0 | AZ67: =SUM((INDIRECT(AZ$2&(ROW())):INDIRECT(AZ$3&(ROW())))) -> 0 | BA67: =SUM(INDIRECT(BA$1&BA$2&$B67):INDIRECT(BA$1&BA$3&$B67)) -> 0 | BB67: =AZ67-BA67 -> 0 | BC67: =IFERROR(AZ67/BA67,0) -> 0 | BD67: =SUM(INDIRECT(BD$1&BD$2&$A67):INDIRECT(BD$1&BD$3&$A67)) -> 0 | BE67: =AZ67-BD67 -> 0 | BF67: =IFERROR(AZ67/BD67,0) -> 0
A68: 65 | B68: 65 | D68: 1 | I68: Other Expense | P68: =P64-P65-P66-P67 -> 0 | Q68: =Q64-Q65-Q66-Q67 -> 0 | R68: =R64-R65-R66-R67 -> 0 | S68: =S64-S65-S66-S67 -> 0 | T68: =T64-T65-T66-T67 -> 0 | U68: =U64-U65-U66-U67 -> 0 | V68: =V64-V65-V66-V67 -> 0 | W68: =W64-W65-W66-W67 -> 0 | ... AH68: =AH64-AH65-AH66-AH67 -> 35000 | AJ68: =SUM((INDIRECT(AJ$2&(ROW())):INDIRECT(AJ$3&(ROW())))) -> 0 | AK68: =SUM(INDIRECT(AK$1&AK$2&$B68):INDIRECT(AK$1&AK$3&$B68)) -> 0 | AL68: =AJ68-AK68 -> 0 | AM68: =IFERROR(AJ68/AK68,0) -> 0 | AN68: =SUM(INDIRECT(AN$1&AN$2&$A68):INDIRECT(AN$1&AN$3&$A68)) -> 0 | AO68: =AJ68-AN68 -> 0 | AP68: =IFERROR(AJ68/AN68,0) -> 0 | AR68: =SUM((INDIRECT(AR$2&(ROW())):INDIRECT(AR$3&(ROW())))) -> 0 | AS68: =SUM(INDIRECT(AS$1&AS$2&$B68):INDIRECT(AS$1&AS$3&$B68)) -> 0 | AT68: =AR68-AS68 -> 0 | AU68: =IFERROR(AR68/AS68,0) -> 0 | AV68: =SUM(INDIRECT(AV$1&AV$2&$A68):INDIRECT(AV$1&AV$3&$A68)) -> 0 | AW68: =AR68-AV68 -> 0 | AX68: =IFERROR(AR68/AV68,0) -> 0 | AZ68: =SUM((INDIRECT(AZ$2&(ROW())):INDIRECT(AZ$3&(ROW())))) -> 0 | BA68: =SUM(INDIRECT(BA$1&BA$2&$B68):INDIRECT(BA$1&BA$3&$B68)) -> 0 | BB68: =AZ68-BA68 -> 0 | BC68: =IFERROR(AZ68/BA68,0) -> 0 | BD68: =SUM(INDIRECT(BD$1&BD$2&$A68):INDIRECT(BD$1&BD$3&$A68)) -> 2060 | BE68: =AZ68-BD68 -> -2060 | BF68: =IFERROR(AZ68/BD68,0) -> 0
A69: 66 | B69: 66 | D69: 1
A70: 67 | B70: 67 | D70: 1 | E70: 2. P/L(2)- Overview by BU
A71: 68 | B71: 68 | D71: 1 | F71: 2-1. P/L Statement by BU
A72: 69 | B72: 69 | D72: 1 | G72: (1) Office
A73: 70 | B73: 70 | D73: 1 | P73: =P$10 -> 43922 | Q73: =Q$10 -> 43952 | R73: =R$10 -> 43983 | S73: =S$10 -> 44013 | T73: =T$10 -> 44044 | U73: =U$10 -> 44075 | V73: =V$10 -> 44105 | W73: =W$10 -> 44136 | ... AH73: =AH$10 -> Yr. | AJ73: =AJ$10 -> Result | AK73: =AK$10 -> OP | AL73: =AL$10 -> vs OP | AM73: =AM$10 -> % | AN73: =AN$10 -> FY19 | AO73: =AO$10 -> vs FY19 | AP73: =AP$10 -> % | AR73: =AR$10 -> Result | AS73: =AS$10 -> OP | AT73: =AT$10 -> vs OP | AU73: =AU$10 -> % | AV73: =AV$10 -> FY19 | AW73: =AW$10 -> vs FY19 | AX73: =AX$10 -> % | AZ73: =AZ$10 -> Result | BA73: =BA$10 -> OP | BB73: =BB$10 -> vs OP | BC73: =BC$10 -> % | BD73: =BD$10 -> FY19 | BE73: =BE$10 -> vs FY19 | BF73: =BF$10 -> %
A74: 71 | B74: 71 | D74: 1 | H74: Net Sales | N74: (Includes Sales to BT-Gr. Companies) | P74: =SUM(P75:P77) -> 16078 | Q74: =SUM(Q75:Q77) -> 105343 | R74: =SUM(R75:R77) -> 120404 | S74: =SUM(S75:S77) -> 134510 | T74: =SUM(T75:T77) -> 125147 | U74: =SUM(U75:U77) -> 214748 | V74: =SUM(V75:V77) -> 135037 | W74: =SUM(W75:W77) -> 142844 | ... AH74: =SUM(AH75:AH77) -> 1804242 | AJ74: =SUM((INDIRECT(AJ$2&(ROW())):INDIRECT(AJ$3&(ROW())))) -> 159054 | AK74: =SUM(INDIRECT(AK$1&AK$2&$B74):INDIRECT(AK$1&AK$3&$B74)) -> 0 | AL74: =AJ74-AK74 -> 159054 | AM74: =IFERROR(AJ74/AK74,0) -> 0 | AN74: =SUM(INDIRECT(AN$1&AN$2&$A74):INDIRECT(AN$1&AN$3&$A74)) -> 175774 | AO74: =AJ74-AN74 -> -16720 | AP74: =IFERROR(AJ74/AN74,0) -> 0.90487785 | AR74: =SUM((INDIRECT(AR$2&(ROW())):INDIRECT(AR$3&(ROW())))) -> 159054 | AS74: =SUM(INDIRECT(AS$1&AS$2&$B74):INDIRECT(AS$1&AS$3&$B74)) -> 0 | AT74: =AR74-AS74 -> 159054 | AU74: =IFERROR(AR74/AS74,0) -> 0 | AV74: =SUM(INDIRECT(AV$1&AV$2&$A74):INDIRECT(AV$1&AV$3&$A74)) -> 175774 | AW74: =AR74-AV74 -> -16720 | AX74: =IFERROR(AR74/AV74,0) -> 0.90487785 | AZ74: =SUM((INDIRECT(AZ$2&(ROW())):INDIRECT(AZ$3&(ROW())))) -> 1383137 | BA74: =SUM(INDIRECT(BA$1&BA$2&$B74):INDIRECT(BA$1&BA$3&$B74)) -> 0 | BB74: =AZ74-BA74 -> 1383137 | BC74: =IFERROR(AZ74/BA74,0) -> 0 | BD74: =SUM(INDIRECT(BD$1&BD$2&$A74):INDIRECT(BD$1&BD$3&$A74)) -> 1982225 | BE74: =AZ74-BD74 -> -599088 | BF74: =IFERROR(AZ74/BD74,0) -> 0.69776993
A75: 72 | B75: 72 | D75: 1 | L75: Hard | P75: =P358+P374 -> 14474 | Q75: =Q358+Q374 -> 59576 | R75: =R358+R374 -> 79854 | S75: =S358+S374 -> 87373 | T75: =T358+T374 -> 90285 | U75: =U358+U374 -> 161956 | V75: =V358+V374 -> 86366 | W75: =W358+W374 -> 97002 | ... AA75: =AA358+AA374 -> 153149 | AB75: =SUM(P75:R75) -> 153904 | AC75: =SUM(S75:U75) -> 339614 | AD75: =SUM(V75:X75) -> 340505 | AE75: =SUM(Y75:AA75) -> 387012 | AF75: =AB75+AC75 -> 493518 | AG75: =AE75+AD75 -> 727517 | AH75: =AF75+AG75 -> 1221035 | AJ75: =SUM((INDIRECT(AJ$2&(ROW())):INDIRECT(AJ$3&(ROW())))) -> 105948 | AK75: =SUM(INDIRECT(AK$1&AK$2&$B75):INDIRECT(AK$1&AK$3&$B75)) -> 0 | AL75: =AJ75-AK75 -> 105948 | AM75: =IFERROR(AJ75/AK75,0) -> 0 | AN75: =SUM(INDIRECT(AN$1&AN$2&$A75):INDIRECT(AN$1&AN$3&$A75)) -> 116873 | AO75: =AJ75-AN75 -> -10925 | AP75: =IFERROR(AJ75/AN75,0) -> 0.90652246 | AR75: =SUM((INDIRECT(AR$2&(ROW())):INDIRECT(AR$3&(ROW())))) -> 105948 | AS75: =SUM(INDIRECT(AS$1&AS$2&$B75):INDIRECT(AS$1&AS$3&$B75)) -> 0 | AT75: =AR75-AS75 -> 105948 | AU75: =IFERROR(AR75/AS75,0) -> 0 | AV75: =SUM(INDIRECT(AV$1&AV$2&$A75):INDIRECT(AV$1&AV$3&$A75)) -> 116873 | AW75: =AR75-AV75 -> -10925 | AX75: =IFERROR(AR75/AV75,0) -> 0.90652246 | AZ75: =SUM((INDIRECT(AZ$2&(ROW())):INDIRECT(AZ$3&(ROW())))) -> 939971 | BA75: =SUM(INDIRECT(BA$1&BA$2&$B75):INDIRECT(BA$1&BA$3&$B75)) -> 0 | BB75: =AZ75-BA75 -> 939971 | BC75: =IFERROR(AZ75/BA75,0) -> 0 | BD75: =SUM(INDIRECT(BD$1&BD$2&$A75):INDIRECT(BD$1&BD$3&$A75)) -> 1385416 | BE75: =AZ75-BD75 -> -445445 | BF75: =IFERROR(AZ75/BD75,0) -> 0.67847563
A76: 73 | B76: 73 | D76: 1 | L76: Non-hard | P76: =P363+P379 -> 1604 | Q76: =Q363+Q379 -> 45767 | R76: =R363+R379 -> 40550 | S76: =S363+S379 -> 47137 | T76: =T363+T379 -> 34862 | U76: =U363+U379 -> 52792 | V76: =V363+V379 -> 48671 | W76: =W363+W379 -> 45842 | ... AA76: =AA363+AA379 -> 72985 | AB76: =SUM(P76:R76) -> 87921 | AC76: =SUM(S76:U76) -> 134791 | AD76: =SUM(V76:X76) -> 167348 | AE76: =SUM(Y76:AA76) -> 193147 | AF76: =AB76+AC76 -> 222712 | AG76: =AE76+AD76 -> 360495 | AH76: =AF76+AG76 -> 583207 | AJ76: =SUM((INDIRECT(AJ$2&(ROW())):INDIRECT(AJ$3&(ROW())))) -> 53106 | AK76: =SUM(INDIRECT(AK$1&AK$2&$B76):INDIRECT(AK$1&AK$3&$B76)) -> 44136 | AL76: =AJ76-AK76 -> 8970 | AM76: =IFERROR(AJ76/AK76,0) -> 1.2032355 | AN76: =SUM(INDIRECT(AN$1&AN$2&$A76):INDIRECT(AN$1&AN$3&$A76)) -> 58901 | AO76: =AJ76-AN76 -> -5795 | AP76: =IFERROR(AJ76/AN76,0) -> 0.90161457 | AR76: =SUM((INDIRECT(AR$2&(ROW())):INDIRECT(AR$3&(ROW())))) -> 53106 | AS76: =SUM(INDIRECT(AS$1&AS$2&$B76):INDIRECT(AS$1&AS$3&$B76)) -> 44136 | AT76: =AR76-AS76 -> 8970 | AU76: =IFERROR(AR76/AS76,0) -> 1.2032355 | AV76: =SUM(INDIRECT(AV$1&AV$2&$A76):INDIRECT(AV$1&AV$3&$A76)) -> 58901 | AW76: =AR76-AV76 -> -5795 | AX76: =IFERROR(AR76/AV76,0) -> 0.90161457 | AZ76: =SUM((INDIRECT(AZ$2&(ROW())):INDIRECT(AZ$3&(ROW())))) -> 443166 | BA76: =SUM(INDIRECT(BA$1&BA$2&$B76):INDIRECT(BA$1&BA$3&$B76)) -> 352230 | BB76: =AZ76-BA76 -> 90936 | BC76: =IFERROR(AZ76/BA76,0) -> 1.2581722 | BD76: =SUM(INDIRECT(BD$1&BD$2&$A76):INDIRECT(BD$1&BD$3&$A76)) -> 596809 | BE76: =AZ76-BD76 -> -153643 | BF76: =IFERROR(AZ76/BD76,0) -> 0.74255918
A77: 74 | B77: 74 | D77: 1 | L77: Others | P77: =P372+P388 -> 0 | Q77: =Q372+Q388 -> 0 | R77: =R372+R388 -> 0 | S77: =S372+S388 -> 0 | T77: =T372+T388 -> 0 | U77: =U372+U388 -> 0 | V77: =V372+V388 -> 0 | W77: =W372+W388 -> 0 | ... AA77: =AA372+AA388 -> 0 | AB77: =SUM(P77:R77) -> 0 | AC77: =SUM(S77:U77) -> 0 | AD77: =SUM(V77:X77) -> 0 | AE77: =SUM(Y77:AA77) -> 0 | AF77: =AB77+AC77 -> 0 | AG77: =AE77+AD77 -> 0 | AH77: =AF77+AG77 -> 0 | AJ77: =SUM((INDIRECT(AJ$2&(ROW())):INDIRECT(AJ$3&(ROW())))) -> 0 | AK77: =SUM(INDIRECT(AK$1&AK$2&$B77):INDIRECT(AK$1&AK$3&$B77)) -> 173246.29 | AL77: =AJ77-AK77 -> -173246.29 | AM77: =IFERROR(AJ77/AK77,0) -> 0 | AN77: =SUM(INDIRECT(AN$1&AN$2&$A77):INDIRECT(AN$1&AN$3&$A77)) -> 0 | AO77: =AJ77-AN77 -> 0 | AP77: =IFERROR(AJ77/AN77,0) -> 0 | AR77: =SUM((INDIRECT(AR$2&(ROW())):INDIRECT(AR$3&(ROW())))) -> 0 | AS77: =SUM(INDIRECT(AS$1&AS$2&$B77):INDIRECT(AS$1&AS$3&$B77)) -> 173246.29 | AT77: =AR77-AS77 -> -173246.29 | AU77: =IFERROR(AR77/AS77,0) -> 0 | AV77: =SUM(INDIRECT(AV$1&AV$2&$A77):INDIRECT(AV$1&AV$3&$A77)) -> 0 | AW77: =AR77-AV77 -> 0 | AX77: =IFERROR(AR77/AV77,0) -> 0 | AZ77: =SUM((INDIRECT(AZ$2&(ROW())):INDIRECT(AZ$3&(ROW())))) -> 0 | BA77: =SUM(INDIRECT(BA$1&BA$2&$B77):INDIRECT(BA$1&BA$3&$B77)) -> 1024513.3 | BB77: =AZ77-BA77 -> -1024513.3 | BC77: =IFERROR(AZ77/BA77,0) -> 0 | BD77: =SUM(INDIRECT(BD$1&BD$2&$A77):INDIRECT(BD$1&BD$3&$A77)) -> 0 | BE77: =AZ77-BD77 -> 0 | BF77: =IFERROR(AZ77/BD77,0) -> 0
A78: 75 | B78: 75 | D78: 1 | H78: BT Consolidated Sales | N78: (Excludes Sales to BT-Gr. Companies) | P78: =SUM(P79:P81) -> 16078 | Q78: =SUM(Q79:Q81) -> 105343 | R78: =SUM(R79:R81) -> 120404 | S78: =SUM(S79:S81) -> 134510 | T78: =SUM(T79:T81) -> 125147 | U78: =SUM(U79:U81) -> 214748 | V78: =SUM(V79:V81) -> 135037 | W78: =SUM(W79:W81) -> 142844 | ... AH78: =SUM(AH79:AH81) -> 1804242 | AJ78: =SUM((INDIRECT(AJ$2&(ROW())):INDIRECT(AJ$3&(ROW())))) -> 159054 | AK78: =SUM(INDIRECT(AK$1&AK$2&$B78):INDIRECT(AK$1&AK$3&$B78)) -> 116512.4 | AL78: =AJ78-AK78 -> 42541.604 | AM78: =IFERROR(AJ78/AK78,0) -> 1.3651251 | AN78: =SUM(INDIRECT(AN$1&AN$2&$A78):INDIRECT(AN$1&AN$3&$A78)) -> 175774 | AO78: =AJ78-AN78 -> -16720 | AP78: =IFERROR(AJ78/AN78,0) -> 0.90487785 | AR78: =SUM((INDIRECT(AR$2&(ROW())):INDIRECT(AR$3&(ROW())))) -> 159054 | AS78: =SUM(INDIRECT(AS$1&AS$2&$B78):INDIRECT(AS$1&AS$3&$B78)) -> 116512.4 | AT78: =AR78-AS78 -> 42541.604 | AU78: =IFERROR(AR78/AS78,0) -> 1.3651251 | AV78: =SUM(INDIRECT(AV$1&AV$2&$A78):INDIRECT(AV$1&AV$3&$A78)) -> 175774 | AW78: =AR78-AV78 -> -16720 | AX78: =IFERROR(AR78/AV78,0) -> 0.90487785 | AZ78: =SUM((INDIRECT(AZ$2&(ROW())):INDIRECT(AZ$3&(ROW())))) -> 1383137 | BA78: =SUM(INDIRECT(BA$1&BA$2&$B78):INDIRECT(BA$1&BA$3&$B78)) -> 696396.4 | BB78: =AZ78-BA78 -> 686740.6 | BC78: =IFERROR(AZ78/BA78,0) -> 1.9861346 | BD78: =SUM(INDIRECT(BD$1&BD$2&$A78):INDIRECT(BD$1&BD$3&$A78)) -> 1982225 | BE78: =AZ78-BD78 -> -599088 | BF78: =IFERROR(AZ78/BD78,0) -> 0.69776993
A79: 76 | B79: 76 | D79: 1 | L79: Hard | P79: 14474 | Q79: 59576 | R79: 79854 | S79: 87373 | T79: 90285 | U79: 161956 | V79: 86366 | W79: 97002 | X79: 157137 | Y79: 105948 | Z79: 127915 | AA79: 153149 | AB79: =SUM(P79:R79) -> 153904 | AC79: =SUM(S79:U79) -> 339614 | AD79: =SUM(V79:X79) -> 340505 | AE79: =SUM(Y79:AA79) -> 387012 | AF79: =AB79+AC79 -> 493518 | AG79: =AE79+AD79 -> 727517 | AH79: =AF79+AG79 -> 1221035 | AJ79: =SUM((INDIRECT(AJ$2&(ROW())):INDIRECT(AJ$3&(ROW())))) -> 105948 | AK79: =SUM(INDIRECT(AK$1&AK$2&$B79):INDIRECT(AK$1&AK$3&$B79)) -> 56733.895 | AL79: =AJ79-AK79 -> 49214.105 | AM79: =IFERROR(AJ79/AK79,0) -> 1.8674551 | AN79: =SUM(INDIRECT(AN$1&AN$2&$A79):INDIRECT(AN$1&AN$3&$A79)) -> 116873 | AO79: =AJ79-AN79 -> -10925 | AP79: =IFERROR(AJ79/AN79,0) -> 0.90652246 | AR79: =SUM((INDIRECT(AR$2&(ROW())):INDIRECT(AR$3&(ROW())))) -> 105948 | AS79: =SUM(INDIRECT(AS$1&AS$2&$B79):INDIRECT(AS$1&AS$3&$B79)) -> 56733.895 | AT79: =AR79-AS79 -> 49214.105 | AU79: =IFERROR(AR79/AS79,0) -> 1.8674551 | AV79: =SUM(INDIRECT(AV$1&AV$2&$A79):INDIRECT(AV$1&AV$3&$A79)) -> 116873 | AW79: =AR79-AV79 -> -10925 | AX79: =IFERROR(AR79/AV79,0) -> 0.90652246 | AZ79: =SUM((INDIRECT(AZ$2&(ROW())):INDIRECT(AZ$3&(ROW())))) -> 939971 | BA79: =SUM(INDIRECT(BA$1&BA$2&$B79):INDIRECT(BA$1&BA$3&$B79)) -> 328116.9 | BB79: =AZ79-BA79 -> 611854.1 | BC79: =IFERROR(AZ79/BA79,0) -> 2.8647443 | BD79: =SUM(INDIRECT(BD$1&BD$2&$A79):INDIRECT(BD$1&BD$3&$A79)) -> 1385416 | BE79: =AZ79-BD79 -> -445445 | BF79: =IFERROR(AZ79/BD79,0) -> 0.67847563
A80: 77 | B80: 77 | D80: 1 | L80: Non-hard | P80: 1604 | Q80: 45767 | R80: 40550 | S80: 47137 | T80: 34862 | U80: 52792 | V80: 48671 | W80: 45842 | X80: 72835 | Y80: 53106 | Z80: 67056 | AA80: 72985 | AB80: =SUM(P80:R80) -> 87921 | AC80: =SUM(S80:U80) -> 134791 | AD80: =SUM(V80:X80) -> 167348 | AE80: =SUM(Y80:AA80) -> 193147 | AF80: =AB80+AC80 -> 222712 | AG80: =AE80+AD80 -> 360495 | AH80: =AF80+AG80 -> 583207 | AJ80: =SUM((INDIRECT(AJ$2&(ROW())):INDIRECT(AJ$3&(ROW())))) -> 53106 | AK80: =SUM(INDIRECT(AK$1&AK$2&$B80):INDIRECT(AK$1&AK$3&$B80)) -> 0 | AL80: =AJ80-AK80 -> 53106 | AM80: =IFERROR(AJ80/AK80,0) -> 0 | AN80: =SUM(INDIRECT(AN$1&AN$2&$A80):INDIRECT(AN$1&AN$3&$A80)) -> 58901 | AO80: =AJ80-AN80 -> -5795 | AP80: =IFERROR(AJ80/AN80,0) -> 0.90161457 | AR80: =SUM((INDIRECT(AR$2&(ROW())):INDIRECT(AR$3&(ROW())))) -> 53106 | AS80: =SUM(INDIRECT(AS$1&AS$2&$B80):INDIRECT(AS$1&AS$3&$B80)) -> 0 | AT80: =AR80-AS80 -> 53106 | AU80: =IFERROR(AR80/AS80,0) -> 0 | AV80: =SUM(INDIRECT(AV$1&AV$2&$A80):INDIRECT(AV$1&AV$3&$A80)) -> 58901 | AW80: =AR80-AV80 -> -5795 | AX80: =IFERROR(AR80/AV80,0) -> 0.90161457 | AZ80: =SUM((INDIRECT(AZ$2&(ROW())):INDIRECT(AZ$3&(ROW())))) -> 443166 | BA80: =SUM(INDIRECT(BA$1&BA$2&$B80):INDIRECT(BA$1&BA$3&$B80)) -> 0 | BB80: =AZ80-BA80 -> 443166 | BC80: =IFERROR(AZ80/BA80,0) -> 0 | BD80: =SUM(INDIRECT(BD$1&BD$2&$A80):INDIRECT(BD$1&BD$3&$A80)) -> 596809 | BE80: =AZ80-BD80 -> -153643 | BF80: =IFERROR(AZ80/BD80,0) -> 0.74255918
A81: 78 | B81: 78 | D81: 1 | L81: Others | AB81: =SUM(P81:R81) -> 0 | AC81: =SUM(S81:U81) -> 0 | AD81: =SUM(V81:X81) -> 0 | AE81: =SUM(Y81:AA81) -> 0 | AF81: =AB81+AC81 -> 0 | AG81: =AE81+AD81 -> 0 | AH81: =AF81+AG81 -> 0 | AJ81: =SUM((INDIRECT(AJ$2&(ROW())):INDIRECT(AJ$3&(ROW())))) -> 0 | AK81: =SUM(INDIRECT(AK$1&AK$2&$B81):INDIRECT(AK$1&AK$3&$B81)) -> 173246.29 | AL81: =AJ81-AK81 -> -173246.29 | AM81: =IFERROR(AJ81/AK81,0) -> 0 | AN81: =SUM(INDIRECT(AN$1&AN$2&$A81):INDIRECT(AN$1&AN$3&$A81)) -> 0 | AO81: =AJ81-AN81 -> 0 | AP81: =IFERROR(AJ81/AN81,0) -> 0 | AR81: =SUM((INDIRECT(AR$2&(ROW())):INDIRECT(AR$3&(ROW())))) -> 0 | AS81: =SUM(INDIRECT(AS$1&AS$2&$B81):INDIRECT(AS$1&AS$3&$B81)) -> 173246.29 | AT81: =AR81-AS81 -> -173246.29 | AU81: =IFERROR(AR81/AS81,0) -> 0 | AV81: =SUM(INDIRECT(AV$1&AV$2&$A81):INDIRECT(AV$1&AV$3&$A81)) -> 0 | AW81: =AR81-AV81 -> 0 | AX81: =IFERROR(AR81/AV81,0) -> 0 | AZ81: =SUM((INDIRECT(AZ$2&(ROW())):INDIRECT(AZ$3&(ROW())))) -> 0 | BA81: =SUM(INDIRECT(BA$1&BA$2&$B81):INDIRECT(BA$1&BA$3&$B81)) -> 1024513.3 | BB81: =AZ81-BA81 -> -1024513.3 | BC81: =IFERROR(AZ81/BA81,0) -> 0 | BD81: =SUM(INDIRECT(BD$1&BD$2&$A81):INDIRECT(BD$1&BD$3&$A81)) -> 0 | BE81: =AZ81-BD81 -> 0 | BF81: =IFERROR(AZ81/BD81,0) -> 0
A82: 79 | B82: 79 | D82: 1 | H82: Cost of Sales | P82: =P83+P86+P94 -> 10716 | Q82: =Q83+Q86+Q94 -> 63615 | R82: =R83+R86+R94 -> 92662 | S82: =S83+S86+S94 -> 88845 | T82: =T83+T86+T94 -> 87667 | U82: =U83+U86+U94 -> 139516 | V82: =V83+V86+V94 -> 87411 | W82: =W83+W86+W94 -> 98114 | ... AH82: =AH83+AH86+AH94 -> 1163104 | AJ82: =SUM((INDIRECT(AJ$2&(ROW())):INDIRECT(AJ$3&(ROW())))) -> 118186 | AK82: =SUM(INDIRECT(AK$1&AK$2&$B82):INDIRECT(AK$1&AK$3&$B82)) -> 116512.4 | AL82: =AJ82-AK82 -> 1673.6035 | AM82: =IFERROR(AJ82/AK82,0) -> 1.0143642 | AN82: =SUM(INDIRECT(AN$1&AN$2&$A82):INDIRECT(AN$1&AN$3&$A82)) -> 124679 | AO82: =AJ82-AN82 -> -6493 | AP82: =IFERROR(AJ82/AN82,0) -> 0.94792226 | AR82: =SUM((INDIRECT(AR$2&(ROW())):INDIRECT(AR$3&(ROW())))) -> 118186 | AS82: =SUM(INDIRECT(AS$1&AS$2&$B82):INDIRECT(AS$1&AS$3&$B82)) -> 116512.4 | AT82: =AR82-AS82 -> 1673.6035 | AU82: =IFERROR(AR82/AS82,0) -> 1.0143642 | AV82: =SUM(INDIRECT(AV$1&AV$2&$A82):INDIRECT(AV$1&AV$3&$A82)) -> 124679 | AW82: =AR82-AV82 -> -6493 | AX82: =IFERROR(AR82/AV82,0) -> 0.94792226 | AZ82: =SUM((INDIRECT(AZ$2&(ROW())):INDIRECT(AZ$3&(ROW())))) -> 935902 | BA82: =SUM(INDIRECT(BA$1&BA$2&$B82):INDIRECT(BA$1&BA$3&$B82)) -> 696396.4 | BB82: =AZ82-BA82 -> 239505.6 | BC82: =IFERROR(AZ82/BA82,0) -> 1.3439214 | BD82: =SUM(INDIRECT(BD$1&BD$2&$A82):INDIRECT(BD$1&BD$3&$A82)) -> 1267696 | BE82: =AZ82-BD82 -> -331794 | BF82: =IFERROR(AZ82/BD82,0) -> 0.73827006
A83: 80 | B83: 80 | D83: 1 | L83: Hard | P83: =SUM(P84:P85) -> 7502 | Q83: =SUM(Q84:Q85) -> 36314 | R83: =SUM(R84:R85) -> 70334 | S83: =SUM(S84:S85) -> 60398 | T83: =SUM(T84:T85) -> 65930 | U83: =SUM(U84:U85) -> 109719 | V83: =SUM(V84:V85) -> 60976 | W83: =SUM(W84:W85) -> 70839 | ... AA83: =SUM(AA84:AA85) -> 56263 | AB83: =SUM(P83:R83) -> 114150 | AC83: =SUM(S83:U83) -> 236047 | AD83: =SUM(V83:X83) -> 241207 | AE83: =SUM(Y83:AA83) -> 236382 | AF83: =AB83+AC83 -> 350197 | AG83: =AE83+AD83 -> 477589 | AH83: =AF83+AG83 -> 827786 | AJ83: =SUM((INDIRECT(AJ$2&(ROW())):INDIRECT(AJ$3&(ROW())))) -> 87475 | AK83: =SUM(INDIRECT(AK$1&AK$2&$B83):INDIRECT(AK$1&AK$3&$B83)) -> 56733.895 | AL83: =AJ83-AK83 -> 30741.105 | AM83: =IFERROR(AJ83/AK83,0) -> 1.5418472 | AN83: =SUM(INDIRECT(AN$1&AN$2&$A83):INDIRECT(AN$1&AN$3&$A83)) -> 82082 | AO83: =AJ83-AN83 -> 5393 | AP83: =IFERROR(AJ83/AN83,0) -> 1.0657026 | AR83: =SUM((INDIRECT(AR$2&(ROW())):INDIRECT(AR$3&(ROW())))) -> 87475 | AS83: =SUM(INDIRECT(AS$1&AS$2&$B83):INDIRECT(AS$1&AS$3&$B83)) -> 56733.895 | AT83: =AR83-AS83 -> 30741.105 | AU83: =IFERROR(AR83/AS83,0) -> 1.5418472 | AV83: =SUM(INDIRECT(AV$1&AV$2&$A83):INDIRECT(AV$1&AV$3&$A83)) -> 82082 | AW83: =AR83-AV83 -> 5393 | AX83: =IFERROR(AR83/AV83,0) -> 1.0657026 | AZ83: =SUM((INDIRECT(AZ$2&(ROW())):INDIRECT(AZ$3&(ROW())))) -> 678879 | BA83: =SUM(INDIRECT(BA$1&BA$2&$B83):INDIRECT(BA$1&BA$3&$B83)) -> 328116.9 | BB83: =AZ83-BA83 -> 350762.1 | BC83: =IFERROR(AZ83/BA83,0) -> 2.0690157 | BD83: =SUM(INDIRECT(BD$1&BD$2&$A83):INDIRECT(BD$1&BD$3&$A83)) -> 933686 | BE83: =AZ83-BD83 -> -254807 | BF83: =IFERROR(AZ83/BD83,0) -> 0.72709562
A84: 81 | B84: 81 | D84: 1 | N84: KMI | P84: =P359+P375-P392-P416 -> 7502 | Q84: =Q359+Q375-Q392-Q416 -> 36314 | R84: =R359+R375-R392-R416 -> 70334 | S84: =S359+S375-S392-S416 -> 60398 | T84: =T359+T375-T392-T416 -> 65930 | U84: =U359+U375-U392-U416 -> 109719 | V84: =V359+V375-V392-V416 -> 60976 | W84: =W359+W375-W392-W416 -> 70839 | ... AA84: =AA359+AA375-AA392-AA416 -> 56263 | AB84: =SUM(P84:R84) -> 114150 | AC84: =SUM(S84:U84) -> 236047 | AD84: =SUM(V84:X84) -> 241207 | AE84: =SUM(Y84:AA84) -> 236382 | AF84: =AB84+AC84 -> 350197 | AG84: =AE84+AD84 -> 477589 | AH84: =AF84+AG84 -> 827786 | AJ84: =SUM((INDIRECT(AJ$2&(ROW())):INDIRECT(AJ$3&(ROW())))) -> 87475 | AK84: =SUM(INDIRECT(AK$1&AK$2&$B84):INDIRECT(AK$1&AK$3&$B84)) -> 0 | AL84: =AJ84-AK84 -> 87475 | AM84: =IFERROR(AJ84/AK84,0) -> 0 | AN84: =SUM(INDIRECT(AN$1&AN$2&$A84):INDIRECT(AN$1&AN$3&$A84)) -> 82082 | AO84: =AJ84-AN84 -> 5393 | AP84: =IFERROR(AJ84/AN84,0) -> 1.0657026 | AR84: =SUM((INDIRECT(AR$2&(ROW())):INDIRECT(AR$3&(ROW())))) -> 87475 | AS84: =SUM(INDIRECT(AS$1&AS$2&$B84):INDIRECT(AS$1&AS$3&$B84)) -> 0 | AT84: =AR84-AS84 -> 87475 | AU84: =IFERROR(AR84/AS84,0) -> 0 | AV84: =SUM(INDIRECT(AV$1&AV$2&$A84):INDIRECT(AV$1&AV$3&$A84)) -> 82082 | AW84: =AR84-AV84 -> 5393 | AX84: =IFERROR(AR84/AV84,0) -> 1.0657026 | AZ84: =SUM((INDIRECT(AZ$2&(ROW())):INDIRECT(AZ$3&(ROW())))) -> 678879 | BA84: =SUM(INDIRECT(BA$1&BA$2&$B84):INDIRECT(BA$1&BA$3&$B84)) -> 0 | BB84: =AZ84-BA84 -> 678879 | BC84: =IFERROR(AZ84/BA84,0) -> 0 | BD84: =SUM(INDIRECT(BD$1&BD$2&$A84):INDIRECT(BD$1&BD$3&$A84)) -> 933686 | BE84: =AZ84-BD84 -> -254807 | BF84: =IFERROR(AZ84/BD84,0) -> 0.72709562
A85: 82 | B85: 82 | D85: 1 | N85: 3rd Party | P85: =P362+P378-P395-P419 -> 0 | Q85: =Q362+Q378-Q395-Q419 -> 0 | R85: =R362+R378-R395-R419 -> 0 | S85: =S362+S378-S395-S419 -> 0 | T85: =T362+T378-T395-T419 -> 0 | U85: =U362+U378-U395-U419 -> 0 | V85: =V362+V378-V395-V419 -> 0 | W85: =W362+W378-W395-W419 -> 0 | ... AA85: =AA362+AA378-AA395-AA419 -> 0 | AB85: =SUM(P85:R85) -> 0 | AC85: =SUM(S85:U85) -> 0 | AD85: =SUM(V85:X85) -> 0 | AE85: =SUM(Y85:AA85) -> 0 | AF85: =AB85+AC85 -> 0 | AG85: =AE85+AD85 -> 0 | AH85: =AF85+AG85 -> 0 | AJ85: =SUM((INDIRECT(AJ$2&(ROW())):INDIRECT(AJ$3&(ROW())))) -> 0 | AK85: =SUM(INDIRECT(AK$1&AK$2&$B85):INDIRECT(AK$1&AK$3&$B85)) -> 116942.5 | AL85: =AJ85-AK85 -> -116942.5 | AM85: =IFERROR(AJ85/AK85,0) -> 0 | AN85: =SUM(INDIRECT(AN$1&AN$2&$A85):INDIRECT(AN$1&AN$3&$A85)) -> 0 | AO85: =AJ85-AN85 -> 0 | AP85: =IFERROR(AJ85/AN85,0) -> 0 | AR85: =SUM((INDIRECT(AR$2&(ROW())):INDIRECT(AR$3&(ROW())))) -> 0 | AS85: =SUM(INDIRECT(AS$1&AS$2&$B85):INDIRECT(AS$1&AS$3&$B85)) -> 116942.5 | AT85: =AR85-AS85 -> -116942.5 | AU85: =IFERROR(AR85/AS85,0) -> 0 | AV85: =SUM(INDIRECT(AV$1&AV$2&$A85):INDIRECT(AV$1&AV$3&$A85)) -> 0 | AW85: =AR85-AV85 -> 0 | AX85: =IFERROR(AR85/AV85,0) -> 0 | AZ85: =SUM((INDIRECT(AZ$2&(ROW())):INDIRECT(AZ$3&(ROW())))) -> 0 | BA85: =SUM(INDIRECT(BA$1&BA$2&$B85):INDIRECT(BA$1&BA$3&$B85)) -> 687374.5 | BB85: =AZ85-BA85 -> -687374.5 | BC85: =IFERROR(AZ85/BA85,0) -> 0 | BD85: =SUM(INDIRECT(BD$1&BD$2&$A85):INDIRECT(BD$1&BD$3&$A85)) -> 0 | BE85: =AZ85-BD85 -> 0 | BF85: =IFERROR(AZ85/BD85,0) -> 0
A86: 83 | B86: 83 | D86: 1 | L86: Non-hard | P86: =P76-P101 -> 3214 | Q86: =Q76-Q101 -> 27301 | R86: =R76-R101 -> 22328 | S86: =S76-S101 -> 28447 | T86: =T76-T101 -> 21737 | U86: =U76-U101 -> 29797 | V86: =V76-V101 -> 26435 | W86: =W76-W101 -> 27275 | ... AA86: =AA76-AA101 -> 41629 | AB86: =SUM(P86:R86) -> 52843 | AC86: =SUM(S86:U86) -> 79981 | AD86: =SUM(V86:X86) -> 93488 | AE86: =SUM(Y86:AA86) -> 109006 | AF86: =AB86+AC86 -> 132824 | AG86: =AE86+AD86 -> 202494 | AH86: =AF86+AG86 -> 335318 | AJ86: =SUM((INDIRECT(AJ$2&(ROW())):INDIRECT(AJ$3&(ROW())))) -> 30711 | AK86: =SUM(INDIRECT(AK$1&AK$2&$B86):INDIRECT(AK$1&AK$3&$B86)) -> 80580.982 | AL86: =AJ86-AK86 -> -49869.982 | AM86: =IFERROR(AJ86/AK86,0) -> 0.3811197 | AN86: =SUM(INDIRECT(AN$1&AN$2&$A86):INDIRECT(AN$1&AN$3&$A86)) -> 42597 | AO86: =AJ86-AN86 -> -11886 | AP86: =IFERROR(AJ86/AN86,0) -> 0.72096627 | AR86: =SUM((INDIRECT(AR$2&(ROW())):INDIRECT(AR$3&(ROW())))) -> 30711 | AS86: =SUM(INDIRECT(AS$1&AS$2&$B86):INDIRECT(AS$1&AS$3&$B86)) -> 80580.982 | AT86: =AR86-AS86 -> -49869.982 | AU86: =IFERROR(AR86/AS86,0) -> 0.3811197 | AV86: =SUM(INDIRECT(AV$1&AV$2&$A86):INDIRECT(AV$1&AV$3&$A86)) -> 42597 | AW86: =AR86-AV86 -> -11886 | AX86: =IFERROR(AR86/AV86,0) -> 0.72096627 | AZ86: =SUM((INDIRECT(AZ$2&(ROW())):INDIRECT(AZ$3&(ROW())))) -> 257023 | BA86: =SUM(INDIRECT(BA$1&BA$2&$B86):INDIRECT(BA$1&BA$3&$B86)) -> 491753.98 | BB86: =AZ86-BA86 -> -234730.98 | BC86: =IFERROR(AZ86/BA86,0) -> 0.52266582 | BD86: =SUM(INDIRECT(BD$1&BD$2&$A86):INDIRECT(BD$1&BD$3&$A86)) -> 334010 | BE86: =AZ86-BD86 -> -76987 | BF86: =IFERROR(AZ86/BD86,0) -> 0.7695069
A87: 84 | B87: 84 | D87: 1 | N87: Material Cost(Toner, Parts, Consumable) | P87: 718 | Q87: 21691 | R87: 16749 | S87: 23477 | T87: 16660 | U87: 24803 | V87: 20409 | W87: 20975 | X87: 34232 | Y87: 24756 | Z87: 31258 | AA87: 34771 | AB87: =SUM(P87:T87) -> 79295 | AC87: =SUM(S87:U87) -> 64940 | AD87: =SUM(V87:X87) -> 75616 | AE87: =SUM(Y87:AA87) -> 90785 | AF87: =AB87+AC87 -> 144235 | AG87: =AE87+AD87 -> 166401 | AH87: =AF87+AG87 -> 310636 | AJ87: =SUM((INDIRECT(AJ$2&(ROW())):INDIRECT(AJ$3&(ROW())))) -> 24756 | AK87: =SUM(INDIRECT(AK$1&AK$2&$B87):INDIRECT(AK$1&AK$3&$B87)) -> 80580.982 | AL87: =AJ87-AK87 -> -55824.982 | AM87: =IFERROR(AJ87/AK87,0) -> 0.30721889 | AN87: =SUM(INDIRECT(AN$1&AN$2&$A87):INDIRECT(AN$1&AN$3&$A87)) -> 37040 | AO87: =AJ87-AN87 -> -12284 | AP87: =IFERROR(AJ87/AN87,0) -> 0.66835853 | AR87: =SUM((INDIRECT(AR$2&(ROW())):INDIRECT(AR$3&(ROW())))) -> 24756 | AS87: =SUM(INDIRECT(AS$1&AS$2&$B87):INDIRECT(AS$1&AS$3&$B87)) -> 80580.982 | AT87: =AR87-AS87 -> -55824.982 | AU87: =IFERROR(AR87/AS87,0) -> 0.30721889 | AV87: =SUM(INDIRECT(AV$1&AV$2&$A87):INDIRECT(AV$1&AV$3&$A87)) -> 37040 | AW87: =AR87-AV87 -> -12284 | AX87: =IFERROR(AR87/AV87,0) -> 0.66835853 | AZ87: =SUM((INDIRECT(AZ$2&(ROW())):INDIRECT(AZ$3&(ROW())))) -> 204470 | BA87: =SUM(INDIRECT(BA$1&BA$2&$B87):INDIRECT(BA$1&BA$3&$B87)) -> 491753.98 | BB87: =AZ87-BA87 -> -287283.98 | BC87: =IFERROR(AZ87/BA87,0) -> 0.41579734 | BD87: =SUM(INDIRECT(BD$1&BD$2&$A87):INDIRECT(BD$1&BD$3&$A87)) -> 284645 | BE87: =AZ87-BD87 -> -80175 | BF87: =IFERROR(AZ87/BD87,0) -> 0.71833336
A88: 85 | B88: 85 | D88: 1 | O88: Direct | P88: =P364-P397 -> 359 | Q88: =Q364-Q397 -> 1811 | R88: =R364-R397 -> 2467 | S88: =S364-S397 -> 2793 | T88: =T364-T397 -> 2195 | U88: =U364-U397 -> 2664 | V88: =V364-V397 -> 1955 | W88: =W364-W397 -> 2845 | ... AA88: =AA364-AA397 -> 5713 | AB88: =SUM(P88:R88) -> 4637 | AC88: =SUM(S88:U88) -> 7652 | AD88: =SUM(V88:X88) -> 9432 | AE88: =SUM(Y88:AA88) -> 12946 | AF88: =AB88+AC88 -> 12289 | AG88: =AE88+AD88 -> 22378 | AH88: =AF88+AG88 -> 34667 | AJ88: =SUM((INDIRECT(AJ$2&(ROW())):INDIRECT(AJ$3&(ROW())))) -> 3462 | AK88: =SUM(INDIRECT(AK$1&AK$2&$B88):INDIRECT(AK$1&AK$3&$B88)) -> 0 | AL88: =AJ88-AK88 -> 3462 | AM88: =IFERROR(AJ88/AK88,0) -> 0 | AN88: =SUM(INDIRECT(AN$1&AN$2&$A88):INDIRECT(AN$1&AN$3&$A88)) -> 8375 | AO88: =AJ88-AN88 -> -4913 | AP88: =IFERROR(AJ88/AN88,0) -> 0.41337313 | AR88: =SUM((INDIRECT(AR$2&(ROW())):INDIRECT(AR$3&(ROW())))) -> 3462 | AS88: =SUM(INDIRECT(AS$1&AS$2&$B88):INDIRECT(AS$1&AS$3&$B88)) -> 0 | AT88: =AR88-AS88 -> 3462 | AU88: =IFERROR(AR88/AS88,0) -> 0 | AV88: =SUM(INDIRECT(AV$1&AV$2&$A88):INDIRECT(AV$1&AV$3&$A88)) -> 8375 | AW88: =AR88-AV88 -> -4913 | AX88: =IFERROR(AR88/AV88,0) -> 0.41337313 | AZ88: =SUM((INDIRECT(AZ$2&(ROW())):INDIRECT(AZ$3&(ROW())))) -> 25183 | BA88: =SUM(INDIRECT(BA$1&BA$2&$B88):INDIRECT(BA$1&BA$3&$B88)) -> 0 | BB88: =AZ88-BA88 -> 25183 | BC88: =IFERROR(AZ88/BA88,0) -> 0 | BD88: =SUM(INDIRECT(BD$1&BD$2&$A88):INDIRECT(BD$1&BD$3&$A88)) -> 39403 | BE88: =AZ88-BD88 -> -14220 | BF88: =IFERROR(AZ88/BD88,0) -> 0.63911377
A89: 86 | B89: 86 | D89: 1 | O89: Indirect | P89: =P87-P88 -> 359 | Q89: =Q87-Q88 -> 19880 | R89: =R87-R88 -> 14282 | S89: =S87-S88 -> 20684 | T89: =T87-T88 -> 14465 | U89: =U87-U88 -> 22139 | V89: =V87-V88 -> 18454 | W89: =W87-W88 -> 18130 | ... AH89: =AH87-AH88 -> 275969 | AJ89: =SUM((INDIRECT(AJ$2&(ROW())):INDIRECT(AJ$3&(ROW())))) -> 21294 | AK89: =SUM(INDIRECT(AK$1&AK$2&$B89):INDIRECT(AK$1&AK$3&$B89)) -> 36361.522 | AL89: =AJ89-AK89 -> -15067.522 | AM89: =IFERROR(AJ89/AK89,0) -> 0.58561905 | AN89: =SUM(INDIRECT(AN$1&AN$2&$A89):INDIRECT(AN$1&AN$3&$A89)) -> 28665 | AO89: =AJ89-AN89 -> -7371 | AP89: =IFERROR(AJ89/AN89,0) -> 0.74285714 | AR89: =SUM((INDIRECT(AR$2&(ROW())):INDIRECT(AR$3&(ROW())))) -> 21294 | AS89: =SUM(INDIRECT(AS$1&AS$2&$B89):INDIRECT(AS$1&AS$3&$B89)) -> 36361.522 | AT89: =AR89-AS89 -> -15067.522 | AU89: =IFERROR(AR89/AS89,0) -> 0.58561905 | AV89: =SUM(INDIRECT(AV$1&AV$2&$A89):INDIRECT(AV$1&AV$3&$A89)) -> 28665 | AW89: =AR89-AV89 -> -7371 | AX89: =IFERROR(AR89/AV89,0) -> 0.74285714 | AZ89: =SUM((INDIRECT(AZ$2&(ROW())):INDIRECT(AZ$3&(ROW())))) -> 179287 | BA89: =SUM(INDIRECT(BA$1&BA$2&$B89):INDIRECT(BA$1&BA$3&$B89)) -> 195620.52 | BB89: =AZ89-BA89 -> -16333.522 | BC89: =IFERROR(AZ89/BA89,0) -> 0.91650405 | BD89: =SUM(INDIRECT(BD$1&BD$2&$A89):INDIRECT(BD$1&BD$3&$A89)) -> 245242 | BE89: =AZ89-BD89 -> -65955 | BF89: =IFERROR(AZ89/BD89,0) -> 0.73106156
A90: 87 | B90: 87 | D90: 1 | N90: Field Service Cost | P90: =(P405+P429)*-1 -> 2451 | Q90: =(Q405+Q429)*-1 -> 5565 | R90: =(R405+R429)*-1 -> 5543 | S90: =(S405+S429)*-1 -> 4930 | T90: =(T405+T429)*-1 -> 5042 | U90: =(U405+U429)*-1 -> 4949 | V90: =(V405+V429)*-1 -> 5986 | W90: =(W405+W429)*-1 -> 6260 | ... AA90: =(AA405+AA429)*-1 -> 6825 | AB90: =SUM(P90:R90) -> 13559 | AC90: =SUM(S90:U90) -> 14921 | AD90: =SUM(V90:X90) -> 17752 | AE90: =SUM(Y90:AA90) -> 18122 | AF90: =AB90+AC90 -> 28480 | AG90: =AE90+AD90 -> 35874 | AH90: =AF90+AG90 -> 64354 | AJ90: =SUM((INDIRECT(AJ$2&(ROW())):INDIRECT(AJ$3&(ROW())))) -> 5922 | AK90: =SUM(INDIRECT(AK$1&AK$2&$B90):INDIRECT(AK$1&AK$3&$B90)) -> 19608.825 | AL90: =AJ90-AK90 -> -13686.825 | AM90: =IFERROR(AJ90/AK90,0) -> 0.30200687 | AN90: =SUM(INDIRECT(AN$1&AN$2&$A90):INDIRECT(AN$1&AN$3&$A90)) -> 5512 | AO90: =AJ90-AN90 -> 410 | AP90: =IFERROR(AJ90/AN90,0) -> 1.0743832 | AR90: =SUM((INDIRECT(AR$2&(ROW())):INDIRECT(AR$3&(ROW())))) -> 5922 | AS90: =SUM(INDIRECT(AS$1&AS$2&$B90):INDIRECT(AS$1&AS$3&$B90)) -> 19608.825 | AT90: =AR90-AS90 -> -13686.825 | AU90: =IFERROR(AR90/AS90,0) -> 0.30200687 | AV90: =SUM(INDIRECT(AV$1&AV$2&$A90):INDIRECT(AV$1&AV$3&$A90)) -> 5512 | AW90: =AR90-AV90 -> 410 | AX90: =IFERROR(AR90/AV90,0) -> 1.0743832 | AZ90: =SUM((INDIRECT(AZ$2&(ROW())):INDIRECT(AZ$3&(ROW())))) -> 52154 | BA90: =SUM(INDIRECT(BA$1&BA$2&$B90):INDIRECT(BA$1&BA$3&$B90)) -> 144115.83 | BB90: =AZ90-BA90 -> -91961.825 | BC90: =IFERROR(AZ90/BA90,0) -> 0.36188947 | BD90: =SUM(INDIRECT(BD$1&BD$2&$A90):INDIRECT(BD$1&BD$3&$A90)) -> 48949 | BE90: =AZ90-BD90 -> 3205 | BF90: =IFERROR(AZ90/BD90,0) -> 1.0654763
A91: 88 | B91: 88 | D91: 1 | N91: Service Desk Cost | P91: =(P409+P433)*-1 -> 45 | Q91: =(Q409+Q433)*-1 -> 45 | R91: =(R409+R433)*-1 -> 36 | S91: =(S409+S433)*-1 -> 40 | T91: =(T409+T433)*-1 -> 35 | U91: =(U409+U433)*-1 -> 45 | V91: =(V409+V433)*-1 -> 40 | W91: =(W409+W433)*-1 -> 40 | ... AA91: =(AA409+AA433)*-1 -> 33 | AB91: =SUM(P91:R91) -> 126 | AC91: =SUM(S91:U91) -> 120 | AD91: =SUM(V91:X91) -> 120 | AE91: =SUM(Y91:AA91) -> 99 | AF91: =AB91+AC91 -> 246 | AG91: =AE91+AD91 -> 219 | AH91: =AF91+AG91 -> 465 | AJ91: =SUM((INDIRECT(AJ$2&(ROW())):INDIRECT(AJ$3&(ROW())))) -> 33 | AK91: =SUM(INDIRECT(AK$1&AK$2&$B91):INDIRECT(AK$1&AK$3&$B91)) -> 1737.9587 | AL91: =AJ91-AK91 -> -1704.9587 | AM91: =IFERROR(AJ91/AK91,0) -> 0.018987793 | AN91: =SUM(INDIRECT(AN$1&AN$2&$A91):INDIRECT(AN$1&AN$3&$A91)) -> 46 | AO91: =AJ91-AN91 -> -13 | AP91: =IFERROR(AJ91/AN91,0) -> 0.7173913 | AR91: =SUM((INDIRECT(AR$2&(ROW())):INDIRECT(AR$3&(ROW())))) -> 33 | AS91: =SUM(INDIRECT(AS$1&AS$2&$B91):INDIRECT(AS$1&AS$3&$B91)) -> 1737.9587 | AT91: =AR91-AS91 -> -1704.9587 | AU91: =IFERROR(AR91/AS91,0) -> 0.018987793 | AV91: =SUM(INDIRECT(AV$1&AV$2&$A91):INDIRECT(AV$1&AV$3&$A91)) -> 46 | AW91: =AR91-AV91 -> -13 | AX91: =IFERROR(AR91/AV91,0) -> 0.7173913 | AZ91: =SUM((INDIRECT(AZ$2&(ROW())):INDIRECT(AZ$3&(ROW())))) -> 399 | BA91: =SUM(INDIRECT(BA$1&BA$2&$B91):INDIRECT(BA$1&BA$3&$B91)) -> 15981.959 | BB91: =AZ91-BA91 -> -15582.959 | BC91: =IFERROR(AZ91/BA91,0) -> 0.024965651 | BD91: =SUM(INDIRECT(BD$1&BD$2&$A91):INDIRECT(BD$1&BD$3&$A91)) -> 417 | BE91: =AZ91-BD91 -> -18 | BF91: =IFERROR(AZ91/BD91,0) -> 0.95683453
A92: 89 | B92: 89 | D92: 1 | N92: Depreciation & Amortization | P92: =(P412+P436)*-1 -> 0 | Q92: =(Q412+Q436)*-1 -> 0 | R92: =(R412+R436)*-1 -> 0 | S92: =(S412+S436)*-1 -> 0 | T92: =(T412+T436)*-1 -> 0 | U92: =(U412+U436)*-1 -> 0 | V92: =(V412+V436)*-1 -> 0 | W92: =(W412+W436)*-1 -> 0 | ... AA92: =(AA412+AA436)*-1 -> 0 | AB92: =SUM(P92:R92) -> 0 | AC92: =SUM(S92:U92) -> 0 | AD92: =SUM(V92:X92) -> 0 | AE92: =SUM(Y92:AA92) -> 0 | AF92: =AB92+AC92 -> 0 | AG92: =AE92+AD92 -> 0 | AH92: =AF92+AG92 -> 0 | AJ92: =SUM((INDIRECT(AJ$2&(ROW())):INDIRECT(AJ$3&(ROW())))) -> 0 | AK92: =SUM(INDIRECT(AK$1&AK$2&$B92):INDIRECT(AK$1&AK$3&$B92)) -> 17870.867 | AL92: =AJ92-AK92 -> -17870.867 | AM92: =IFERROR(AJ92/AK92,0) -> 0 | AN92: =SUM(INDIRECT(AN$1&AN$2&$A92):INDIRECT(AN$1&AN$3&$A92)) -> 0 | AO92: =AJ92-AN92 -> 0 | AP92: =IFERROR(AJ92/AN92,0) -> 0 | AR92: =SUM((INDIRECT(AR$2&(ROW())):INDIRECT(AR$3&(ROW())))) -> 0 | AS92: =SUM(INDIRECT(AS$1&AS$2&$B92):INDIRECT(AS$1&AS$3&$B92)) -> 17870.867 | AT92: =AR92-AS92 -> -17870.867 | AU92: =IFERROR(AR92/AS92,0) -> 0 | AV92: =SUM(INDIRECT(AV$1&AV$2&$A92):INDIRECT(AV$1&AV$3&$A92)) -> 0 | AW92: =AR92-AV92 -> 0 | AX92: =IFERROR(AR92/AV92,0) -> 0 | AZ92: =SUM((INDIRECT(AZ$2&(ROW())):INDIRECT(AZ$3&(ROW())))) -> 0 | BA92: =SUM(INDIRECT(BA$1&BA$2&$B92):INDIRECT(BA$1&BA$3&$B92)) -> 128133.87 | BB92: =AZ92-BA92 -> -128133.87 | BC92: =IFERROR(AZ92/BA92,0) -> 0 | BD92: =SUM(INDIRECT(BD$1&BD$2&$A92):INDIRECT(BD$1&BD$3&$A92)) -> 0 | BE92: =AZ92-BD92 -> 0 | BF92: =IFERROR(AZ92/BD92,0) -> 0
A93: 90 | B93: 90 | D93: 1 | N93: Others | P93: =P86-P87-P90-P91-P92 -> 0 | Q93: =Q86-Q87-Q90-Q91-Q92 -> 0 | R93: =R86-R87-R90-R91-R92 -> 0 | S93: =S86-S87-S90-S91-S92 -> 0 | T93: =T86-T87-T90-T91-T92 -> 0 | U93: =U86-U87-U90-U91-U92 -> 0 | V93: =V86-V87-V90-V91-V92 -> 0 | W93: =W86-W87-W90-W91-W92 -> 0 | ... AA93: =AA86-AA87-AA90-AA91-AA92 -> 0 | AB93: =SUM(P93:R93) -> 0 | AC93: =SUM(S93:U93) -> 0 | AD93: =SUM(V93:X93) -> 0 | AE93: =SUM(Y93:AA93) -> 0 | AF93: =AB93+AC93 -> 0 | AG93: =AE93+AD93 -> 0 | AH93: =AF93+AG93 -> 0 | AJ93: =SUM((INDIRECT(AJ$2&(ROW())):INDIRECT(AJ$3&(ROW())))) -> 0 | AK93: =SUM(INDIRECT(AK$1&AK$2&$B93):INDIRECT(AK$1&AK$3&$B93)) -> 5500 | AL93: =AJ93-AK93 -> -5500 | AM93: =IFERROR(AJ93/AK93,0) -> 0 | AN93: =SUM(INDIRECT(AN$1&AN$2&$A93):INDIRECT(AN$1&AN$3&$A93)) -> -1 | AO93: =AJ93-AN93 -> 1 | AP93: =IFERROR(AJ93/AN93,0) -> 0 | AR93: =SUM((INDIRECT(AR$2&(ROW())):INDIRECT(AR$3&(ROW())))) -> 0 | AS93: =SUM(INDIRECT(AS$1&AS$2&$B93):INDIRECT(AS$1&AS$3&$B93)) -> 5500 | AT93: =AR93-AS93 -> -5500 | AU93: =IFERROR(AR93/AS93,0) -> 0 | AV93: =SUM(INDIRECT(AV$1&AV$2&$A93):INDIRECT(AV$1&AV$3&$A93)) -> -1 | AW93: =AR93-AV93 -> 1 | AX93: =IFERROR(AR93/AV93,0) -> 0 | AZ93: =SUM((INDIRECT(AZ$2&(ROW())):INDIRECT(AZ$3&(ROW())))) -> 0 | BA93: =SUM(INDIRECT(BA$1&BA$2&$B93):INDIRECT(BA$1&BA$3&$B93)) -> 39966 | BB93: =AZ93-BA93 -> -39966 | BC93: =IFERROR(AZ93/BA93,0) -> 0 | BD93: =SUM(INDIRECT(BD$1&BD$2&$A93):INDIRECT(BD$1&BD$3&$A93)) -> -1 | BE93: =AZ93-BD93 -> 1 | BF93: =IFERROR(AZ93/BD93,0) -> 0
A94: 91 | B94: 91 | D94: 1 | L94: Others | N94: For KMJ Only | P94: =P372+P388-P413-P437 -> 0 | Q94: =Q372+Q388-Q413-Q437 -> 0 | R94: =R372+R388-R413-R437 -> 0 | S94: =S372+S388-S413-S437 -> 0 | T94: =T372+T388-T413-T437 -> 0 | U94: =U372+U388-U413-U437 -> 0 | V94: =V372+V388-V413-V437 -> 0 | W94: =W372+W388-W413-W437 -> 0 | ... AA94: =AA372+AA388-AA413-AA437 -> 0 | AB94: =SUM(P94:R94) -> 0 | AC94: =SUM(S94:U94) -> 0 | AD94: =SUM(V94:X94) -> 0 | AE94: =SUM(Y94:AA94) -> 0 | AF94: =AB94+AC94 -> 0 | AG94: =AE94+AD94 -> 0 | AH94: =AF94+AG94 -> 0 | AJ94: =SUM((INDIRECT(AJ$2&(ROW())):INDIRECT(AJ$3&(ROW())))) -> 0 | AK94: =SUM(INDIRECT(AK$1&AK$2&$B94):INDIRECT(AK$1&AK$3&$B94)) -> 0 | AL94: =AJ94-AK94 -> 0 | AM94: =IFERROR(AJ94/AK94,0) -> 0 | AN94: =SUM(INDIRECT(AN$1&AN$2&$A94):INDIRECT(AN$1&AN$3&$A94)) -> 0 | AO94: =AJ94-AN94 -> 0 | AP94: =IFERROR(AJ94/AN94,0) -> 0 | AR94: =SUM((INDIRECT(AR$2&(ROW())):INDIRECT(AR$3&(ROW())))) -> 0 | AS94: =SUM(INDIRECT(AS$1&AS$2&$B94):INDIRECT(AS$1&AS$3&$B94)) -> 0 | AT94: =AR94-AS94 -> 0 | AU94: =IFERROR(AR94/AS94,0) -> 0 | AV94: =SUM(INDIRECT(AV$1&AV$2&$A94):INDIRECT(AV$1&AV$3&$A94)) -> 0 | AW94: =AR94-AV94 -> 0 | AX94: =IFERROR(AR94/AV94,0) -> 0 | AZ94: =SUM((INDIRECT(AZ$2&(ROW())):INDIRECT(AZ$3&(ROW())))) -> 0 | BA94: =SUM(INDIRECT(BA$1&BA$2&$B94):INDIRECT(BA$1&BA$3&$B94)) -> 286 | BB94: =AZ94-BA94 -> -286 | BC94: =IFERROR(AZ94/BA94,0) -> 0 | BD94: =SUM(INDIRECT(BD$1&BD$2&$A94):INDIRECT(BD$1&BD$3&$A94)) -> 0 | BE94: =AZ94-BD94 -> 0 | BF94: =IFERROR(AZ94/BD94,0) -> 0
A95: 92 | B95: 92 | D95: 1 | H95: Gross Profit | P95: =SUM(P100:P102) -> 5362 | Q95: =SUM(Q100:Q102) -> 41728 | R95: =SUM(R100:R102) -> 27742 | S95: =SUM(S100:S102) -> 45665 | T95: =SUM(T100:T102) -> 37480 | U95: =SUM(U100:U102) -> 75232 | V95: =SUM(V100:V102) -> 47626 | W95: =SUM(W100:W102) -> 44730 | ... AH95: =SUM(AH100:AH102) -> 641138 | AJ95: =SUM((INDIRECT(AJ$2&(ROW())):INDIRECT(AJ$3&(ROW())))) -> 40868 | AK95: =SUM(INDIRECT(AK$1&AK$2&$B95):INDIRECT(AK$1&AK$3&$B95)) -> 0 | AL95: =AJ95-AK95 -> 40868 | AM95: =IFERROR(AJ95/AK95,0) -> 0 | AN95: =SUM(INDIRECT(AN$1&AN$2&$A95):INDIRECT(AN$1&AN$3&$A95)) -> 51095 | AO95: =AJ95-AN95 -> -10227 | AP95: =IFERROR(AJ95/AN95,0) -> 0.79984343 | AR95: =SUM((INDIRECT(AR$2&(ROW())):INDIRECT(AR$3&(ROW())))) -> 40868 | AS95: =SUM(INDIRECT(AS$1&AS$2&$B95):INDIRECT(AS$1&AS$3&$B95)) -> 0 | AT95: =AR95-AS95 -> 40868 | AU95: =IFERROR(AR95/AS95,0) -> 0 | AV95: =SUM(INDIRECT(AV$1&AV$2&$A95):INDIRECT(AV$1&AV$3&$A95)) -> 51095 | AW95: =AR95-AV95 -> -10227 | AX95: =IFERROR(AR95/AV95,0) -> 0.79984343 | AZ95: =SUM((INDIRECT(AZ$2&(ROW())):INDIRECT(AZ$3&(ROW())))) -> 447235 | BA95: =SUM(INDIRECT(BA$1&BA$2&$B95):INDIRECT(BA$1&BA$3&$B95)) -> 0 | BB95: =AZ95-BA95 -> 447235 | BC95: =IFERROR(AZ95/BA95,0) -> 0 | BD95: =SUM(INDIRECT(BD$1&BD$2&$A95):INDIRECT(BD$1&BD$3&$A95)) -> 714529 | BE95: =AZ95-BD95 -> -267294 | BF95: =IFERROR(AZ95/BD95,0) -> 0.62591581
A96: 93 | B96: 93 | D96: 1 | I96: (%) | N96: (Formula: Gross Profit / Net Sales) | P96: =IFERROR(P95/P74,0) -> 0.33349919 | Q96: =IFERROR(Q95/Q74,0) -> 0.39611555 | R96: =IFERROR(R95/R74,0) -> 0.23040763 | S96: =IFERROR(S95/S74,0) -> 0.33949149 | T96: =IFERROR(T95/T74,0) -> 0.2994878 | U96: =IFERROR(U95/U74,0) -> 0.35032689 | V96: =IFERROR(V95/V74,0) -> 0.35268852 | W96: =IFERROR(W95/W74,0) -> 0.31313881 | ... AH96: =IFERROR(AH95/AH74,0) -> 0.35535034 | AJ96: =IFERROR(AJ95/AJ74,0) -> 0.25694418 | AK96: =IFERROR(AK95/AK74,0) -> 0 | AL96: =AJ96-AK96 -> 0.25694418 | AN96: =IFERROR(AN95/AN74,0) -> 0.29068577 | AO96: =AJ96-AN96 -> -0.033741584 | AR96: =IFERROR(AR95/AR74,0) -> 0.25694418 | AS96: =IFERROR(AS95/AS74,0) -> 0 | AT96: =AR96-AS96 -> 0.25694418 | AV96: =IFERROR(AV95/AV74,0) -> 0.29068577 | AW96: =AR96-AV96 -> -0.033741584 | AZ96: =IFERROR(AZ95/AZ74,0) -> 0.3233483 | BA96: =IFERROR(BA95/BA74,0) -> 0 | BB96: =AZ96-BA96 -> 0.3233483 | BD96: =IFERROR(BD95/BD74,0) -> 0.36046816 | BE96: =AZ96-BD96 -> -0.037119859
A97: 94 | B97: 94 | D97: 1 | L97: Hard (%) | P97: =IFERROR(P100/P75,0) -> 0.48169131 | Q97: =IFERROR(Q100/Q75,0) -> 0.39045925 | R97: =IFERROR(R100/R75,0) -> 0.11921757 | S97: =IFERROR(S100/S75,0) -> 0.30873382 | T97: =IFERROR(T100/T75,0) -> 0.26975688 | U97: =IFERROR(U100/U75,0) -> 0.32253822 | V97: =IFERROR(V100/V75,0) -> 0.29398143 | W97: =IFERROR(W100/W75,0) -> 0.26971609 | ... AH97: =IFERROR(AH100/AH75,0) -> 0.32206202 | AJ97: =IFERROR(AJ100/AJ75,0) -> 0.17435912 | AK97: =IFERROR(AK100/AK75,0) -> 0 | AL97: =AJ97-AK97 -> 0.17435912 | AN97: =IFERROR(AN100/AN75,0) -> 0.2976821 | AO97: =AJ97-AN97 -> -0.12332298 | AR97: =IFERROR(AR100/AR75,0) -> 0.17435912 | AS97: =IFERROR(AS100/AS75,0) -> 0 | AT97: =AR97-AS97 -> 0.17435912 | AV97: =IFERROR(AV100/AV75,0) -> 0.2976821 | AW97: =AR97-AV97 -> -0.12332298 | AZ97: =IFERROR(AZ100/AZ75,0) -> 0.27776602 | BA97: =IFERROR(BA100/BA75,0) -> 0 | BB97: =AZ97-BA97 -> 0.27776602 | BD97: =IFERROR(BD100/BD75,0) -> 0.32606091 | BE97: =AZ97-BD97 -> -0.048294893
A98: 95 | B98: 95 | D98: 1 | L98: Non-hard (%) | P98: =IFERROR(P101/P76,0) -> -1.0037406 | Q98: =IFERROR(Q101/Q76,0) -> 0.40347849 | R98: =IFERROR(R101/R76,0) -> 0.44937115 | S98: =IFERROR(S101/S76,0) -> 0.39650381 | T98: =IFERROR(T101/T76,0) -> 0.37648442 | U98: =IFERROR(U101/U76,0) -> 0.43557736 | V98: =IFERROR(V101/V76,0) -> 0.45686343 | W98: =IFERROR(W101/W76,0) -> 0.4050216 | ... AH98: =IFERROR(AH101/AH76,0) -> 0.42504462 | AJ98: =IFERROR(AJ101/AJ76,0) -> 0.42170376 | AK98: =IFERROR(AK101/AK76,0) -> 8.1359084e-06 | AL98: =AJ98-AK98 -> 0.42169563 | AN98: =IFERROR(AN101/AN76,0) -> 0.27680345 | AO98: =AJ98-AN98 -> 0.14490031 | AR98: =IFERROR(AR101/AR76,0) -> 0.42170376 | AS98: =IFERROR(AS101/AS76,0) -> 8.1359084e-06 | AT98: =AR98-AS98 -> 0.42169563 | AV98: =IFERROR(AV101/AV76,0) -> 0.27680345 | AW98: =AR98-AV98 -> 0.14490031 | AZ98: =IFERROR(AZ101/AZ76,0) -> 0.42002997 | BA98: =IFERROR(BA101/BA76,0) -> 5.3193211e-06 | BB98: =AZ98-BA98 -> 0.42002465 | BD98: =IFERROR(BD101/BD76,0) -> 0.44034021 | BE98: =AZ98-BD98 -> -0.020310243
A99: 96 | B99: 96 | D99: 1 | L99: Others (%) | P99: =IFERROR(P102/P77,0) -> 0 | Q99: =IFERROR(Q102/Q77,0) -> 0 | R99: =IFERROR(R102/R77,0) -> 0 | S99: =IFERROR(S102/S77,0) -> 0 | T99: =IFERROR(T102/T77,0) -> 0 | U99: =IFERROR(U102/U77,0) -> 0 | V99: =IFERROR(V102/V77,0) -> 0 | W99: =IFERROR(W102/W77,0) -> 0 | ... AH99: =IFERROR(AH102/AH77,0) -> 0 | AJ99: =IFERROR(AJ102/AJ77,0) -> 0 | AK99: =IFERROR(AK102/AK77,0) -> 0 | AL99: =AJ99-AK99 -> 0 | AN99: =IFERROR(AN102/AN77,0) -> 0 | AO99: =AJ99-AN99 -> 0 | AR99: =IFERROR(AR102/AR77,0) -> 0 | AS99: =IFERROR(AS102/AS77,0) -> 0 | AT99: =AR99-AS99 -> 0 | AV99: =IFERROR(AV102/AV77,0) -> 0 | AW99: =AR99-AV99 -> 0 | AZ99: =IFERROR(AZ102/AZ77,0) -> 0 | BA99: =IFERROR(BA102/BA77,0) -> 0 | BB99: =AZ99-BA99 -> 0 | BD99: =IFERROR(BD102/BD77,0) -> 0 | BE99: =AZ99-BD99 -> 0
A100: 97 | B100: 97 | D100: 1 | L100: Hard | P100: =P391+P415 -> 6972 | Q100: =Q391+Q415 -> 23262 | R100: =R391+R415 -> 9520 | S100: =S391+S415 -> 26975 | T100: =T391+T415 -> 24355 | U100: =U391+U415 -> 52237 | V100: =V391+V415 -> 25390 | W100: =W391+W415 -> 26163 | ... AA100: =AA391+AA415 -> 96886 | AB100: =SUM(P100:R100) -> 39754 | AC100: =SUM(S100:U100) -> 103567 | AD100: =SUM(V100:X100) -> 99298 | AE100: =SUM(Y100:AA100) -> 150630 | AF100: =AB100+AC100 -> 143321 | AG100: =AE100+AD100 -> 249928 | AH100: =AF100+AG100 -> 393249 | AJ100: =SUM((INDIRECT(AJ$2&(ROW())):INDIRECT(AJ$3&(ROW())))) -> 18473 | AK100: =SUM(INDIRECT(AK$1&AK$2&$B100):INDIRECT(AK$1&AK$3&$B100)) -> 0.30839134 | AL100: =AJ100-AK100 -> 18472.692 | AM100: =IFERROR(AJ100/AK100,0) -> 59901.162 | AN100: =SUM(INDIRECT(AN$1&AN$2&$A100):INDIRECT(AN$1&AN$3&$A100)) -> 34791 | AO100: =AJ100-AN100 -> -16318 | AP100: =IFERROR(AJ100/AN100,0) -> 0.53097065 | AR100: =SUM((INDIRECT(AR$2&(ROW())):INDIRECT(AR$3&(ROW())))) -> 18473 | AS100: =SUM(INDIRECT(AS$1&AS$2&$B100):INDIRECT(AS$1&AS$3&$B100)) -> 0.30839134 | AT100: =AR100-AS100 -> 18472.692 | AU100: =IFERROR(AR100/AS100,0) -> 59901.162 | AV100: =SUM(INDIRECT(AV$1&AV$2&$A100):INDIRECT(AV$1&AV$3&$A100)) -> 34791 | AW100: =AR100-AV100 -> -16318 | AX100: =IFERROR(AR100/AV100,0) -> 0.53097065 | AZ100: =SUM((INDIRECT(AZ$2&(ROW())):INDIRECT(AZ$3&(ROW())))) -> 261092 | BA100: =SUM(INDIRECT(BA$1&BA$2&$B100):INDIRECT(BA$1&BA$3&$B100)) -> 2.4947698 | BB100: =AZ100-BA100 -> 261089.51 | BC100: =IFERROR(AZ100/BA100,0) -> 104655.75 | BD100: =SUM(INDIRECT(BD$1&BD$2&$A100):INDIRECT(BD$1&BD$3&$A100)) -> 451730 | BE100: =AZ100-BD100 -> -190638 | BF100: =IFERROR(AZ100/BD100,0) -> 0.57798242
A101: 98 | B101: 98 | D101: 1 | L101: Non-hard | P101: =P396+P420 -> -1610 | Q101: =Q396+Q420 -> 18466 | R101: =R396+R420 -> 18222 | S101: =S396+S420 -> 18690 | T101: =T396+T420 -> 13125 | U101: =U396+U420 -> 22995 | V101: =V396+V420 -> 22236 | W101: =W396+W420 -> 18567 | ... AA101: =AA396+AA420 -> 31356 | AB101: =SUM(P101:R101) -> 35078 | AC101: =SUM(S101:U101) -> 54810 | AD101: =SUM(V101:X101) -> 73860 | AE101: =SUM(Y101:AA101) -> 84141 | AF101: =AB101+AC101 -> 89888 | AG101: =AE101+AD101 -> 158001 | AH101: =AF101+AG101 -> 247889 | AJ101: =SUM((INDIRECT(AJ$2&(ROW())):INDIRECT(AJ$3&(ROW())))) -> 22395 | AK101: =SUM(INDIRECT(AK$1&AK$2&$B101):INDIRECT(AK$1&AK$3&$B101)) -> 0.35908645 | AL101: =AJ101-AK101 -> 22394.641 | AM101: =IFERROR(AJ101/AK101,0) -> 62366.596 | AN101: =SUM(INDIRECT(AN$1&AN$2&$A101):INDIRECT(AN$1&AN$3&$A101)) -> 16304 | AO101: =AJ101-AN101 -> 6091 | AP101: =IFERROR(AJ101/AN101,0) -> 1.3735893 | AR101: =SUM((INDIRECT(AR$2&(ROW())):INDIRECT(AR$3&(ROW())))) -> 22395 | AS101: =SUM(INDIRECT(AS$1&AS$2&$B101):INDIRECT(AS$1&AS$3&$B101)) -> 0.35908645 | AT101: =AR101-AS101 -> 22394.641 | AU101: =IFERROR(AR101/AS101,0) -> 62366.596 | AV101: =SUM(INDIRECT(AV$1&AV$2&$A101):INDIRECT(AV$1&AV$3&$A101)) -> 16304 | AW101: =AR101-AV101 -> 6091 | AX101: =IFERROR(AR101/AV101,0) -> 1.3735893 | AZ101: =SUM((INDIRECT(AZ$2&(ROW())):INDIRECT(AZ$3&(ROW())))) -> 186143 | BA101: =SUM(INDIRECT(BA$1&BA$2&$B101):INDIRECT(BA$1&BA$3&$B101)) -> 1.8736245 | BB101: =AZ101-BA101 -> 186141.13 | BC101: =IFERROR(AZ101/BA101,0) -> 99349.151 | BD101: =SUM(INDIRECT(BD$1&BD$2&$A101):INDIRECT(BD$1&BD$3&$A101)) -> 262799 | BE101: =AZ101-BD101 -> -76656 | BF101: =IFERROR(AZ101/BD101,0) -> 0.70830939
...

Sheet Purchase
A2: ='PL,HC,INV'!E4 -> FY2020 Monthly Actual ver1.0 | H2: Input fields
B4: Detail of Purchase | G4: Not include Incidental Cost
B5: KMJ/BUS/BEU Stand Alone/BAU/BCN/BHK/BSA/BME/BIN/BBR ONLY
B7: (Unit: 1,000 Local currency) | H7: ='PL,HC,INV'!P10 -> 43922 | I7: ='PL,HC,INV'!Q10 -> 43952 | J7: ='PL,HC,INV'!R10 -> 43983 | K7: ='PL,HC,INV'!S10 -> 44013 | L7: ='PL,HC,INV'!T10 -> 44044 | M7: ='PL,HC,INV'!U10 -> 44075 | N7: ='PL,HC,INV'!V10 -> 44105 | O7: ='PL,HC,INV'!W10 -> 44136 | ... Z7: ='PL,HC,INV'!AH10 -> Yr.
B8: Total Purchase amount (①+②+③+④) | H8: =SUM(H10,H35,H36,H37) -> 460444.01 | I8: =SUM(I10,I35,I36,I37) -> 62227.253 | J8: =SUM(J10,J35,J36,J37) -> 2141.8504 | K8: =SUM(K10,K35,K36,K37) -> 34094.504 | L8: =SUM(L10,L35,L36,L37) -> 100321.57 | M8: =SUM(M10,M35,M36,M37) -> 162144.44 | N8: =SUM(N10,N35,N36,N37) -> 270689.11 | O8: =SUM(O10,O35,O36,O37) -> 408191.87 | ... S8: =SUM(S10,S35,S36,S37) -> 350512.86 | T8: =SUM(H8:J8) -> 524813.11 | U8: =SUM(K8:M8) -> 296560.51 | V8: =SUM(N8:P8) -> 1083457 | W8: =SUM(Q8:S8) -> 1126544.1 | X8: =SUM(T8:U8) -> 821373.62 | Y8: =SUM(V8:W8) -> 2210001 | Z8: =SUM(X8:Y8) -> 3031374.7
C9: Total BT-Gr Purchase amount（①+②+③） | H9: =H10+H35+H36 -> 460414.17 | I9: =I10+I35+I36 -> 60620.279 | J9: =J10+J35+J36 -> 1821.4621 | K9: =K10+K35+K36 -> 32321.857 | L9: =L10+L35+L36 -> 98345.711 | M9: =M10+M35+M36 -> 158925.07 | N9: =N10+N35+N36 -> 265621.75 | O9: =O10+O35+O36 -> 406578.2 | ... S9: =S10+S35+S36 -> 346475.88 | T9: =SUM(H9:J9) -> 522855.91 | U9: =SUM(K9:M9) -> 289592.63 | V9: =SUM(N9:P9) -> 1074314.8 | W9: =SUM(Q9:S9) -> 1119078.7 | X9: =SUM(T9:U9) -> 812448.54 | Y9: =SUM(V9:W9) -> 2193393.5 | Z9: =SUM(X9:Y9) -> 3005842
D10: ①Supplier = BT | H10: =H11+H20+H29+H32+H33+H34 -> 460414.17 | I10: =I11+I20+I29+I32+I33+I34 -> 60175.466 | J10: =J11+J20+J29+J32+J33+J34 -> 1761.3196 | K10: =K11+K20+K29+K32+K33+K34 -> 32236.365 | L10: =L11+L20+L29+L32+L33+L34 -> 97898.444 | M10: =M11+M20+M29+M32+M33+M34 -> 158122.53 | N10: =N11+N20+N29+N32+N33+N34 -> 265021.45 | O10: =O11+O20+O29+O32+O33+O34 -> 403508.05 | ... Z10: =Z11+Z20+Z29+Z32+Z33+Z34 -> 2983885.9
D11: (1) Office | H11: =H12+H16 -> 134557.69 | I11: =I12+I16 -> 14444.437 | J11: =J12+J16 -> 355.70512 | K11: =K12+K16 -> 18618.662 | L11: =L12+L16 -> 47140.936 | M11: =M12+M16 -> 43856.044 | N11: =N12+N16 -> 66498.592 | O11: =O12+O16 -> 130793.12 | ... Z11: =Z12+Z16 -> 921490.06
E12: RR | H12: =SUM(H13:H15) -> 128415.47 | I12: =SUM(I13:I15) -> 13644.287 | J12: =SUM(J13:J15) -> 51.686 | K12: =SUM(K13:K15) -> 18201.537 | L12: =SUM(L13:L15) -> 45659.723 | M12: =SUM(M13:M15) -> 42536.688 | N12: =SUM(N13:N15) -> 63097.265 | O12: =SUM(O13:O15) -> 127557.09 | ... Z12: =SUM(Z13:Z15) -> 886050.09
F13: Machine | H13: 87680.747 | I13: 6342.88 | K13: 8076.112 | L13: 29517.538 | M13: 27336.506 | N13: 35401.165 | O13: 92007.321 | P13: 100166.04 | Q13: 50290.093 | R13: 104636.19 | S13: 48508.367 | T13: =SUM(H13:J13) -> 94023.627 | U13: =SUM(K13:M13) -> 64930.156 | V13: =SUM(N13:P13) -> 227574.53 | W13: =SUM(Q13:S13) -> 203434.65 | X13: =SUM(T13:U13) -> 158953.78 | Y13: =SUM(V13:W13) -> 431009.18 | Z13: =SUM(X13:Y13) -> 589962.97
F14: Option | H14: 11738.161 | I14: 76.371 | J14: 8 | K14: 1104.323 | L14: 4090.838 | M14: 3995.846 | N14: 8639.779 | O14: 11903.432 | P14: 13854.861 | Q14: 13940.152 | R14: 9014.735 | S14: 4291.837 | T14: =SUM(H14:J14) -> 11822.532 | U14: =SUM(K14:M14) -> 9191.007 | V14: =SUM(N14:P14) -> 34398.072 | W14: =SUM(Q14:S14) -> 27246.724 | X14: =SUM(T14:U14) -> 21013.539 | Y14: =SUM(V14:W14) -> 61644.796 | Z14: =SUM(X14:Y14) -> 82658.335
F15: Supplies | H15: 28996.56 | I15: 7225.036 | J15: 43.686 | K15: 9021.102 | L15: 12051.347 | M15: 11204.336 | N15: 19056.321 | O15: 23646.339 | P15: 23934.627 | Q15: 21186.502 | R15: 34485.793 | S15: 22577.141 | T15: =SUM(H15:J15) -> 36265.282 | U15: =SUM(K15:M15) -> 32276.785 | V15: =SUM(N15:P15) -> 66637.287 | W15: =SUM(Q15:S15) -> 78249.436 | X15: =SUM(T15:U15) -> 68542.067 | Y15: =SUM(V15:W15) -> 144886.72 | Z15: =SUM(X15:Y15) -> 213428.79
E16: Non-RR | H16: =SUM(H17:H19) -> 6142.2224 | I16: =SUM(I17:I19) -> 800.14979 | J16: =SUM(J17:J19) -> 304.01912 | K16: =SUM(K17:K19) -> 417.12535 | L16: =SUM(L17:L19) -> 1481.213 | M16: =SUM(M17:M19) -> 1319.3556 | N16: =SUM(N17:N19) -> 3401.3271 | O16: =SUM(O17:O19) -> 3236.0271 | ... Z16: =SUM(Z17:Z19) -> 35439.969
F17: Others | T17: =SUM(H17:J17) -> 0 | U17: =SUM(K17:M17) -> 0 | V17: =SUM(N17:P17) -> 0 | W17: =SUM(Q17:S17) -> 0 | X17: =SUM(T17:U17) -> 0 | Y17: =SUM(V17:W17) -> 0 | Z17: =SUM(X17:Y17) -> 0
F18: BT Support/Discount | T18: =SUM(H18:J18) -> 0 | U18: =SUM(K18:M18) -> 0 | V18: =SUM(N18:P18) -> 0 | W18: =SUM(Q18:S18) -> 0 | X18: =SUM(T18:U18) -> 0 | Y18: =SUM(V18:W18) -> 0 | Z18: =SUM(X18:Y18) -> 0
F19: Parts | H19: 6142.2224 | I19: 800.14979 | J19: 304.01912 | K19: 417.12535 | L19: 1481.213 | M19: 1319.3556 | N19: 3401.3271 | O19: 3236.0271 | P19: 3059.4039 | Q19: 5833.3941 | R19: 5662.3385 | S19: 3783.3929 | T19: =SUM(H19:J19) -> 7246.3913 | U19: =SUM(K19:M19) -> 3217.6939 | V19: =SUM(N19:P19) -> 9696.7581 | W19: =SUM(Q19:S19) -> 15279.125 | X19: =SUM(T19:U19) -> 10464.085 | Y19: =SUM(V19:W19) -> 24975.884 | Z19: =SUM(X19:Y19) -> 35439.969
D20: (2) PP | H20: =H21+H25 -> 325072.87 | I20: =I21+I25 -> 45225.199 | J20: =J21+J25 -> 1216.9527 | K20: =K21+K25 -> 11581.371 | L20: =L21+L25 -> 50739.674 | M20: =M21+M25 -> 110224.95 | N20: =N21+N25 -> 197886.46 | O20: =O21+O25 -> 271573.66 | ... Z20: =Z21+Z25 -> 2043071.8
E21: RR | H21: =SUM(H22:H24) -> 290796.56 | I21: =SUM(I22:I24) -> 40256.001 | J21: =SUM(J22:J24) -> 230 | K21: =SUM(K22:K24) -> 7917.828 | L21: =SUM(L22:L24) -> 39751.943 | M21: =SUM(M22:M24) -> 105585.74 | N21: =SUM(N22:N24) -> 169394.27 | O21: =SUM(O22:O24) -> 241290.64 | ... Z21: =SUM(Z22:Z24) -> 1787914.2
F22: Machine | H22: 82440.253 | I22: 17098.912 | K22: 2155.314 | L22: 8800.06 | M22: 11844.81 | N22: 31222.371 | O22: 55746.433 | P22: 86069.698 | Q22: 37408.155 | R22: 75155.017 | S22: 50749.982 | T22: =SUM(H22:J22) -> 99539.165 | U22: =SUM(K22:M22) -> 22800.184 | V22: =SUM(N22:P22) -> 173038.5 | W22: =SUM(Q22:S22) -> 163313.15 | X22: =SUM(T22:U22) -> 122339.35 | Y22: =SUM(V22:W22) -> 336351.66 | Z22: =SUM(X22:Y22) -> 458691.01
F23: Option | H23: 27865.68 | I23: 8391.923 | J23: 230 | K23: 973.574 | L23: 2052.635 | M23: 1319.77 | N23: 8167.749 | O23: 14376.603 | P23: 29120.751 | Q23: 22686.636 | R23: 18691.68 | S23: 7657.116 | T23: =SUM(H23:J23) -> 36487.603 | U23: =SUM(K23:M23) -> 4345.979 | V23: =SUM(N23:P23) -> 51665.103 | W23: =SUM(Q23:S23) -> 49035.432 | X23: =SUM(T23:U23) -> 40833.582 | Y23: =SUM(V23:W23) -> 100700.54 | Z23: =SUM(X23:Y23) -> 141534.12
F24: Supplies | H24: 180490.63 | I24: 14765.166 | K24: 4788.94 | L24: 28899.248 | M24: 92421.164 | N24: 130004.15 | O24: 171167.61 | P24: 118355.2 | Q24: 152953.29 | R24: 130156.49 | S24: 163687.23 | T24: =SUM(H24:J24) -> 195255.79 | U24: =SUM(K24:M24) -> 126109.35 | V24: =SUM(N24:P24) -> 419526.96 | W24: =SUM(Q24:S24) -> 446797 | X24: =SUM(T24:U24) -> 321365.14 | Y24: =SUM(V24:W24) -> 866323.96 | Z24: =SUM(X24:Y24) -> 1187689.1
E25: Non-RR | H25: =SUM(H26:H28) -> 34276.311 | I25: =SUM(I26:I28) -> 4969.1984 | J25: =SUM(J26:J28) -> 986.95266 | K25: =SUM(K26:K28) -> 3663.5429 | L25: =SUM(L26:L28) -> 10987.731 | M25: =SUM(M26:M28) -> 4639.2041 | N25: =SUM(N26:N28) -> 28492.197 | O25: =SUM(O26:O28) -> 30283.016 | ... Z25: =SUM(Z26:Z28) -> 255157.61
F26: Others | T26: =SUM(H26:J26) -> 0 | U26: =SUM(K26:M26) -> 0 | V26: =SUM(N26:P26) -> 0 | W26: =SUM(Q26:S26) -> 0 | X26: =SUM(T26:U26) -> 0 | Y26: =SUM(V26:W26) -> 0 | Z26: =SUM(X26:Y26) -> 0
F27: BT Support/Discount | T27: =SUM(H27:J27) -> 0 | U27: =SUM(K27:M27) -> 0 | V27: =SUM(N27:P27) -> 0 | W27: =SUM(Q27:S27) -> 0 | X27: =SUM(T27:U27) -> 0 | Y27: =SUM(V27:W27) -> 0 | Z27: =SUM(X27:Y27) -> 0
F28: Parts | H28: 34276.311 | I28: 4969.1984 | J28: 986.95266 | K28: 3663.5429 | L28: 10987.731 | M28: 4639.2041 | N28: 28492.197 | O28: 30283.016 | P28: 23003.323 | Q28: 50728.921 | R28: 25270.644 | S28: 37856.571 | T28: =SUM(H28:J28) -> 40232.462 | U28: =SUM(K28:M28) -> 19290.478 | V28: =SUM(N28:P28) -> 81778.536 | W28: =SUM(Q28:S28) -> 113856.14 | X28: =SUM(T28:U28) -> 59522.939 | Y28: =SUM(V28:W28) -> 195634.67 | Z28: =SUM(X28:Y28) -> 255157.61
D29: (3) IP | H29: =SUM(H30:H31) -> 766.2077 | I29: =SUM(I30:I31) -> 505.82942 | J29: =SUM(J30:J31) -> 77.72481 | K29: =SUM(K30:K31) -> 2019.3318 | L29: =SUM(L30:L31) -> 17.83457 | M29: =SUM(M30:M31) -> 4022.5425 | N29: =SUM(N30:N31) -> 636.39457 | O29: =SUM(O30:O31) -> 1141.2669 | ... Z29: =SUM(Z30:Z31) -> 19159.662
E30: RR | F30: Label Printer | M30: 3414 | R30: 1575 | S30: 1575 | T30: =SUM(H30:J30) -> 0 | U30: =SUM(K30:M30) -> 3414 | V30: =SUM(N30:P30) -> 0 | W30: =SUM(Q30:S30) -> 3150 | X30: =SUM(T30:U30) -> 3414 | Y30: =SUM(V30:W30) -> 3150 | Z30: =SUM(X30:Y30) -> 6564
E31: Non-RR | F31: Others(KM1,EFI/LF,Textile,others) | H31: 766.2077 | I31: 505.82942 | J31: 77.72481 | K31: 2019.3318 | L31: 17.83457 | M31: 608.54248 | N31: 636.39457 | O31: 1141.2669 | P31: 939.38266 | Q31: 668.70229 | R31: 1087.2768 | S31: 4127.1675 | T31: =SUM(H31:J31) -> 1349.7619 | U31: =SUM(K31:M31) -> 2645.7088 | V31: =SUM(N31:P31) -> 2717.0441 | W31: =SUM(Q31:S31) -> 5883.1467 | X31: =SUM(T31:U31) -> 3995.4708 | Y31: =SUM(V31:W31) -> 8600.1908 | Z31: =SUM(X31:Y31) -> 12595.662
D32: (4) MS | T32: =SUM(H32:J32) -> 0 | U32: =SUM(K32:M32) -> 0 | V32: =SUM(N32:P32) -> 0 | W32: =SUM(Q32:S32) -> 0 | X32: =SUM(T32:U32) -> 0 | Y32: =SUM(V32:W32) -> 0 | Z32: =SUM(X32:Y32) -> 0
D33: (5) WPH | T33: =SUM(H33:J33) -> 0 | U33: =SUM(K33:M33) -> 0 | V33: =SUM(N33:P33) -> 0 | W33: =SUM(Q33:S33) -> 0 | X33: =SUM(T33:U33) -> 0 | Y33: =SUM(V33:W33) -> 0 | Z33: =SUM(X33:Y33) -> 0
D34: (6) ITS | H34: 17.4 | J34: 110.937 | K34: 17 | M34: 19 | T34: =SUM(H34:J34) -> 128.337 | U34: =SUM(K34:M34) -> 36 | V34: =SUM(N34:P34) -> 0 | W34: =SUM(Q34:S34) -> 0 | X34: =SUM(T34:U34) -> 164.337 | Y34: =SUM(V34:W34) -> 0 | Z34: =SUM(X34:Y34) -> 164.337
D35: ②Other BT-Gr Suppliers (BSF/BCUS) | J35: 60.1425 | O35: 1793.34 | Q35: 8191.056 | R35: 874.8 | S35: 1478.25 | T35: =SUM(H35:J35) -> 60.1425 | U35: =SUM(K35:M35) -> 0 | V35: =SUM(N35:P35) -> 1793.34 | W35: =SUM(Q35:S35) -> 10544.106 | X35: =SUM(T35:U35) -> 60.1425 | Y35: =SUM(V35:W35) -> 12337.446 | Z35: =SUM(X35:Y35) -> 12397.588
D36: ③Other BT-Gr Suppliers (MGI) | I36: 444.8135 | K36: 85.492 | L36: 447.267 | M36: 802.5315 | N36: 600.3 | O36: 1276.8118 | P36: 3611.516 | Q36: 2105.9984 | S36: 183.825 | T36: =SUM(H36:J36) -> 444.8135 | U36: =SUM(K36:M36) -> 1335.2905 | V36: =SUM(N36:P36) -> 5488.6278 | W36: =SUM(Q36:S36) -> 2289.8234 | X36: =SUM(T36:U36) -> 1780.104 | Y36: =SUM(V36:W36) -> 7778.4512 | Z36: =SUM(X36:Y36) -> 9558.5552
C37: ④Other (3rd Party） Suppliers | H37: 29.843793 | I37: 1606.9737 | J37: 320.38826 | K37: 1772.647 | L37: 1975.8577 | M37: 3219.3706 | N37: 5067.3587 | O37: 1613.6724 | P37: 2461.205 | Q37: 1679.8431 | R37: 1748.488 | S37: 4036.9833 | T37: =SUM(H37:J37) -> 1957.2058 | U37: =SUM(K37:M37) -> 6967.8754 | V37: =SUM(N37:P37) -> 9142.2362 | W37: =SUM(Q37:S37) -> 7465.3144 | X37: =SUM(T37:U37) -> 8925.0811 | Y37: =SUM(V37:W37) -> 16607.551 | Z37: =SUM(X37:Y37) -> 25532.632
B39: Additional Purchase information
B40: KMJ/BEU Stand Alone/BCN
B41: (Unit: 1,000 Local currency) | H41: ='PL,HC,INV'!P10 -> 43922 | I41: ='PL,HC,INV'!Q10 -> 43952 | J41: ='PL,HC,INV'!R10 -> 43983 | K41: ='PL,HC,INV'!S10 -> 44013 | L41: ='PL,HC,INV'!T10 -> 44044 | M41: ='PL,HC,INV'!U10 -> 44075 | N41: ='PL,HC,INV'!V10 -> 44105 | O41: ='PL,HC,INV'!W10 -> 44136 | ... Z41: ='PL,HC,INV'!AH10 -> Yr.
B42: ①Supplier = BT | H42: =H10 -> 460414.17 | I42: =I10 -> 60175.466 | J42: =J10 -> 1761.3196 | K42: =K10 -> 32236.365 | L42: =L10 -> 97898.444 | M42: =M10 -> 158122.53 | N42: =N10 -> 265021.45 | O42: =O10 -> 403508.05 | ... Z42: =Z10 -> 2983885.9
D43: RR Purchase | T43: =SUM(H43:J43) -> 0 | U43: =SUM(K43:M43) -> 0 | V43: =SUM(N43:P43) -> 0 | W43: =SUM(Q43:S43) -> 0 | X43: =SUM(T43:U43) -> 0 | Y43: =SUM(V43:W43) -> 0 | Z43: =SUM(X43:Y43) -> 0
D44: Non-RR | H44: 460414.17 | I44: 60175.466 | J44: 1761.3196 | K44: =32219.36501+17 -> 32236.365 | L44: 97898.444 | M44: 158122.53 | N44: 265021.45 | O44: 403508.05 | P44: 398503.3 | Q44: 355695.84 | R44: 405735.17 | S44: 344813.8 | T44: =SUM(H44:J44) -> 522350.95 | U44: =SUM(K44:M44) -> 288257.34 | V44: =SUM(N44:P44) -> 1067032.8 | W44: =SUM(Q44:S44) -> 1106244.8 | X44: =SUM(T44:U44) -> 810608.3 | Y44: =SUM(V44:W44) -> 2173277.6 | Z44: =SUM(X44:Y44) -> 2983885.9
D45: Purchase for South Africa | G45: (for BEU) | T45: =SUM(H45:J45) -> 0 | U45: =SUM(K45:M45) -> 0 | V45: =SUM(N45:P45) -> 0 | W45: =SUM(Q45:S45) -> 0 | X45: =SUM(T45:U45) -> 0 | Y45: =SUM(V45:W45) -> 0 | Z45: =SUM(X45:Y45) -> 0
D46: Purchase for Oli | G46: (for BEU) | T46: =SUM(H46:J46) -> 0 | U46: =SUM(K46:M46) -> 0 | V46: =SUM(N46:P46) -> 0 | W46: =SUM(Q46:S46) -> 0 | X46: =SUM(T46:U46) -> 0 | Y46: =SUM(V46:W46) -> 0 | Z46: =SUM(X46:Y46) -> 0
D47: Purchase for Aurora | G47: (for BCN) | T47: =SUM(H47:J47) -> 0 | U47: =SUM(K47:M47) -> 0 | V47: =SUM(N47:P47) -> 0 | W47: =SUM(Q47:S47) -> 0 | X47: =SUM(T47:U47) -> 0 | Y47: =SUM(V47:W47) -> 0 | Z47: =SUM(X47:Y47) -> 0
D48: Purchase for Murata | G48: (for KMJ) | T48: =SUM(H48:J48) -> 0 | U48: =SUM(K48:M48) -> 0 | V48: =SUM(N48:P48) -> 0 | W48: =SUM(Q48:S48) -> 0 | X48: =SUM(T48:U48) -> 0 | Y48: =SUM(V48:W48) -> 0 | Z48: =SUM(X48:Y48) -> 0
D49: BT Support/Discount | G49: (for KMJ/BEU/BCN) | T49: =SUM(H49:J49) -> 0 | U49: =SUM(K49:M49) -> 0 | V49: =SUM(N49:P49) -> 0 | W49: =SUM(Q49:S49) -> 0 | X49: =SUM(T49:U49) -> 0 | Y49: =SUM(V49:W49) -> 0 | Z49: =SUM(X49:Y49) -> 0
D50: CHK--> | H50: =IF(ROUND(H42,0)=ROUND(SUM(H43:H49),0),"OK","NG") -> OK | I50: =IF(ROUND(I42,0)=ROUND(SUM(I43:I49),0),"OK","NG") -> OK | J50: =IF(ROUND(J42,0)=ROUND(SUM(J43:J49),0),"OK","NG") -> OK | K50: =IF(ROUND(K42,0)=ROUND(SUM(K43:K49),0),"OK","NG") -> OK | L50: =IF(ROUND(L42,0)=ROUND(SUM(L43:L49),0),"OK","NG") -> OK | M50: =IF(ROUND(M42,0)=ROUND(SUM(M43:M49),0),"OK","NG") -> OK | N50: =IF(ROUND(N42,0)=ROUND(SUM(N43:N49),0),"OK","NG") -> OK | O50: =IF(ROUND(O42,0)=ROUND(SUM(O43:O49),0),"OK","NG") -> OK | ... S50: =IF(ROUND(S42,0)=ROUND(SUM(S43:S49),0),"OK","NG") -> OK
B52: Inventory Analysis
B53: KMJ/BUS/BEU Stand Alone/BCN/BSA-Cons/BAU/BIN
C55: In calculating unrealized profit by each BU of KMI(FY2018), there is a huge gap between monthly estimation (from Rolling Forecast) and Actual result.
C56: we revised as follows to confirm inventory estimation and In-Out balance consistency by each BU in order to solve this problem.
H58: ='PL,HC,INV'!P10 -> 43922 | I58: ='PL,HC,INV'!Q10 -> 43952 | J58: ='PL,HC,INV'!R10 -> 43983 | K58: ='PL,HC,INV'!S10 -> 44013 | L58: ='PL,HC,INV'!T10 -> 44044 | M58: ='PL,HC,INV'!U10 -> 44075 | N58: ='PL,HC,INV'!V10 -> 44105 | O58: ='PL,HC,INV'!W10 -> 44136 | ... S58: ='PL,HC,INV'!AA10 -> 44256
B59: IN Total | H59: =SUM(H60,H63,H66) -> 1602228 | I59: =SUM(I60,I63,I66) -> 1628900.2 | J59: =SUM(J60,J63,J66) -> 1515931.1 | K59: =SUM(K60,K63,K66) -> 1341766.5 | L59: =SUM(L60,L63,L66) -> 1220640.6 | M59: =SUM(M60,M63,M66) -> 1158806.4 | N59: =SUM(N60,N63,N66) -> 1093167.1 | O59: =SUM(O60,O63,O66) -> 1203942.9 | ... S59: =SUM(S60,S63,S66) -> 1466609.9
C60: Inventory at the beginning | H60: =SUM(H61:H62) -> 1127790 | I60: =SUM(I61:I62) -> 1600276 | J60: =SUM(J61:J62) -> 1523088 | K60: =SUM(K61:K62) -> 1302940 | L60: =SUM(L61:L62) -> 1126415 | M60: =SUM(M61:M62) -> 1000788 | N60: =SUM(N61:N62) -> 819843 | O60: =SUM(O61:O62) -> 784364 | ... S60: =SUM(S61:S62) -> 985262
D61: From BT-Gr (Include BSF/BCUS/MGI) | H61: 1110158 | I61: =H89 -> 1582625 | J61: =I89 -> 1505087 | K61: =J89 -> 1285655 | L61: =K89 -> 1108715 | M61: =L89 -> 984793 | N61: =M89 -> 810567 | O61: =N89 -> 771351 | P61: =O89 -> 879814 | ... S61: =R89 -> 975128
D62: Others(3rd Party) | H62: 17632 | I62: =H90 -> 17651 | J62: =I90 -> 18001 | K62: =J90 -> 17285 | L62: =K90 -> 17700 | M62: =L90 -> 15995 | N62: =M90 -> 9276 | O62: =N90 -> 13013 | P62: =O90 -> 13622 | ... S62: =R90 -> 10134
C63: Purchase | H63: =SUM(H64:H65) -> 460444.01 | I63: =SUM(I64:I65) -> 62227.253 | J63: =SUM(J64:J65) -> 2141.8504 | K63: =SUM(K64:K65) -> 34094.504 | L63: =SUM(L64:L65) -> 100321.57 | M63: =SUM(M64:M65) -> 162144.44 | N63: =SUM(N64:N65) -> 270689.11 | O63: =SUM(O64:O65) -> 408191.87 | ... S63: =SUM(S64:S65) -> 350512.86
D64: From BT-Gr (Include BSF/BCUS/MGI) | H64: =H9 -> 460414.17 | I64: =I9 -> 60620.279 | J64: =J9 -> 1821.4621 | K64: =K9 -> 32321.857 | L64: =L9 -> 98345.711 | M64: =M9 -> 158925.07 | N64: =N9 -> 265621.75 | O64: =O9 -> 406578.2 | ... S64: =S9 -> 346475.88
D65: Others(3rd Party) | H65: =H37 -> 29.843793 | I65: =I37 -> 1606.9737 | J65: =J37 -> 320.38826 | K65: =K37 -> 1772.647 | L65: =L37 -> 1975.8577 | M65: =M37 -> 3219.3706 | N65: =N37 -> 5067.3587 | O65: =O37 -> 1613.6724 | ... S65: =S37 -> 4036.9833
C66: Others | H66: =SUM(H67:H68) -> 13994 | I66: =SUM(I67:I68) -> -33603.076 | J66: =SUM(J67:J68) -> -9298.7802 | K66: =SUM(K67:K68) -> 4732 | L66: =SUM(L67:L68) -> -6096 | M66: =SUM(M67:M68) -> -4126 | N66: =SUM(N67:N68) -> 2634.9781 | O66: =SUM(O67:O68) -> 11387 | ... S66: =SUM(S67:S68) -> 130835
D67: Incidental Cost | V67: =Q69-Q59 -> 0.24721
D68: < free input > | H68: 13994 | I68: -33603.076 | J68: -9298.7802 | K68: =4749-17 -> 4732 | L68: -6096 | M68: -4126 | N68: 2634.9781 | O68: 11387 | P68: -13877 | Q68: 6964 | R68: 16779 | S68: 130835
B69: OUT Total | H69: =SUM(H70,H83,H84,H88) -> 1602227.9 | I69: =SUM(I70,I83,I84,I88) -> 1628900.2 | J69: =SUM(J70,J83,J84,J88) -> 1515931.1 | K69: =SUM(K70,K83,K84,K88) -> 1341766.9 | L69: =SUM(L70,L83,L84,L88) -> 1220640.8 | M69: =SUM(M70,M83,M84,M88) -> 1158805.5 | N69: =SUM(N70,N83,N84,N88) -> 1093167.1 | O69: =SUM(O70,O83,O84,O88) -> 1203943.2 | ... S69: =SUM(S70,S83,S84,S88) -> 1466609.7
C70: Transfer from Inventory | H70: =H71+H79 -> 1797.6003 | I70: =I71+I79 -> 105808.85 | J70: =J71+J79 -> 205189.76 | K70: =K71+K79 -> 211215.42 | L70: =L71+L79 -> 217426.9 | M70: =M71+M79 -> 337436.52 | N70: =N71+N79 -> 308244.22 | O70: =O71+O79 -> 307252.67 | ... S70: =S71+S79 -> 484747
D71: From BT-Gr (Include BSF/BCUS/MGI) | H71: =H72+H75+H78 -> 1797.6003 | I71: =I72+I75+I78 -> 105808.85 | J71: =J72+J75+J78 -> 205189.76 | K71: =K72+K75+K78 -> 211215.42 | L71: =L72+L75+L78 -> 217426.9 | M71: =M72+M75+M78 -> 337436.52 | N71: =N72+N75+N78 -> 308244.22 | O71: =O72+O75+O78 -> 307252.67 | ... S71: =S72+S75+S78 -> 484747
E72: Office | F72: Total | H72: -1576.47 | I72: 38738.284 | J72: 75060.013 | K72: 75983.098 | L72: 78789.793 | M72: 135198.44 | N72: 75772.15 | O72: 80738.236 | P72: 125970.4 | Q72: 92684.962 | R72: 118218.41 | S72: 183528.89
F73: except BT Support (HW, NH) | H73: =H72-H74 -> -1576.47 | I73: =I72-I74 -> 38738.284 | J73: =J72-J74 -> 75060.013 | K73: =K72-K74 -> 75983.098 | L73: =L72-L74 -> 78789.793 | M73: =M72-M74 -> 135198.44 | N73: =N72-N74 -> 75772.15 | O73: =O72-O74 -> 80738.236 | ... S73: =S72-S74 -> 183528.89
F74: BT Support | H74: =H18 -> 0 | I74: =I18 -> 0 | J74: =J18 -> 0 | K74: =K18 -> 0 | L74: =L18 -> 0 | M74: =M18 -> 0 | N74: =N18 -> 0 | O74: =O18 -> 0 | ... S74: =S18 -> 0
E75: PP | F75: Total | H75: 3263.6011 | I75: 66497.64 | J75: 124076.69 | K75: 133339.97 | L75: 132774.94 | M75: 185966.59 | N75: 229594.78 | O75: 223735.6 | P75: 244416.75 | Q75: 236106.58 | R75: 265332.49 | S75: 287959.3
F76: except BT Support (HW, NH) | H76: =H75-H77 -> 3263.6011 | I76: =I75-I77 -> 66497.64 | J76: =J75-J77 -> 124076.69 | K76: =K75-K77 -> 133339.97 | L76: =L75-L77 -> 132774.94 | M76: =M75-M77 -> 185966.59 | N76: =N75-N77 -> 229594.78 | O76: =O75-O77 -> 223735.6 | ... S76: =S75-S77 -> 287959.3
F77: BT Support | H77: =H27 -> 0 | I77: =I27 -> 0 | J77: =J27 -> 0 | K77: =K27 -> 0 | L77: =L27 -> 0 | M77: =M27 -> 0 | N77: =N27 -> 0 | O77: =O27 -> 0 | ... S77: =S27 -> 0
E78: Others | F78: IP, WPH, Others | H78: 110.46923 | I78: 572.92135 | J78: 6053.0547 | K78: 1892.352 | L78: 5862.1626 | M78: 16271.489 | N78: 2877.287 | O78: 2778.8385 | P78: 2908.7531 | Q78: 8457.4465 | R78: 1704.3439 | S78: 13258.815
D79: Others(3rd Party) | H79: =SUM(H80:H82) -> 0 | I79: =SUM(I80:I82) -> 0 | J79: =SUM(J80:J82) -> 0 | K79: =SUM(K80:K82) -> 0 | L79: =SUM(L80:L82) -> 0 | M79: =SUM(M80:M82) -> 0 | N79: =SUM(N80:N82) -> 0 | O79: =SUM(O80:O82) -> 0 | ... S79: =SUM(S80:S82) -> 0
E80: Office
E81: PP
E82: Others | F82: IP, WPH, Others
C83: Loss & Disposal of Inventories | H83: 154.30723 | I83: 3.33167 | J83: 7801.3149 | K83: 4136.4302 | L83: 2425.9297 | M83: 1526.0181 | N83: 558.87164 | O83: 3254.4995 | P83: 230 | Q83: 1766 | R83: 850.54679 | S83: 5078.6949
C84: Others | H84: =SUM(H85:H87) -> 0 | I84: =SUM(I85:I87) -> 0 | J84: =SUM(J85:J87) -> 0 | K84: =SUM(K85:K87) -> 0 | L84: =SUM(L85:L87) -> 0 | M84: =SUM(M85:M87) -> 0 | N84: =SUM(N85:N87) -> 0 | O84: =SUM(O85:O87) -> 0 | ... S84: =SUM(S85:S87) -> 0
D85: < free input >
D86: < free input >
D87: Others
C88: Inventory at the end | H88: =SUM(H89:H90) -> 1600276 | I88: =SUM(I89:I90) -> 1523088 | J88: =SUM(J89:J90) -> 1302940 | K88: =SUM(K89:K90) -> 1126415 | L88: =SUM(L89:L90) -> 1000788 | M88: =SUM(M89:M90) -> 819843 | N88: =SUM(N89:N90) -> 784364 | O88: =SUM(O89:O90) -> 893436 | ... S88: =SUM(S89:S90) -> 976784
D89: From BT-Gr (Include BSF/BCUS/MGI) | H89: ='PL,HC,INV'!P980+'PL,HC,INV'!P981 -> 1582625 | I89: ='PL,HC,INV'!Q980+'PL,HC,INV'!Q981 -> 1505087 | J89: ='PL,HC,INV'!R980+'PL,HC,INV'!R981 -> 1285655 | K89: ='PL,HC,INV'!S980+'PL,HC,INV'!S981 -> 1108715 | L89: ='PL,HC,INV'!T980+'PL,HC,INV'!T981 -> 984793 | M89: ='PL,HC,INV'!U980+'PL,HC,INV'!U981 -> 810567 | N89: ='PL,HC,INV'!V980+'PL,HC,INV'!V981 -> 771351 | O89: ='PL,HC,INV'!W980+'PL,HC,INV'!W981 -> 879814 | ... S89: ='PL,HC,INV'!AA980+'PL,HC,INV'!AA981 -> 965878
D90: Others | H90: ='PL,HC,INV'!P982 -> 17651 | I90: ='PL,HC,INV'!Q982 -> 18001 | J90: ='PL,HC,INV'!R982 -> 17285 | K90: ='PL,HC,INV'!S982 -> 17700 | L90: ='PL,HC,INV'!T982 -> 15995 | M90: ='PL,HC,INV'!U982 -> 9276 | N90: ='PL,HC,INV'!V982 -> 13013 | O90: ='PL,HC,INV'!W982 -> 13622 | ... S90: ='PL,HC,INV'!AA982 -> 10906
D91: balance CHK--> | H91: =IF(ROUND(H59,0)=ROUND(H69,0),"OK","NG") -> OK | I91: =IF(ROUND(I59,0)=ROUND(I69,0),"OK","NG") -> OK | J91: =IF(ROUND(J59,0)=ROUND(J69,0),"OK","NG") -> OK | K91: =IF(ROUND(K59,0)=ROUND(K69,0),"OK","NG") -> OK | L91: =IF(ROUND(L59,0)=ROUND(L69,0),"OK","NG") -> OK | M91: =IF(ROUND(M59,0)=ROUND(M69,0),"OK","NG") -> OK | N91: =IF(ROUND(N59,0)=ROUND(N69,0),"OK","NG") -> OK | O91: =IF(ROUND(O59,0)=ROUND(O69,0),"OK","NG") -> OK | ... S91: =IF(ROUND(S59,0)=ROUND(S69,0),"OK","NG") -> OK
B93: OUT check by BU
C94: Office <OUT> | H94: =H72+H80+'PL,HC,INV'!P941 -> -1576.47 | I94: =I72+I80+'PL,HC,INV'!Q941 -> 38738.284 | J94: =J72+J80+'PL,HC,INV'!R941 -> 75060.013 | K94: =K72+K80+'PL,HC,INV'!S941 -> 75983.098 | L94: =L72+L80+'PL,HC,INV'!T941 -> 78789.793 | M94: =M72+M80+'PL,HC,INV'!U941 -> 135198.44 | N94: =N72+N80+'PL,HC,INV'!V941 -> 75772.15 | O94: =O72+O80+'PL,HC,INV'!W941 -> 80738.236 | ... S94: =S72+S80+'PL,HC,INV'!AA941 -> 183528.89
C95: PP <OUT> | H95: =H75+H81+'PL,HC,INV'!P944 -> 3263.6011 | I95: =I75+I81+'PL,HC,INV'!Q944 -> 66497.64 | J95: =J75+J81+'PL,HC,INV'!R944 -> 124076.69 | K95: =K75+K81+'PL,HC,INV'!S944 -> 133339.97 | L95: =L75+L81+'PL,HC,INV'!T944 -> 132774.94 | M95: =M75+M81+'PL,HC,INV'!U944 -> 185966.59 | N95: =N75+N81+'PL,HC,INV'!V944 -> 229594.78 | O95: =O75+O81+'PL,HC,INV'!W944 -> 223735.6 | ... S95: =S75+S81+'PL,HC,INV'!AA944 -> 287959.3
C96: Others <OUT> | H96: =H78+H82+'PL,HC,INV'!P977+'PL,HC,INV'!P981+'PL,HC,INV'!P984 -> 561610.47 | I96: =I78+I82+'PL,HC,INV'!Q977+'PL,HC,INV'!Q981+'PL,HC,INV'!Q984 -> 526240.92 | J96: =J78+J82+'PL,HC,INV'!R977+'PL,HC,INV'!R981+'PL,HC,INV'!R984 -> 443638.05 | K96: =K78+K82+'PL,HC,INV'!S977+'PL,HC,INV'!S981+'PL,HC,INV'!S984 -> 379565.35 | L96: =L78+L82+'PL,HC,INV'!T977+'PL,HC,INV'!T981+'PL,HC,INV'!T984 -> 346698.16 | M96: =M78+M82+'PL,HC,INV'!U977+'PL,HC,INV'!U981+'PL,HC,INV'!U984 -> 268986.49 | N96: =N78+N82+'PL,HC,INV'!V977+'PL,HC,INV'!V981+'PL,HC,INV'!V984 -> 239715.29 | O96: =O78+O82+'PL,HC,INV'!W977+'PL,HC,INV'!W981+'PL,HC,INV'!W984 -> 288110.84 | ... S96: =S78+S82+'PL,HC,INV'!AA977+'PL,HC,INV'!AA981+'PL,HC,INV'!AA984 -> 284360.81
C97: Loss & Disposal of Inventories | H97: =H83 -> 154.30723 | I97: =I83 -> 3.33167 | J97: =J83 -> 7801.3149 | K97: =K83 -> 4136.4302 | L97: =L83 -> 2425.9297 | M97: =M83 -> 1526.0181 | N97: =N83 -> 558.87164 | O97: =O83 -> 3254.4995 | ... S97: =S83 -> 5078.6949
D98: Others of Others | H98: =H84 -> 0 | I98: =I84 -> 0 | J98: =J84 -> 0 | K98: =K84 -> 0 | L98: =L84 -> 0 | M98: =M84 -> 0 | N98: =N84 -> 0 | O98: =O84 -> 0 | ... S98: =S84 -> 0
B99: OUT Total | H99: =SUM(H94:H98) -> 563451.91 | I99: =SUM(I94:I98) -> 631480.18 | J99: =SUM(J94:J98) -> 650576.07 | K99: =SUM(K94:K98) -> 593024.85 | L99: =SUM(L94:L98) -> 560688.83 | M99: =SUM(M94:M98) -> 591677.54 | N99: =SUM(N94:N98) -> 545641.09 | O99: =SUM(O94:O98) -> 595839.17 | ... S99: =SUM(S94:S98) -> 760927.7
D100: difference check. | H100: =H99-H69 -> -1038776 | I100: =I99-I69 -> -997420 | J100: =J99-J69 -> -865355 | K100: =K99-K69 -> -748742 | L100: =L99-L69 -> -659952 | M100: =M99-M69 -> -567128 | N100: =N99-N69 -> -547526 | O100: =O99-O69 -> -608104 | ... S100: =S99-S69 -> -705682

Sheet Definition
A1: FY20 new topic
A3: ★ | B3: 1. One Rate/ Free to Fee | F3: 2 new items are added in line with Office strategy. Please refer to Definition
A15: ★ | B15: 2. MS category | F15: In ODP business, new categories for recurring sales are added (for BKJ/BKK)
A27: ★ | B27: 3. [Financial Position] | F27: DSO(Days Sales Outstanding) and overdue of account receivables are managed strengthly in FY20
A42: ★ | B42: 4. [Financial Position] | F42: In response to investment capital management policy, cash flow such as acquisition, depreciation&amortization will be managed as well as fixed asset balance.
A66: Classification
C67: (1) Office
D68: Hard | F68: Office A3 | G68: Classified by item code (by products)
F69: Office A4
D70: Non-hard | F70: Copy Click (Kit) | G70: Click business for Office products classified by item code or allocated for Office(A3/A4). Minimum commitment and over volume included. (KMJ: Kit contract included)
F71: Non Contract | G71: Non-Contract service for Office products classified by item code. Including Office products installation fees (Including contracted MIFs)
D72: KMI | G72: Purchased from KMI
D73: 3rd Party | G73: Purchased from Other Vendors
D74: Others | G74: KMJ's special products only.
C75: (2) PP
D76: Hard | F76: Office A3 | G76: Classified by items code (by products)
F77: Office A4
D78: Hard | F78: Other | G78: KIP,EPSON,WF
D79: Non-hard | F79: Copy Click (Kit) | G79: Click business for Office products classified by item code or allocated for Office(A3/A4). Minimum commitment and over volume included. (KMJ: Kit contract included)
F80: Non Contract | G80: Non-Contract service for Office products classified by item code. Including Office products installation fees (Including contracted MIFs)
D81: KMI | G81: Purchased from KMI
D82: 3rd Party | G82: Purchased from Other Vendors
D83: Others | G83: KMJ's special products only.
D84: Solution | G84: Application S/W, Application S/W related H/W, S/W Licensees related to PP
G85: Color Management/Variable Data Printing/Print Automation/Make Ready/Web to print
G86: EX)Color Care, Page Pro NDPS, Print Shop
C87: (3) IP
D88: KM-1 | G88: KM-1 related businesses. This includes KM-1s
D89: Label Printer | G89: Label Printer related businesses
D90: MGI | G90: MGI related businesses (Meteor / Digi-iFOIL)
D91: EFI/LF | G91: EFI VUTEk
D92: Textile Printer | G92: IJ-PP Textile Printer
D93: Others | G93: 3D Printers, Other local equipment
C94: (4) MS (Marketing Service)
D95: MPM | E95: Procurement | G95: Marketing procurement services such as; Marketing printing, POS, Direct mail, PPOS, Merchandise, and Packaging
E96: Production | G96: Marketing production services such as; Onsite studio, Central creative production agency, Pre-Media, Asset creation, and Marketing technology
E97: Solution | G97: Marketing solution services such as; Marketing planning, Customer insight, Creative, Planning, Data, and Technology
D98: ODP | E98: On Demand Printing | G98: For Kinko's (BKK BKJ) Original printing business such as Copy & Print, Business card, etc （All Business except below 3 categories）
A99: New | E99: Marketing Service | G99: For Kinko's (BKK BKJ) Sign & Graphic(Display) exclude Ondemand MPM
A100: New | E100: Digital Solution | G100: For Kinko's (BKK BKJ) Ondemand MPM(POSM), WiL, Kinko's commerce, Mobotix, C3-Value, etc.
A101: New | E101: ODP New Business | G101: For Kinko's (BKK BKJ) ODP New Business such as TSUKURU
A102: Changed | C102: (5) DWP-WPH
A103: Changed | D103: Ch.1 | E103: WPH #1 | G103: WPH Hardware and Software
A104: Changed | D104: Ch.3 | E104: #3 Solution | G104: Definition separately provided by KMI DWP BU
A105: Changed | C105: (6) DWP-ITS
A106: Changed | D106: Ch.1 | E106: ITS IMS/Security | G106: Infrastructure Management Services provide ICT infrastructure ad its management (ICT= Information and communications technologies) EX) Infrastructure as a service, Helpdesk service, Security, Data management etc.
A107: Changed | D107: Ch.2 | E107: ITS Office Solution | G107: S/W & H/W related to Office MFP EX) SafeQ, PageScope, Print Fleet
A108: Changed | E108: ITS MCS | G108: Managed Contents Services support distributing and managing information and contents ECM, Document Management, Document Process Outsourcing (Refer Note1) EX) SharePoint, Square 9, Onbase, Dispatcher Phoenix, Open Bee Scan, eCopy, Document navigator, Komi scan, Autostore etc.
A109: Changed | E109: ITS BPS | G109: Business Process Services improve customer’s business critical processes、EX) ERP, CRM, BI, etc. (Refer Note1)
A110: Changed
A111: Changed | D111: DWP Business Type | F111: Product (one-off) | G111: One time product sales including software and hardware
A112: Changed | F112: Product (Recurring) | G112: Recurring type of procurement such as software/hardware annual support by 3rd vendor
A113: Changed | F113: Service (Project) | G113: One time professional services such as consultation, implementation or training
A114: Changed | F114: Service (Recurring) | G114: Anything sold as-a-service Maintenance services (Monthly/quarterly/Annual),
C116: Common fields for all BU
D117: Material Cost | G117: This fields require the cost related to Toner, Parts and Consumables used during the service for products in field.
G118: Please enter both total of the following:
G119: Cost of goods that engineer use at customers
G120: Cost of goods that sent directly to customers
G121: Please enter by each business unit and by direct / indirect.
D122: Field Service Cost | G122: Wages & Salaries, Travel expenses, Communication fee for Onsite Engineers
E123: included in COGS
D124: Service Desk Cost | G124: Wages & Salaries, Communication fee for Remote Engineers
E125: included in COGS
C127: Headcount
D129: Items | G129: Allocation method
D130: Full-Time Employees / Temporary Transfer from Other Company | G130: This is the same as Stravis definition. Include "Full-Time Employees" and "Temporary Transfer from Other Company" 1) Please enter the number of employees whose personnel cost is borne by your company. 2) Please do NOT include "Transferred To Other Company" in "Full-Time." 3) Please do NOT include directors, employees on long-term leave, employees who resigned on the end of the period. 4) Those who are re-employed by consolidated company upon resigning the original company on the end of the period should be counted as employees at original company.
D131: Semi-Full-Time/Part-Time Employees /Contractors | G131: Include "Semi-Full-Time/Part-Time Employees" and "Contractors"
C133: Headcount allocation bases by SBU
D135: Items | G135: Allocation method
D136: Dedicated employee | G136: Direct charge to SBU
D137: Common function employee | G137: Charge by annual sales ratio allocation bases to BU. Allocation% should be same for each month in FY18
D138: Non-dedicated (concurrent post) employee | G138: Charge to main SBU
C140: SGA allocation bases by SBU
D142: Items | G142: Allocation method
D143: Wages & Salaries | F143: Dedicated employee | G143: Direct charge to SBU
F144: Common function | G144: This is the same as allocation method with FY20 original plan. Charge by annual sales ratio allocation bases to BU. Allocation% should be same for each month in FY20
F145: Non-dedicated employee | G145: This is the same as allocation method with FY20 original plan. Charge by annual sales ratio allocation bases to BU. Allocation% should be same for each month in FY20
D146: Other Expenses | F146: Direct chargeable cost | G146: Direct charge to SBU
F147: Non-direct chargeable cost | G147: This is the same as allocation method with FY20 original plan. Charge by annual sales ratio allocation bases to BU. Allocation% should be same for each month in FY20
D148: DWP) SGA allocation bases by Service Line in ITS & WPH
D149: Direct chargeable cost | G149: Direct charge to Service Line (IMS, MCS…)
D150: Non-direct chargeable cost | G150: Charge by annual sales ratio allocation bases to Service Line. Allocation% should be same for each month in FY20
C152: Service Headcount Definition
D154: Items | G154: Definition
C155: Service Total | G155: -
D156: Onsite Engineer | G156: Technicians who visit customers and maintain machines.
D157: Remote Engineer | G157: Remote technician, 1st and 2nd level call agent, catch & dispatch
D158: Technical support | G158: Product specialists, Problem manager
D159: Dealer(Indirect) support | G159: Dealer(Indirect) support
D160: Administration/Others | G160: District/Regional Service Managers, other
A162: New | C162: One Rate
A163: New
A164: New | D164: Items | G164: Definition
A165: New | C165: One Rate | G165: Offer a single bundled and fixed rate Invoice (not only traditional MFP hardware and service, but also unlimited value added KM services such as ECM, MIT etc. for the future)
A166: New | C166: Free to Fee
A167: New
A168: New | D168: Items | G168: Definition
A169: New | C169: Free to Fee | G169: Initiatives to secure revenue by firmly charging services that were previously offered free of charge except for click charge. Service items may vary depending on the region. Please refer to the examples as below:
A170: New | F170: Invoice Fee | G170: Invoice / Administration fee to handle/generate invoice(both Paper based and Electric based included)
...

Sheet Confirmation Sheet(optional)
B4: ='PL,HC,INV'!E4 -> FY2020 Monthly Actual ver1.0 | J4: Input fields | L4: This sheet includes BT(6BU), BIC, Mobotix and DM.
L5: This is optional sheet. Please use it if you want to confirm the whole value including another segments( BIC, Mobotix, DM).
B7: 1. P/L - Overview（Include BIC, Mobotix and DM)
B8: 1-1. P/L Statement | L8: ='PL,HC,INV'!P10 -> 43922 | M8: ='PL,HC,INV'!Q10 -> 43952 | N8: ='PL,HC,INV'!R10 -> 43983 | O8: ='PL,HC,INV'!S10 -> 44013 | P8: ='PL,HC,INV'!T10 -> 44044 | Q8: ='PL,HC,INV'!U10 -> 44075 | R8: ='PL,HC,INV'!V10 -> 44105 | S8: ='PL,HC,INV'!W10 -> 44136 | ... AD8: ='PL,HC,INV'!AH10 -> Yr.
B9: 1-1. P/L Statement | C9: (0) Total | D9: Net Sales | L9: ='PL,HC,INV'!P11+L36+L52+L68 -> 18167 | M9: ='PL,HC,INV'!Q11+M36+M52+M68 -> 259915 | N9: ='PL,HC,INV'!R11+N36+N52+N68 -> 353593 | O9: ='PL,HC,INV'!S11+O36+O52+O68 -> 362129 | P9: ='PL,HC,INV'!T11+P36+P52+P68 -> 372500 | Q9: ='PL,HC,INV'!U11+Q36+Q52+Q68 -> 529878 | R9: ='PL,HC,INV'!V11+R36+R52+R68 -> 531688 | S9: ='PL,HC,INV'!W11+S36+S52+S68 -> 510841 | ... W9: ='PL,HC,INV'!AA11+W36+W52+W68 -> 699331 | X9: =SUM(L9:N9) -> 631675 | Y9: =SUM(O9:Q9) -> 1264507 | Z9: =SUM(R9:T9) -> 1674784 | AA9: =SUM(U9:W9) -> 1918080 | AB9: =X9+Y9 -> 1896182 | AC9: =AA9+Z9 -> 3592864 | AD9: =AB9+AC9 -> 5489046
A10: New | C10: (0) Total | D10: Consolidated Sales | H10: (Excludes Sales to KM-Gr. Companies) | L10: ='PL,HC,INV'!P12+L37+L53+L69 -> 18167 | M10: ='PL,HC,INV'!Q12+M37+M53+M69 -> 259915 | N10: ='PL,HC,INV'!R12+N37+N53+N69 -> 353593 | O10: ='PL,HC,INV'!S12+O37+O53+O69 -> 362129 | P10: ='PL,HC,INV'!T12+P37+P53+P69 -> 372500 | Q10: ='PL,HC,INV'!U12+Q37+Q53+Q69 -> 529878 | R10: ='PL,HC,INV'!V12+R37+R53+R69 -> 531688 | S10: ='PL,HC,INV'!W12+S37+S53+S69 -> 510841 | ... W10: ='PL,HC,INV'!AA12+W37+W53+W69 -> 699331 | X10: =SUM(L10:N10) -> 631675 | Y10: =SUM(O10:Q10) -> 1264507 | Z10: =SUM(R10:T10) -> 1674784 | AA10: =SUM(U10:W10) -> 1918080 | AB10: =X10+Y10 -> 1896182 | AC10: =AA10+Z10 -> 3592864 | AD10: =AB10+AC10 -> 5489046
B11: 1-1. P/L Statement | C11: (0) Total | D11: Cost of Sales | L11: =L9-L12 -> 27530 | M11: =M9-M12 -> 164839 | N11: =N9-N12 -> 236848 | O11: =O9-O12 -> 236354 | P11: =P9-P12 -> 247979 | Q11: =Q9-Q12 -> 368680 | R11: =R9-R12 -> 332957 | S11: =S9-S12 -> 342066 | ... W11: =W9-W12 -> 396439 | X11: =SUM(L11:N11) -> 429217 | Y11: =SUM(O11:Q11) -> 853013 | Z11: =SUM(R11:T11) -> 1091035 | AA11: =SUM(U11:W11) -> 1181672 | AB11: =X11+Y11 -> 1282230 | AC11: =AA11+Z11 -> 2272707 | AD11: =AB11+AC11 -> 3554937
B12: 1-1. P/L Statement | C12: (0) Total | D12: Gross Profit | L12: ='PL,HC,INV'!P14+L38+L54+L70 -> -9363 | M12: ='PL,HC,INV'!Q14+M38+M54+M70 -> 95076 | N12: ='PL,HC,INV'!R14+N38+N54+N70 -> 116745 | O12: ='PL,HC,INV'!S14+O38+O54+O70 -> 125775 | P12: ='PL,HC,INV'!T14+P38+P54+P70 -> 124521 | Q12: ='PL,HC,INV'!U14+Q38+Q54+Q70 -> 161198 | R12: ='PL,HC,INV'!V14+R38+R54+R70 -> 198731 | S12: ='PL,HC,INV'!W14+S38+S54+S70 -> 168775 | ... W12: ='PL,HC,INV'!AA14+W38+W54+W70 -> 302892 | X12: =SUM(L12:N12) -> 202458 | Y12: =SUM(O12:Q12) -> 411494 | Z12: =SUM(R12:T12) -> 583749 | AA12: =SUM(U12:W12) -> 736408 | AB12: =X12+Y12 -> 613952 | AC12: =AA12+Z12 -> 1320157 | AD12: =AB12+AC12 -> 1934109
B13: 1-1. P/L Statement | C13: (0) Total | D13: Gross Profit | K13: (%) | L13: =IFERROR(L12/L9,0) -> -0.51538504 | M13: =IFERROR(M12/M9,0) -> 0.36579651 | N13: =IFERROR(N12/N9,0) -> 0.33016774 | O13: =IFERROR(O12/O9,0) -> 0.34732098 | P13: =IFERROR(P12/P9,0) -> 0.33428456 | Q13: =IFERROR(Q12/Q9,0) -> 0.3042172 | R13: =IFERROR(R12/R9,0) -> 0.37377372 | S13: =IFERROR(S12/S9,0) -> 0.33038656 | ... AD13: =IFERROR(AD12/AD9,0) -> 0.35235795
B14: 1-1. P/L Statement | C14: (0) Total | D14: SGA Expenses | L14: =L16+L17+L18 -> 103432 | M14: =M16+M17+M18 -> 107632 | N14: =N16+N17+N18 -> 138078 | O14: =O16+O17+O18 -> 114850 | P14: =P16+P17+P18 -> 117906 | Q14: =Q16+Q17+Q18 -> 140021 | R14: =R16+R17+R18 -> 160237 | S14: =S16+S17+S18 -> 131337 | ... W14: =W16+W17+W18 -> 95415 | X14: =SUM(L14:N14) -> 349142 | Y14: =SUM(O14:Q14) -> 372777 | Z14: =SUM(R14:T14) -> 439687 | AA14: =SUM(U14:W14) -> 365597 | AB14: =X14+Y14 -> 721919 | AC14: =AA14+Z14 -> 805284 | AD14: =AB14+AC14 -> 1527203
B15: 1-1. P/L Statement | C15: (0) Total | D15: SGA Expenses | K15: (%) | L15: =IFERROR(L14/L9,0) -> 5.6934001 | M15: =IFERROR(M14/M9,0) -> 0.41410461 | N15: =IFERROR(N14/N9,0) -> 0.39049981 | O15: =IFERROR(O14/O9,0) -> 0.31715218 | P15: =IFERROR(P14/P9,0) -> 0.31652617 | Q15: =IFERROR(Q14/Q9,0) -> 0.26425139 | R15: =IFERROR(R14/R9,0) -> 0.30137411 | S15: =IFERROR(S14/S9,0) -> 0.25709957 | ... AD15: =IFERROR(AD14/AD9,0) -> 0.2782274
B16: 1-1. P/L Statement | C16: (0) Total | D16: SGA Expenses | E16: Variable Expenses | L16: ='PL,HC,INV'!P18+L41+L57+L73 -> 13639 | M16: ='PL,HC,INV'!Q18+M41+M57+M73 -> 18974 | N16: ='PL,HC,INV'!R18+N41+N57+N73 -> 25994 | O16: ='PL,HC,INV'!S18+O41+O57+O73 -> 23384 | P16: ='PL,HC,INV'!T18+P41+P57+P73 -> 24835 | Q16: ='PL,HC,INV'!U18+Q41+Q57+Q73 -> 30100 | R16: ='PL,HC,INV'!V18+R41+R57+R73 -> 42417 | S16: ='PL,HC,INV'!W18+S41+S57+S73 -> 29605 | ... W16: ='PL,HC,INV'!AA18+W41+W57+W73 -> 4828 | X16: =SUM(L16:N16) -> 58607 | Y16: =SUM(O16:Q16) -> 78319 | Z16: =SUM(R16:T16) -> 126338 | AA16: =SUM(U16:W16) -> 70133 | AB16: =X16+Y16 -> 136926 | AC16: =AA16+Z16 -> 196471 | AD16: =AB16+AC16 -> 333397
B17: 1-1. P/L Statement | C17: (0) Total | D17: SGA Expenses | E17: Wages & Salaries | L17: ='PL,HC,INV'!P19+L42+L58+L74 -> 54778 | M17: ='PL,HC,INV'!Q19+M42+M58+M74 -> 54753 | N17: ='PL,HC,INV'!R19+N42+N58+N74 -> 51737 | O17: ='PL,HC,INV'!S19+O42+O58+O74 -> 54950 | P17: ='PL,HC,INV'!T19+P42+P58+P74 -> 55517 | Q17: ='PL,HC,INV'!U19+Q42+Q58+Q74 -> 59980 | R17: ='PL,HC,INV'!V19+R42+R58+R74 -> 58334 | S17: ='PL,HC,INV'!W19+S42+S58+S74 -> 53481 | ... W17: ='PL,HC,INV'!AA19+W42+W58+W74 -> 68350 | X17: =SUM(L17:N17) -> 161268 | Y17: =SUM(O17:Q17) -> 170447 | Z17: =SUM(R17:T17) -> 156005 | AA17: =SUM(U17:W17) -> 176509 | AB17: =X17+Y17 -> 331715 | AC17: =AA17+Z17 -> 332514 | AD17: =AB17+AC17 -> 664229
B18: 1-1. P/L Statement | C18: (0) Total | D18: SGA Expenses | E18: Fixed Expenses | L18: ='PL,HC,INV'!P20+L43+L59+L75 -> 35015 | M18: ='PL,HC,INV'!Q20+M43+M59+M75 -> 33905 | N18: ='PL,HC,INV'!R20+N43+N59+N75 -> 60347 | O18: ='PL,HC,INV'!S20+O43+O59+O75 -> 36516 | P18: ='PL,HC,INV'!T20+P43+P59+P75 -> 37554 | Q18: ='PL,HC,INV'!U20+Q43+Q59+Q75 -> 49941 | R18: ='PL,HC,INV'!V20+R43+R59+R75 -> 59486 | S18: ='PL,HC,INV'!W20+S43+S59+S75 -> 48251 | ... W18: ='PL,HC,INV'!AA20+W43+W59+W75 -> 22237 | X18: =SUM(L18:N18) -> 129267 | Y18: =SUM(O18:Q18) -> 124011 | Z18: =SUM(R18:T18) -> 157344 | AA18: =SUM(U18:W18) -> 118955 | AB18: =X18+Y18 -> 253278 | AC18: =AA18+Z18 -> 276299 | AD18: =AB18+AC18 -> 529577
B19: 1-1. P/L Statement | C19: (0) Total | D19: Business Contribution Profit | L19: =L12-L14 -> -112795 | M19: =M12-M14 -> -12556 | N19: =N12-N14 -> -21333 | O19: =O12-O14 -> 10925 | P19: =P12-P14 -> 6615 | Q19: =Q12-Q14 -> 21177 | R19: =R12-R14 -> 38494 | S19: =S12-S14 -> 37438 | ... W19: =W12-W14 -> 207477 | X19: =SUM(L19:N19) -> -146684 | Y19: =SUM(O19:Q19) -> 38717 | Z19: =SUM(R19:T19) -> 144062 | AA19: =SUM(U19:W19) -> 370811 | AB19: =X19+Y19 -> -107967 | AC19: =AA19+Z19 -> 514873 | AD19: =AB19+AC19 -> 406906
B20: 1-1. P/L Statement | C20: (0) Total | D20: Business Contribution Profit | K20: (%) | L20: =IFERROR(L19/L9,0) -> -6.2087852 | M20: =IFERROR(M19/M9,0) -> -0.048308101 | N20: =IFERROR(N19/N9,0) -> -0.060332077 | O20: =IFERROR(O19/O9,0) -> 0.030168807 | P20: =IFERROR(P19/P9,0) -> 0.017758389 | Q20: =IFERROR(Q19/Q9,0) -> 0.039965803 | R20: =IFERROR(R19/R9,0) -> 0.072399603 | S20: =IFERROR(S19/S9,0) -> 0.073286991 | ... AD20: =IFERROR(AD19/AD9,0) -> 0.07413055
B21: 1-1. P/L Statement | C21: (0) Total | D21: Other Income | L21: ='PL,HC,INV'!P23+L46+L62+L78 -> 125 | M21: ='PL,HC,INV'!Q23+M46+M62+M78 -> 716 | N21: ='PL,HC,INV'!R23+N46+N62+N78 -> 1510 | O21: ='PL,HC,INV'!S23+O46+O62+O78 -> 2211 | P21: ='PL,HC,INV'!T23+P46+P62+P78 -> 1417 | Q21: ='PL,HC,INV'!U23+Q46+Q62+Q78 -> 1629 | R21: ='PL,HC,INV'!V23+R46+R62+R78 -> 832 | S21: ='PL,HC,INV'!W23+S46+S62+S78 -> 2656 | ... W21: ='PL,HC,INV'!AA23+W46+W62+W78 -> 31626 | X21: =SUM(L21:N21) -> 2351 | Y21: =SUM(O21:Q21) -> 5257 | Z21: =SUM(R21:T21) -> 5445 | AA21: =SUM(U21:W21) -> 37639 | AB21: =X21+Y21 -> 7608 | AC21: =AA21+Z21 -> 43084 | AD21: =AB21+AC21 -> 50692
B22: 1-1. P/L Statement | C22: (0) Total | D22: Other Expenses | L22: ='PL,HC,INV'!P24+L47+L63+L79 -> 0 | M22: ='PL,HC,INV'!Q24+M47+M63+M79 -> 0 | N22: ='PL,HC,INV'!R24+N47+N63+N79 -> 0 | O22: ='PL,HC,INV'!S24+O47+O63+O79 -> 0 | P22: ='PL,HC,INV'!T24+P47+P63+P79 -> 0 | Q22: ='PL,HC,INV'!U24+Q47+Q63+Q79 -> 0 | R22: ='PL,HC,INV'!V24+R47+R63+R79 -> 0 | S22: ='PL,HC,INV'!W24+S47+S63+S79 -> 0 | ... W22: ='PL,HC,INV'!AA24+W47+W63+W79 -> 35000 | X22: =SUM(L22:N22) -> 0 | Y22: =SUM(O22:Q22) -> 0 | Z22: =SUM(R22:T22) -> 0 | AA22: =SUM(U22:W22) -> 35000 | AB22: =X22+Y22 -> 0 | AC22: =AA22+Z22 -> 35000 | AD22: =AB22+AC22 -> 35000
B23: 1-1. P/L Statement | C23: (0) Total | D23: Operating Profit | L23: =L19+L21-L22 -> -112670 | M23: =M19+M21-M22 -> -11840 | N23: =N19+N21-N22 -> -19823 | O23: =O19+O21-O22 -> 13136 | P23: =P19+P21-P22 -> 8032 | Q23: =Q19+Q21-Q22 -> 22806 | R23: =R19+R21-R22 -> 39326 | S23: =S19+S21-S22 -> 40094 | ... W23: =W19+W21-W22 -> 204103 | X23: =SUM(L23:N23) -> -144333 | Y23: =SUM(O23:Q23) -> 43974 | Z23: =SUM(R23:T23) -> 149507 | AA23: =SUM(U23:W23) -> 373450 | AB23: =X23+Y23 -> -100359 | AC23: =AA23+Z23 -> 522957 | AD23: =AB23+AC23 -> 422598
B24: 1-1. P/L Statement | C24: (0) Total | D24: Operating Profit | K24: (%) | L24: =IFERROR(L23/L9,0) -> -6.2019046 | M24: =IFERROR(M23/M9,0) -> -0.045553354 | N24: =IFERROR(N23/N9,0) -> -0.05606163 | O24: =IFERROR(O23/O9,0) -> 0.036274366 | P24: =IFERROR(P23/P9,0) -> 0.021562416 | Q24: =IFERROR(Q23/Q9,0) -> 0.043040096 | R24: =IFERROR(R23/R9,0) -> 0.07396443 | S24: =IFERROR(S23/S9,0) -> 0.078486261 | ... AD24: =IFERROR(AD23/AD9,0) -> 0.076989335
B25: 1-1. P/L Statement | C25: (0) Total | D25: Financial Income (Expenses), net | L25: =L26-L27 -> 9974 | M25: =M26-M27 -> 7872 | N25: =N26-N27 -> 3010 | O25: =O26-O27 -> 5505 | P25: =P26-P27 -> 5272 | Q25: =Q26-Q27 -> 1582 | R25: =R26-R27 -> 6524 | S25: =S26-S27 -> 6201 | ... W25: =W26-W27 -> 11823 | X25: =SUM(L25:N25) -> 20856 | Y25: =SUM(O25:Q25) -> 12359 | Z25: =SUM(R25:T25) -> 15669 | AA25: =SUM(U25:W25) -> 18445 | AB25: =X25+Y25 -> 33215 | AC25: =AA25+Z25 -> 34114 | AD25: =AB25+AC25 -> 67329
B26: 1-1. P/L Statement | C26: (0) Total | D26: Financial Income | E26: Financial Income | L26: ='PL,HC,INV'!P28 -> 9974 | M26: ='PL,HC,INV'!Q28 -> 8172 | N26: ='PL,HC,INV'!R28 -> 7112 | O26: ='PL,HC,INV'!S28 -> 5679 | P26: ='PL,HC,INV'!T28 -> 5272 | Q26: ='PL,HC,INV'!U28 -> 5582 | R26: ='PL,HC,INV'!V28 -> 6524 | S26: ='PL,HC,INV'!W28 -> 6678 | ... W26: ='PL,HC,INV'!AA28 -> 14218 | X26: =SUM(L26:N26) -> 25258 | Y26: =SUM(O26:Q26) -> 16533 | Z26: =SUM(R26:T26) -> 19827 | AA26: =SUM(U26:W26) -> 20847 | AB26: =X26+Y26 -> 41791 | AC26: =AA26+Z26 -> 40674 | AD26: =AB26+AC26 -> 82465
B27: 1-1. P/L Statement | C27: (0) Total | D27: Financial Expenses | E27: Financial Expenses | L27: ='PL,HC,INV'!P29 -> 0 | M27: ='PL,HC,INV'!Q29 -> 300 | N27: ='PL,HC,INV'!R29 -> 4102 | O27: ='PL,HC,INV'!S29 -> 174 | P27: ='PL,HC,INV'!T29 -> 0 | Q27: ='PL,HC,INV'!U29 -> 4000 | R27: ='PL,HC,INV'!V29 -> 0 | S27: ='PL,HC,INV'!W29 -> 477 | ... W27: ='PL,HC,INV'!AA29 -> 2395 | X27: =SUM(L27:N27) -> 4402 | Y27: =SUM(O27:Q27) -> 4174 | Z27: =SUM(R27:T27) -> 4158 | AA27: =SUM(U27:W27) -> 2402 | AB27: =X27+Y27 -> 8576 | AC27: =AA27+Z27 -> 6560 | AD27: =AB27+AC27 -> 15136
B28: 1-1. P/L Statement | C28: (0) Total | D28: Profit before Taxes | L28: =L23+L25 -> -102696 | M28: =M23+M25 -> -3968 | N28: =N23+N25 -> -16813 | O28: =O23+O25 -> 18641 | P28: =P23+P25 -> 13304 | Q28: =Q23+Q25 -> 24388 | R28: =R23+R25 -> 45850 | S28: =S23+S25 -> 46295 | ... W28: =W23+W25 -> 215926 | X28: =SUM(L28:N28) -> -123477 | Y28: =SUM(O28:Q28) -> 56333 | Z28: =SUM(R28:T28) -> 165176 | AA28: =SUM(U28:W28) -> 391895 | AB28: =X28+Y28 -> -67144 | AC28: =AA28+Z28 -> 557071 | AD28: =AB28+AC28 -> 489927
B29: 1-1. P/L Statement | C29: (0) Total | D29: Tax Expenses & Others | L29: =L28*25.17% -> -25848.583 | M29: =M28*25.17% -> -998.7456 | N29: =N28*25.17% -> -4231.8321 | O29: =O28*25.17% -> 4691.9397 | P29: =P28*25.17% -> 3348.6168 | Q29: =Q28*25.17% -> 6138.4596 | R29: =R28*25.17% -> 11540.445 | S29: =S28*25.17% -> 11652.452 | ... W29: =W28*25.17% -> 54348.574 | X29: =SUM(L29:N29) -> -31079.161 | Y29: =SUM(O29:Q29) -> 14179.016 | Z29: =SUM(R29:T29) -> 41574.799 | AA29: =SUM(U29:W29) -> 98639.972 | AB29: =X29+Y29 -> -16900.145 | AC29: =AA29+Z29 -> 140214.77 | AD29: =AB29+AC29 -> 123314.63
B30: 1-1. P/L Statement | C30: (0) Total | D30: Net Profit | L30: =L28-L29 -> -76847.417 | M30: =M28-M29 -> -2969.2544 | N30: =N28-N29 -> -12581.168 | O30: =O28-O29 -> 13949.06 | P30: =P28-P29 -> 9955.3832 | Q30: =Q28-Q29 -> 18249.54 | R30: =R28-R29 -> 34309.555 | S30: =S28-S29 -> 34642.548 | ... W30: =W28-W29 -> 161577.43 | X30: =SUM(L30:N30) -> -92397.839 | Y30: =SUM(O30:Q30) -> 42153.984 | Z30: =SUM(R30:T30) -> 123601.2 | AA30: =SUM(U30:W30) -> 293255.03 | AB30: =X30+Y30 -> -50243.855 | AC30: =AA30+Z30 -> 416856.23 | AD30: =AB30+AC30 -> 366612.37
B31: 1-1. P/L Statement | C31: (0) Total | D31: Net Profit | K31: (%) | L31: =IFERROR(L30/L9,0) -> -4.2300554 | M31: =IFERROR(M30/M9,0) -> -0.011423944 | N31: =IFERROR(N30/N9,0) -> -0.03558093 | O31: =IFERROR(O30/O9,0) -> 0.038519589 | P31: =IFERROR(P30/P9,0) -> 0.026725861 | Q31: =IFERROR(Q30/Q9,0) -> 0.034441023 | R31: =IFERROR(R30/R9,0) -> 0.064529489 | S31: =IFERROR(S30/S9,0) -> 0.067814738 | ... AD31: =IFERROR(AD30/AD9,0) -> 0.066789816
B32: 1-1. P/L Statement | C32: (0) Total
B34: 1-2. P/L Statement by BU
C35: (1) BIC
D36: Net Sales | X36: =SUM(L36:N36) -> 0 | Y36: =SUM(O36:Q36) -> 0 | Z36: =SUM(R36:T36) -> 0 | AA36: =SUM(U36:W36) -> 0 | AB36: =X36+Y36 -> 0 | AC36: =AA36+Z36 -> 0 | AD36: =AB36+AC36 -> 0
